Workbook
Name Prix: Prix_CECPA!$A$2:$B$10
Name Prix_Titre: Prix_CECPA!$A$2:$B$2
Name Rend: Rendements_CECPA!$A$2:$B$10
Name Rend_Titre: Rendements_CECPA!$A$2:$B$2

Sheet GuideUtilisation
A1: OBJECTIFS
A2: Cet outil documente plusieurs types de marges bénéficiaires attendus selon la rotation employée. Cet outil se veut une aide à la décision pour le producteur agricole.
A4: DESCRIPTION DES ONGLETS
A5: Saisie | B5: Cet onglet permet de modifier les données initiales de l'entreprise agricole, notamment quant aux prix et aux rendements des différentes cultures. Le producteur peut donc inscrire ses propres prix et le rendement attendu dans les colonnes "Vos prix" et "Vos rendements". Si votre exploitation ne cultive pas cette production, ne rien inscrire dans la colonne "Vos rendements". L'outil considère des gains agronomiques liés à la diversification de la rotation et à l'ajout d'une culture de couverture. Vous pouvez inscrire les gains agronomiques attendus liés à la diversification de la rotation dans la colonne "Vos gains agronomiques". De plus, nous considérons que la culture de couverture permet de compenser pour la fertilisation azotée. Vous pouvez inscrire la compensation azotée attendue dans vos champs. Enfin, cet outil prend en compte que les gains provenant de la diversification de la rotation et de l'ajout de culture de couverture n'est pas instantanné. Ainsi, l'outil permet d'ajuster la portion des gains agronomiques attendus suite au premier cycle de rotation des cultures.
A6: Maïs-grain / Soya / Orge / Avoine / Blé d'automne / Blé de printemps / Seigle / Seigle hybride | B6: Cet onglet présente les modèles utilisés pour générer les coûts de production des cultures. L'utilisateur peut modifier les coûts pour refléter sa situation. Si un poste de dépenses ou de revenus n'est pas modifié par l'utilisateur, le modèle sélectionnera la donnée inscrite dans la région centrale ou périphérique.
A7: Gains agronomiques | B7: Cet onglet présente les différents gains agronomiques attendus lors de la diversification de la rotation et l'ajout de cultures de couverture. Ces données devront être mises à jour périodiquement.
A8: Cultures de couverture | B8: Cet onglet présente les coûts relatifs à la cultures de couverture.
A9: ASRA_Calculs | B9: Le modèle retient les données de l'ASRA pour calculer le prix minimal attendu par le producteur agricole. Les données de cet onglet devront être mis à jour annuellement.
A10: Rendements_CECPA / Prix_CECPA | B10: Ces onglets présentent les rendements et prix utilisés par le modèle. Ces données devront être mises à jour périodiquement.
A11: Intermédiaire_Prod-Résultats | B11: Cet onglet lie les données inscrites par l'usager et les résultats.
A12: Résultats détaillés | B12: Cet onglet présente les résultats des marges bénéficiaires brutes, des marges monétaires et des marges nettes pour différentes rotations. Les résultats sont divisés entre ceux obtenus par le modèle (bleu) et ceux incorporant les modifications effectuées par l'usager (orange).
A13: Résultats sommaires | B13: Cet onglet présente les résultats des marges bénéficiaires brutes, des marges monétaires et des marges nettes selon les différents cycles de rotations. Les résultats sont divisés entre ceux obtenus par le modèle (bleu) et ceux incorporant les modifications effectuées par l'usager (orange). Il s'agit d'une récapitulation des résultats.
A15: LIMITES
A16: Il est à noter que cet outil est un outil d'aide à la décision et il doit être utiliser uniquement en ce sens. Avant de prendre des décisions de production, nous recommandons à ce que le producteur consulte son agronome-conseil pour prendre en compte tous les facteurs spécifiques à son entreprise agricole. Toutes décisions prises par les producteurs à l'aide de cet outil sont la responsabilité du producteur agricole et n'engage en aucun cas le groupe Concertation Grains Québec et les auteurs de l'outil.
A18: CONTACTS
A19: Marlène Thiboutot, Concertation Grains Québec.
A20: marlenethiboutot@concertationgrainsquebec.ca
A22: CONCEPTEURS
A23: Le présent outil est la propriété de Lota D. Tamini et de Philippe Leriche. Les propriétaires autorisent le groupe Concertation Grains Québec à diffuser l'outil, mais n'autorisent pas la commercialisation de celui-ci. Toutes autres diffusions ou commercialisations ne peuvent se faire sans l'autorisation écrites de ses propriétaires.

Sheet Saisies
A1: RÉGION | B1: Centrale
A2: TYPE DE RÉGIE | B2: Conventionnelle
A4: RENDEMENT
A5: Le modèle utilise les rendements ci-dessous pour la région sélectionnée. Si les rendements présents ne reflètent pas ceux observés sur votre ferme, nous vous invitons à les indiquer dans la colonne inscrite à cet effet. Si votre exploitation ne produit pas cette culture, ne rien inscrire dans la colonne.
B6: Rendements utilisés par le modèle (t/ha)
B7: Rendements associés à la région | C7: Vos rendements
A8: Maïs-grain | B8: =Rendements_CECPA!B3 -> 10.9
A9: Soya | B9: =Rendements_CECPA!B4 -> 3.9
A10: Orge | B10: =Rendements_CECPA!B5 -> 3.8
A11: Avoine | B11: =Rendements_CECPA!B6 -> 2.8
A12: Blé de printemps panifiable | B12: =Rendements_CECPA!B8 -> 3.6
A13: Blé d'automne panifiable | B13: =Rendements_CECPA!B7 -> 4.5
A14: Seigle | B14: =Rendements_CECPA!B9 -> 3.2
A15: Seigle hybride d'automne | B15: =Rendements_CECPA!B10 -> 5.5
A17: PRIX
A18: Le modèle utilise les prix ci-dessous. Si les prix présents ne reflètent pas ceux observés sur votre ferme, nous vous invitons à les indiquer dans la colonne inscrite à cet effet. Si votre exploitation ne produit pas cette culture, ne rien inscrire dans la colonne.
B19: Prix utilisés par le modèle ($/t)
B20: Prix associés à la région | C20: Vos prix
A21: Maïs-grain | B21: =Prix_CECPA!B3 -> 341
A22: Soya | B22: =Prix_CECPA!B4 -> 580
A23: Orge | B23: =Prix_CECPA!B5 -> 275
A24: Avoine | B24: =Prix_CECPA!B6 -> 278
A25: Blé de printemps panifiable | B25: =Prix_CECPA!B8 -> 366
A26: Blé d'automne panifiable | B26: =Prix_CECPA!B7 -> 366
A27: Seigle | B27: =Prix_CECPA!B9 -> 275
A28: Seigle hybride d'automne | B28: =Prix_CECPA!B10 -> 275
A30: GAINS AGRONOMIQUES DE LA ROTATION ET CULTURES DE COUVERTURE
A31: Le modèle utilise les gains agronomiques1 ci-dessous. Si ces gains ne reflètent pas ceux observés sur votre ferme, nous vous invitons à les indiquer dans la colonne inscrite à cet effet. Si votre exploitation ne produit pas cette culture, ne rien inscrire dans la colonne. Si aucunes cultures de couverture ou engrais verts ne sont considérés par votre entreprise, inscrire 0 dans la case de gains azotée prévue à cet effet.
B33: Cultures de couverture
A34: Présence de cultures de couverture | B34: Oui
B37: Gains de rendement
B38: Gains de rendement | C38: Vos gains de rendement
A39: Maïs-grain | B39: =IF(B34="Oui",12%,11%) -> 0.12
A40: Soya | B40: 0.1
A41: Orge | B41: =IF($B$34="Oui",11%,0%) -> 0.11
A42: Avoine | B42: =IF($B$34="Oui",11%,0%) -> 0.11
A43: Blé de printemps panifiable | B43: =IF($B$34="Oui",11%,0%) -> 0.11
A44: Blé d'automne panifiable | B44: =IF($B$34="Oui",11%,0%) -> 0.11
A45: Seigle | B45: =IF($B$34="Oui",11%,0%) -> 0.11
A46: Seigle hybride d'automne | B46: =IF($B$34="Oui",11%,0%) -> 0.11
B48: Gains azotés
B49: Gains azotés | C49: Vos gains azoté
A50: Unités d'azote | B50: =IF(B34="Oui",50,0) -> 50
A51: Coût unitaire de l'azote | B51: =ROUND((985/1000)/0.46,2) -> 2.14
A53: 1. Les gains agronomiques considérés dans ce modèle correspondent à l'augmentation de rendement attendu par la diversification des rotations et l'ajout d'une culture de couverture et à nombre d'unités d'azote fourni par la culture de couverture.
A55: GAINS PROGRESSIFS
A56: Le modèle considère que les gains agronomiques attendus ne seront pas perçus lors du premier cycle de rotation puisqu'il y a une courbe d'apprentissage lorsque l'on se familiarise avec une nouvelle technique et pour prendre en compte l'amélioration progressive de la terre. Le modèle considère donc des portions des gains agronomiques présentés ici. Si ces gains ne reflètent pas ceux observés sur votre ferme, nous vous invitons à les indiquer dans la colonne inscrite à cet effet.
B57: % de gains agronomiques lors de la première rotation
B58: % de gains agronomiques | C58: % de gains de votre ferme
A59: Gains agronomiques - Cycle 1 | B59: 0
A60: Gains agronomiques - Cycle 2 | B60: 0.5
A61: Gains agronomiques - Cycle 3 | B61: 1
A63: AUTRES PRATIQUES BÉNÉFIQUES
A64: Cette section vous permet d'inscrire d'autres coûts de pratiques de gestion bénéfiques que vous utilisez sur votre production agricole. Considérez ici tous les coûts et bénéfices enregistrés sur votre entreprise agricole pour une rotation.
B65: Autres coûts
B66: Autres coûts | C66: Vos autres coûts
B67: 0

Sheet Gains agronomiques
A1: Rotation
A2: Année | B2: Lieu | C2: Rotations | D2: Résultats | E2: Sources
A3: 2015 | B3: Guelph, Ontario | C3: A. Monoculture maïs B. Maïs-Maïs-Soya-Soya C. Maïs-Maïs-Luzerne-Luzerne D. Maïs-Maïs-Soya-Blé d'automne E. Maïs-Maïs-Avoine-Orge F. Maïs-Maïs-Soya-Blé d'automne_CC de trèfle rouge dans blé d'automne G. Maïs-Maïs-Avoine_CC de trèfle rouge dans l'avoine-Orge_CC de trèfle rouge dans l'orge | D3: La rotation B n'a aucune différence significative avec la rotation A. La rotation C permet des rendements de maïs 10 % plus élevés. La rotation D n'a aucune différence significative pour le rendement du maïs que la rotation B, mais permet des rendements 14 % plus élevés pour le soya que la rotation B. Les rotations E et F n'ont aucunes différences significatives avec la rotation B. La rotation G permet des rendements de 6 % plus élevés que la rotation B. | E3: Gaudin A.C.M., Tolhurst T.N., Ker A.P., Janovicek K., Tortora C., et al. (2015). Increasing Crop Diversity Mitigates Weather Variations and Improves Yield Stability. Dans Plos One. Vol 10(2). 20 pages.
A4: 2013 | B4: Guelph, Ontario | C4: A. Monoculture maïs B. Maïs-Soya C. Maïs-Soya-Blé d'automne D. Maïs-Soya-Blé d'automne_CC de trèfle rouge dans blé d'automne | D4: La rotation B permet des rendements de maïs entre 5-27 % plus élevée que la monoculture de maïs, et de soya entre 5-17 % plus élevé que la monoculture de soya. La rotation C permet des rendements de maïs de 12 % plus élevé que la rotation B, et des gains de rendements de soya de 10 % plus élevé que la rotation B. L'ajout de trèfle rouge augmente les rendements de 5 %. | E4: Tremblay G. (2016) Bénéfices des rotations en grandes cultures. Drummondville : CÉROM. 42 pages.
A5: 2009 | B5: Pennsylvanie | C5: A. Monoculture maïs B. Maïs-Soya C. 4 X Maïs- 4 X Luzerne D. Maïs-Avoine/Blé- 2 X Trèfle Rouge / Fléole des prés | D5: La rotation C permet des rendement de maïs entre 7 et 12 % plus élevée que la monoculture de maïs.
A6: 2011 | B6: Saint-Hyacinthe et Normandin | C6: A. Monoculture maïs B. Monoculture soya C. Maïs-soya D. Maïs-soya-Blé | D6: La rotation permet des gains de rendements de maïs de 6.8 % lorsqu'il y a labour et de 7.7 % lorsqu'il y a chisel par rapport à la monoculture. La rotation permet des gains de rendement du soya de 6.3 % lorsqu'il y a labour et de 3.5 % lorsqu'il y a chisel par rapport à la monoculture.
A7: 2014 | B7: Beloeil | C7: A. Monoculture de maïs B. Maïs-Soya-Blé C. Maïs-Soya-Blé-3X Prairie D. Prairie | D7: La rotation B permet des gains de rendements du maïs-grain de 14 % par rapport à la monoculture de maïs. La rotation C permet des gains de rendements de maïs-grain de 11 % par rapport à la monoculture de maïs.
A10: Cultures de couverture
A11: Année | B11: Lieu | C11: Cultures de couverture | D11: Résultats | E11: Sources
A12: 2022 | B12: Québec | C12: A. Tous types de cultures de couverture, tout mode d'implantation B. Tous types de cultures de couverture, implantation en dérobé et intercalaire. | D12: Les cultures de couverture en A permettent une augmentation du rendement de maïs de 13 % et des céréales de 22 %. Aucun impact dans le soya. Les cultures de couverture en B permettent une augmentation du rendement de maïs de 11 % et des céréales de 11 %. Aucun impact dans le soya. | E12: Vanasse A., Thibaudeau S. & Weill A. (2022). Guide des cultures de couverture en grandes cultures. Centre de référence en agriculture et agroalimentaire au Québec (CRAAQ). 204 pages.

Sheet Maïs-grain
E1: $/ha | G1: $/ha
E2: Centrale | G2: Vos coûts
A3: PRODUITS
A4: Vente | E4: =Saisies!B8*Saisies!B21 -> 3716.9 | G4: =IF(Saisies!C8="",Saisies!B8,Saisies!C8)*IF(Saisies!C21="",Saisies!B21,Saisies!C21) -> 3716.9 | H4: =IF(G4="","",IF(OR(G4>E4*(1+0.5),G4<E4*(1-0.5)),"La valeur saisie diffère grandement des coûts utilisés dans le modèle. Assurez-vous qu'il ne s'agit pas d'une erreur de saisie",""))
A5: Compensation d'assurance stabilisation | E5: =IF(ASRA_Calculs!$B$2<ASRA_Calculs!$C$2,(ASRA_Calculs!$C$2-ASRA_Calculs!$B$2)*ASRA_Calculs!$D$2,0) -> 0 | G5: =IF(ASRA_Calculs!$B$2<ASRA_Calculs!$C$2,(ASRA_Calculs!$C$2-ASRA_Calculs!$B$2)*ASRA_Calculs!$D$2,0) -> 0 | H5: =IF(G5="","",IF(OR(G5>E5*(1+0.5),G5<E5*(1-0.5)),"La valeur saisie diffère grandement des coûts utilisés dans le modèle. Assurez-vous qu'il ne s'agit pas d'une erreur de saisie",""))
A6: Revenus de sous-produits | E6: 4.21 | H6: =IF(G6="","",IF(OR(G6>E6*(1+0.5),G6<E6*(1-0.5)),"La valeur saisie diffère grandement des coûts utilisés dans le modèle. Assurez-vous qu'il ne s'agit pas d'une erreur de saisie",""))
A7: Agri-Québec et Agri-Investissement | E7: =(E4-E15)*0.042 -> 143.6631 | G7: =(G4-G15)*0.042 -> 156.1098 | H7: =IF(G7="","",IF(OR(G7>E7*(1+0.5),G7<E7*(1-0.5)),"La valeur saisie diffère grandement des coûts utilisés dans le modèle. Assurez-vous qu'il ne s'agit pas d'une erreur de saisie",""))
A8: Autres revenus | E8: 0 | H8: =IF(G8="","",IF(OR(G8>E8*(1+0.5),G8<E8*(1-0.5)),"La valeur saisie diffère grandement des coûts utilisés dans le modèle. Assurez-vous qu'il ne s'agit pas d'une erreur de saisie",""))
A9: Autres revenus | E9: =SUM(E7:E8) -> 143.6631 | G9: =SUM(G7:G8) -> 156.1098
A11: TOTAL PRODUITS | E11: =SUM(E4:E9) -> 4008.4362 | G11: =SUM(G4:G9) -> 4029.1196
A14: FRAIS VARIABLES
A15: Semences | E15: 296.35 | H15: =IF(G15="","",IF(OR(G15>E15*(1+0.5),G15<E15*(1-0.5)),"La valeur saisie diffère grandement des coûts utilisés dans le modèle. Assurez-vous qu'il ne s'agit pas d'une erreur de saisie",""))
A16: Fertilisants | E16: 399.03 | H16: =IF(G16="","",IF(OR(G16>E16*(1+0.5),G16<E16*(1-0.5)),"La valeur saisie diffère grandement des coûts utilisés dans le modèle. Assurez-vous qu'il ne s'agit pas d'une erreur de saisie",""))
A17: Chaulage | E17: 7.31 | H17: =IF(G17="","",IF(OR(G17>E17*(1+0.5),G17<E17*(1-0.5)),"La valeur saisie diffère grandement des coûts utilisés dans le modèle. Assurez-vous qu'il ne s'agit pas d'une erreur de saisie",""))
A18: Pesticides | E18: 60.69 | H18: =IF(G18="","",IF(OR(G18>E18*(1+0.5),G18<E18*(1-0.5)),"La valeur saisie diffère grandement des coûts utilisés dans le modèle. Assurez-vous qu'il ne s'agit pas d'une erreur de saisie",""))
A19: Total des intrants | E19: =SUM(E15:E18) -> 763.38 | G19: =SUM(G15:G18) -> 0
A20: Location de machineries, bâtiments | E20: 7.12 | H20: =IF(G20="","",IF(OR(G20>E20*(1+0.5),G20<E20*(1-0.5)),"La valeur saisie diffère grandement des coûts utilisés dans le modèle. Assurez-vous qu'il ne s'agit pas d'une erreur de saisie",""))
A21: Location de fonds de terre | E21: 125.6 | H21: =IF(G21="","",IF(OR(G21>E21*(1+0.5),G21<E21*(1-0.5)),"La valeur saisie diffère grandement des coûts utilisés dans le modèle. Assurez-vous qu'il ne s'agit pas d'une erreur de saisie",""))
A22: Travaux à forfait | E22: 79.93 | H22: =IF(G22="","",IF(OR(G22>E22*(1+0.5),G22<E22*(1-0.5)),"La valeur saisie diffère grandement des coûts utilisés dans le modèle. Assurez-vous qu'il ne s'agit pas d'une erreur de saisie",""))
A23: Mais-d'oeuvre additionnelle | E23: 94.32 | H23: =IF(G23="","",IF(OR(G23>E23*(1+0.5),G23<E23*(1-0.5)),"La valeur saisie diffère grandement des coûts utilisés dans le modèle. Assurez-vous qu'il ne s'agit pas d'une erreur de saisie",""))
A24: Entretien et réparation machinerie | E24: 119.87 | H24: =IF(G24="","",IF(OR(G24>E24*(1+0.5),G24<E24*(1-0.5)),"La valeur saisie diffère grandement des coûts utilisés dans le modèle. Assurez-vous qu'il ne s'agit pas d'une erreur de saisie",""))
A25: Carburants | E25: 92.68 | H25: =IF(G25="","",IF(OR(G25>E25*(1+0.5),G25<E25*(1-0.5)),"La valeur saisie diffère grandement des coûts utilisés dans le modèle. Assurez-vous qu'il ne s'agit pas d'une erreur de saisie",""))
A26: Gaz propane | D26: =240.09/10.9 -> 22.026606 | E26: =240.09 -> 240.09 | H26: =IF(G26="","",IF(OR(G26>E26*(1+0.5),G26<E26*(1-0.5)),"La valeur saisie diffère grandement des coûts utilisés dans le modèle. Assurez-vous qu'il ne s'agit pas d'une erreur de saisie",""))
A27: Total des frais de machinerie et main-d'oeuvre | E27: =SUM(E20:E26) -> 759.61 | G27: =SUM(G20:G26) -> 0
A28: Électricité | E28: 9.36 | H28: =IF(G28="","",IF(OR(G28>E28*(1+0.5),G28<E28*(1-0.5)),"La valeur saisie diffère grandement des coûts utilisés dans le modèle. Assurez-vous qu'il ne s'agit pas d'une erreur de saisie",""))
A29: Frais de mise en marché | D29: =19.61/10.9 -> 1.7990826 | E29: =19.61/10.9*Saisies!B8 -> 19.61 | H29: =IF(G29="","",IF(OR(G29>E29*(1+0.5),G29<E29*(1-0.5)),"La valeur saisie diffère grandement des coûts utilisés dans le modèle. Assurez-vous qu'il ne s'agit pas d'une erreur de saisie",""))
A30: Intérêts sur emprunt à court terme | E30: 9.24 | H30: =IF(G30="","",IF(OR(G30>E30*(1+0.5),G30<E30*(1-0.5)),"La valeur saisie diffère grandement des coûts utilisés dans le modèle. Assurez-vous qu'il ne s'agit pas d'une erreur de saisie",""))
A31: Total des autres frais directs | E31: =SUM(E28:E30) -> 38.21 | G31: =SUM(G28:G30) -> 0
B32: Sous-total | E32: =E19+E27+E31 -> 1561.2 | G32: =G19+G27+G31 -> 0
H33: =IF(G33="","",IF(OR(G33>E33*(1+0.5),G33<E33*(1-0.5)),"La valeur saisie diffère grandement des coûts utilisés dans le modèle. Assurez-vous qu'il ne s'agit pas d'une erreur de saisie",""))
A34: Contribution d'assurance stabilisation | E34: 0 | H34: =IF(G34="","",IF(OR(G34>E34*(1+0.5),G34<E34*(1-0.5)),"La valeur saisie diffère grandement des coûts utilisés dans le modèle. Assurez-vous qu'il ne s'agit pas d'une erreur de saisie",""))
A35: Contribution aux autres programmes | E35: 8.44 | H35: =IF(G35="","",IF(OR(G35>E35*(1+0.5),G35<E35*(1-0.5)),"La valeur saisie diffère grandement des coûts utilisés dans le modèle. Assurez-vous qu'il ne s'agit pas d'une erreur de saisie",""))
A37: MARGE BÉNÉFICIAIRE APRÈS COÛTS VARIABLES (MARGE VARIABLE) | E37: =E11-(E32+SUM(E34:E35)) -> 2438.7962 | G37: =G11-(G32+SUM(G34:G35)) -> 4029.1196
A39: FRAIS FIXES
A40: Entretien bâtiments et fonds de terre | E40: 29.65 | H40: =IF(G40="","",IF(OR(G40>E40*(1+0.5),G40<E40*(1-0.5)),"La valeur saisie diffère grandement des coûts utilisés dans le modèle. Assurez-vous qu'il ne s'agit pas d'une erreur de saisie",""))
A41: Assurances diverses | E41: 51.08 | H41: =IF(G41="","",IF(OR(G41>E41*(1+0.5),G41<E41*(1-0.5)),"La valeur saisie diffère grandement des coûts utilisés dans le modèle. Assurez-vous qu'il ne s'agit pas d'une erreur de saisie",""))
A42: Taxes foncières | E42: 33.29 | H42: =IF(G42="","",IF(OR(G42>E42*(1+0.5),G42<E42*(1-0.5)),"La valeur saisie diffère grandement des coûts utilisés dans le modèle. Assurez-vous qu'il ne s'agit pas d'une erreur de saisie",""))
A43: Intérêts sur emprunts à moyen et long terme | E43: 86.13 | H43: =IF(G43="","",IF(OR(G43>E43*(1+0.5),G43<E43*(1-0.5)),"La valeur saisie diffère grandement des coûts utilisés dans le modèle. Assurez-vous qu'il ne s'agit pas d'une erreur de saisie",""))
A44: Autres frais | E44: 47.46 | H44: =IF(G44="","",IF(OR(G44>E44*(1+0.5),G44<E44*(1-0.5)),"La valeur saisie diffère grandement des coûts utilisés dans le modèle. Assurez-vous qu'il ne s'agit pas d'une erreur de saisie",""))
B45: Sous-total | E45: =SUM(E40:E44) -> 247.61 | G45: =SUM(G40:G44) -> 0
A47: MARGE BÉNÉFICIAIRE APRÈS FRAIS MONÉTAIRES (MARGE MONÉTAIRE) | E47: =E37-E45 -> 2191.1862 | G47: =G37-G45 -> 4029.1196
A49: FRAIS NON MONÉTAIRES
A50: Amortissements | E50: 257.36 | H50: =IF(G50="","",IF(OR(G50>E50*(1+0.5),G50<E50*(1-0.5)),"La valeur saisie diffère grandement des coûts utilisés dans le modèle. Assurez-vous qu'il ne s'agit pas d'une erreur de saisie",""))
A51: Rénumération du travail de l'exploitant | E51: 171.29 | H51: =IF(G51="","",IF(OR(G51>E51*(1+0.5),G51<E51*(1-0.5)),"La valeur saisie diffère grandement des coûts utilisés dans le modèle. Assurez-vous qu'il ne s'agit pas d'une erreur de saisie",""))
A52: Rénumération de l'avoir du propriétaire | E52: 149.86 | H52: =IF(G52="","",IF(OR(G52>E52*(1+0.5),G52<E52*(1-0.5)),"La valeur saisie diffère grandement des coûts utilisés dans le modèle. Assurez-vous qu'il ne s'agit pas d'une erreur de saisie",""))
B53: Sous-total | E53: =SUM(E50:E52) -> 578.51 | G53: =SUM(G50:G52) -> 0
A55: MARGE BÉNÉFICIAIRE APRÈS LES AMORTISSEMENTS ET LES RÉMUNÉRATIONS DU TRAVAIL ET DE L'AVOIR (MARGE NETTE) | E55: =E47-E53 -> 1612.6762 | G55: =G47-G53 -> 4029.1196

Sheet Soya
E1: $/ha | G1: $/ha
E2: Centrale | G2: Vos coûts
A3: PRODUITS
A4: Vente | E4: =Saisies!B9*Saisies!B22 -> 2262 | G4: =IF(Saisies!C9="",Saisies!B9,Saisies!C9)*IF(Saisies!C22="",Saisies!B22,Saisies!C22) -> 2262 | H4: =IF(G4="","",IF(OR(G4>E4*(1+0.5),G4<E4*(1-0.5)),"La valeur saisie diffère grandement des coûts utilisés dans le modèle. Assurez-vous qu'il ne s'agit pas d'une erreur de saisie",""))
A5: Compensation d'assurance stabilisation | E5: =IF(ASRA_Calculs!$B$3<ASRA_Calculs!$C$3,(ASRA_Calculs!$C$3-ASRA_Calculs!$B$3)*ASRA_Calculs!$D$3,0) -> 0 | G5: =IF(ASRA_Calculs!$B$3<ASRA_Calculs!$C$3,(ASRA_Calculs!$C$3-ASRA_Calculs!$B$3)*ASRA_Calculs!$D$3,0) -> 0 | H5: =IF(G5="","",IF(OR(G5>E5*(1+0.5),G5<E5*(1-0.5)),"La valeur saisie diffère grandement des coûts utilisés dans le modèle. Assurez-vous qu'il ne s'agit pas d'une erreur de saisie",""))
A6: Revenus de sous-produits | E6: 53.32 | H6: =IF(G6="","",IF(OR(G6>E6*(1+0.5),G6<E6*(1-0.5)),"La valeur saisie diffère grandement des coûts utilisés dans le modèle. Assurez-vous qu'il ne s'agit pas d'une erreur de saisie",""))
A7: Agri-Québec et Agri-Investissement | E7: =(E4-E15)*0.042 -> 86.93244 | G7: =(G4-G15)*0.042 -> 95.004 | H7: =IF(G7="","",IF(OR(G7>E7*(1+0.5),G7<E7*(1-0.5)),"La valeur saisie diffère grandement des coûts utilisés dans le modèle. Assurez-vous qu'il ne s'agit pas d'une erreur de saisie",""))
A8: Autres revenus | E8: 0 | H8: =IF(G8="","",IF(OR(G8>E8*(1+0.5),G8<E8*(1-0.5)),"La valeur saisie diffère grandement des coûts utilisés dans le modèle. Assurez-vous qu'il ne s'agit pas d'une erreur de saisie",""))
A9: Autres revenus | E9: =E7+E8 -> 86.93244 | G9: =SUM(G7:G8) -> 95.004
A11: TOTAL PRODUITS | E11: =SUM(E4:E9) -> 2489.1849 | G11: =SUM(G4:G9) -> 2452.008
A14: FRAIS VARIABLES
A15: Semences | E15: 192.18 | H15: =IF(G15="","",IF(OR(G15>E15*(1+0.5),G15<E15*(1-0.5)),"La valeur saisie diffère grandement des coûts utilisés dans le modèle. Assurez-vous qu'il ne s'agit pas d'une erreur de saisie",""))
A16: Fertilisants | E16: 47.68 | H16: =IF(G16="","",IF(OR(G16>E16*(1+0.5),G16<E16*(1-0.5)),"La valeur saisie diffère grandement des coûts utilisés dans le modèle. Assurez-vous qu'il ne s'agit pas d'une erreur de saisie",""))
A17: Chaulage | E17: 2.69 | H17: =IF(G17="","",IF(OR(G17>E17*(1+0.5),G17<E17*(1-0.5)),"La valeur saisie diffère grandement des coûts utilisés dans le modèle. Assurez-vous qu'il ne s'agit pas d'une erreur de saisie",""))
A18: Pesticides | E18: 93.36 | H18: =IF(G18="","",IF(OR(G18>E18*(1+0.5),G18<E18*(1-0.5)),"La valeur saisie diffère grandement des coûts utilisés dans le modèle. Assurez-vous qu'il ne s'agit pas d'une erreur de saisie",""))
A19: Total des intrants | E19: =SUM(E15:E18) -> 335.91 | G19: =SUM(G15:G18) -> 0
A20: Location de machineries, bâtiments | E20: 10.63 | H20: =IF(G20="","",IF(OR(G20>E20*(1+0.5),G20<E20*(1-0.5)),"La valeur saisie diffère grandement des coûts utilisés dans le modèle. Assurez-vous qu'il ne s'agit pas d'une erreur de saisie",""))
A21: Location de fonds de terre | E21: 125.62 | H21: =IF(G21="","",IF(OR(G21>E21*(1+0.5),G21<E21*(1-0.5)),"La valeur saisie diffère grandement des coûts utilisés dans le modèle. Assurez-vous qu'il ne s'agit pas d'une erreur de saisie",""))
A22: Travaux à forfait | E22: 39.55 | H22: =IF(G22="","",IF(OR(G22>E22*(1+0.5),G22<E22*(1-0.5)),"La valeur saisie diffère grandement des coûts utilisés dans le modèle. Assurez-vous qu'il ne s'agit pas d'une erreur de saisie",""))
A23: Mais-d'oeuvre additionnelle | E23: 74.71 | H23: =IF(G23="","",IF(OR(G23>E23*(1+0.5),G23<E23*(1-0.5)),"La valeur saisie diffère grandement des coûts utilisés dans le modèle. Assurez-vous qu'il ne s'agit pas d'une erreur de saisie",""))
A24: Entretien et réparation machinerie | E24: 92.87 | H24: =IF(G24="","",IF(OR(G24>E24*(1+0.5),G24<E24*(1-0.5)),"La valeur saisie diffère grandement des coûts utilisés dans le modèle. Assurez-vous qu'il ne s'agit pas d'une erreur de saisie",""))
A25: Carburants | E25: 77.68 | H25: =IF(G25="","",IF(OR(G25>E25*(1+0.5),G25<E25*(1-0.5)),"La valeur saisie diffère grandement des coûts utilisés dans le modèle. Assurez-vous qu'il ne s'agit pas d'une erreur de saisie",""))
A26: Gaz propane | D26: =0.2/3.9 -> 0.051282051 | E26: 0.2 | H26: =IF(G26="","",IF(OR(G26>E26*(1+0.5),G26<E26*(1-0.5)),"La valeur saisie diffère grandement des coûts utilisés dans le modèle. Assurez-vous qu'il ne s'agit pas d'une erreur de saisie",""))
A27: Total des frais de machinerie et main-d'oeuvre | E27: =SUM(E20:E26) -> 421.26 | G27: =SUM(G20:G26) -> 0
A28: Électricité | E28: 5.13 | H28: =IF(G28="","",IF(OR(G28>E28*(1+0.5),G28<E28*(1-0.5)),"La valeur saisie diffère grandement des coûts utilisés dans le modèle. Assurez-vous qu'il ne s'agit pas d'une erreur de saisie",""))
A29: Frais de mise en marché | D29: =14.1/3.9 -> 3.6153846 | E29: 14.1 | H29: =IF(G29="","",IF(OR(G29>E29*(1+0.5),G29<E29*(1-0.5)),"La valeur saisie diffère grandement des coûts utilisés dans le modèle. Assurez-vous qu'il ne s'agit pas d'une erreur de saisie",""))
A30: Intérêts sur emprunt à court terme | E30: 6.55 | H30: =IF(G30="","",IF(OR(G30>E30*(1+0.5),G30<E30*(1-0.5)),"La valeur saisie diffère grandement des coûts utilisés dans le modèle. Assurez-vous qu'il ne s'agit pas d'une erreur de saisie",""))
A31: Total des autres frais directs | E31: =SUM(E28:E30) -> 25.78 | G31: =SUM(G28:G30) -> 0
B32: Sous-total | E32: =E19+E27+E31 -> 782.95 | G32: =G31+G27+G19 -> 0
A34: Contribution d'assurance stabilisation | E34: 0
A35: Contribution aux autres programmes | E35: 7.84
A37: MARGE BÉNÉFICIAIRE APRÈS COÛTS VARIABLES | E37: =E11-(E32+SUM(E34:E35)) -> 1698.3949 | G37: =G11-(G32+SUM(G34:G35)) -> 2452.008
A39: FRAIS FIXES
A40: Entretien bâtiments et fonds de terre | E40: 17.21 | H40: =IF(G40="","",IF(OR(G40>E40*(1+0.5),G40<E40*(1-0.5)),"La valeur saisie diffère grandement des coûts utilisés dans le modèle. Assurez-vous qu'il ne s'agit pas d'une erreur de saisie",""))
A41: Assurances diverses | E41: 31.83 | H41: =IF(G41="","",IF(OR(G41>E41*(1+0.5),G41<E41*(1-0.5)),"La valeur saisie diffère grandement des coûts utilisés dans le modèle. Assurez-vous qu'il ne s'agit pas d'une erreur de saisie",""))
A42: Taxes foncières | E42: 27.29 | H42: =IF(G42="","",IF(OR(G42>E42*(1+0.5),G42<E42*(1-0.5)),"La valeur saisie diffère grandement des coûts utilisés dans le modèle. Assurez-vous qu'il ne s'agit pas d'une erreur de saisie",""))
A43: Intérêts sur emprunts à moyen et long terme | E43: 75.48 | H43: =IF(G43="","",IF(OR(G43>E43*(1+0.5),G43<E43*(1-0.5)),"La valeur saisie diffère grandement des coûts utilisés dans le modèle. Assurez-vous qu'il ne s'agit pas d'une erreur de saisie",""))
A44: Autres frais | E44: 30.53 | H44: =IF(G44="","",IF(OR(G44>E44*(1+0.5),G44<E44*(1-0.5)),"La valeur saisie diffère grandement des coûts utilisés dans le modèle. Assurez-vous qu'il ne s'agit pas d'une erreur de saisie",""))
B45: Sous-total | E45: =SUM(E40:E44) -> 182.34 | G45: =SUM(G40:G44) -> 0
A47: MARGE BÉNÉFICIAIRE APRÈS FRAIS MONÉTAIRES | E47: =E37-E45 -> 1516.0549 | G47: =G37-G45 -> 2452.008
A49: FRAIS NON MONÉTAIRES
A50: Amortissements | E50: 176.77 | H50: =IF(G50="","",IF(OR(G50>E50*(1+0.5),G50<E50*(1-0.5)),"La valeur saisie diffère grandement des coûts utilisés dans le modèle. Assurez-vous qu'il ne s'agit pas d'une erreur de saisie",""))
A51: Rénumération du travail de l'exploitant | E51: 165.51 | H51: =IF(G51="","",IF(OR(G51>E51*(1+0.5),G51<E51*(1-0.5)),"La valeur saisie diffère grandement des coûts utilisés dans le modèle. Assurez-vous qu'il ne s'agit pas d'une erreur de saisie",""))
A52: Rénumération de l'avoir du propriétaire | E52: 114.21 | H52: =IF(G52="","",IF(OR(G52>E52*(1+0.5),G52<E52*(1-0.5)),"La valeur saisie diffère grandement des coûts utilisés dans le modèle. Assurez-vous qu'il ne s'agit pas d'une erreur de saisie",""))
B53: Sous-total | E53: =SUM(E50:E52) -> 456.49 | G53: =SUM(G50:G52) -> 0
A55: MARGE BÉNÉFICIAIRE APRÈS LES AMORTISSEMENTS ET LES RÉMUNÉRATIONS DU TRAVAIL ET DE L'AVOIR | E55: =E47-E53 -> 1059.5649 | G55: =G47-G53 -> 2452.008

Sheet Orge
E1: $/ha | G1: $/ha
E2: Centrale | G2: Vos Coûts
A3: PRODUITS
A4: Vente | E4: =Saisies!B10*Saisies!B23 -> 1045 | G4: =IF(Saisies!C10="",Saisies!B10,Saisies!C10)*IF(Saisies!C23="",Saisies!B23,Saisies!C23) -> 1045 | H4: =IF(G4="","",IF(OR(G4>E4*(1+0.5),G4<E4*(1-0.5)),"La valeur saisie diffère grandement des coûts utilisés dans le modèle. Assurez-vous qu'il ne s'agit pas d'une erreur de saisie",""))
A5: Compensation d'assurance stabilisation | E5: =IF(ASRA_Calculs!$B$4<ASRA_Calculs!$C$4,(ASRA_Calculs!$C$4-ASRA_Calculs!$B$4)*ASRA_Calculs!$D$4,0) -> 0 | G5: =IF(ASRA_Calculs!$B$4<ASRA_Calculs!$C$4,(ASRA_Calculs!$C$4-ASRA_Calculs!$B$4)*ASRA_Calculs!$D$4,0) -> 0 | H5: =IF(G5="","",IF(OR(G5>E5*(1+0.5),G5<E5*(1-0.5)),"La valeur saisie diffère grandement des coûts utilisés dans le modèle. Assurez-vous qu'il ne s'agit pas d'une erreur de saisie",""))
A6: Revenus de pailles | E6: 365.61 | H6: =IF(G6="","",IF(OR(G6>E6*(1+0.5),G6<E6*(1-0.5)),"La valeur saisie diffère grandement des coûts utilisés dans le modèle. Assurez-vous qu'il ne s'agit pas d'une erreur de saisie",""))
A7: Agri-Québec et Agri-Investissement | E7: =(E4+E6-E15)*0.01 -> 12.2664 | G7: =(G4+G6-G15)*0.01 -> 10.45 | H7: =IF(G7="","",IF(OR(G7>E7*(1+0.5),G7<E7*(1-0.5)),"La valeur saisie diffère grandement des coûts utilisés dans le modèle. Assurez-vous qu'il ne s'agit pas d'une erreur de saisie",""))
A8: Autres revenus | E8: 75.28 | H8: =IF(G8="","",IF(OR(G8>E8*(1+0.5),G8<E8*(1-0.5)),"La valeur saisie diffère grandement des coûts utilisés dans le modèle. Assurez-vous qu'il ne s'agit pas d'une erreur de saisie",""))
A9: Autres revenus | E9: =SUM(E7:E8) -> 87.5464 | G9: =SUM(G7:G8) -> 10.45
A11: TOTAL PRODUITS | E11: =SUM(E4:E9) -> 1585.7028 | G11: =SUM(G4:G9) -> 1065.9
A14: FRAIS VARIABLES
A15: Semences | E15: 183.97 | H15: =IF(G15="","",IF(OR(G15>E15*(1+0.5),G15<E15*(1-0.5)),"La valeur saisie diffère grandement des coûts utilisés dans le modèle. Assurez-vous qu'il ne s'agit pas d'une erreur de saisie",""))
A16: Fertilisants | E16: 196.99 | H16: =IF(G16="","",IF(OR(G16>E16*(1+0.5),G16<E16*(1-0.5)),"La valeur saisie diffère grandement des coûts utilisés dans le modèle. Assurez-vous qu'il ne s'agit pas d'une erreur de saisie",""))
A17: Chaulage | E17: 6.71 | H17: =IF(G17="","",IF(OR(G17>E17*(1+0.5),G17<E17*(1-0.5)),"La valeur saisie diffère grandement des coûts utilisés dans le modèle. Assurez-vous qu'il ne s'agit pas d'une erreur de saisie",""))
A18: Pesticides | E18: 70.63 | H18: =IF(G18="","",IF(OR(G18>E18*(1+0.5),G18<E18*(1-0.5)),"La valeur saisie diffère grandement des coûts utilisés dans le modèle. Assurez-vous qu'il ne s'agit pas d'une erreur de saisie",""))
A19: Total des intrants | E19: =SUM(E15:E18) -> 458.3 | G19: =SUM(G15:G18) -> 0
A20: Location de machineries, bâtiments | E20: 88.99 | H20: =IF(G20="","",IF(OR(G20>E20*(1+0.5),G20<E20*(1-0.5)),"La valeur saisie diffère grandement des coûts utilisés dans le modèle. Assurez-vous qu'il ne s'agit pas d'une erreur de saisie",""))
A21: Location de fonds de terre | E21: 147.89 | H21: =IF(G21="","",IF(OR(G21>E21*(1+0.5),G21<E21*(1-0.5)),"La valeur saisie diffère grandement des coûts utilisés dans le modèle. Assurez-vous qu'il ne s'agit pas d'une erreur de saisie",""))
A22: Travaux à forfait | E22: 19.36 | H22: =IF(G22="","",IF(OR(G22>E22*(1+0.5),G22<E22*(1-0.5)),"La valeur saisie diffère grandement des coûts utilisés dans le modèle. Assurez-vous qu'il ne s'agit pas d'une erreur de saisie",""))
A23: Main-d'oeuvre additionnelle | E23: 120.36 | H23: =IF(G23="","",IF(OR(G23>E23*(1+0.5),G23<E23*(1-0.5)),"La valeur saisie diffère grandement des coûts utilisés dans le modèle. Assurez-vous qu'il ne s'agit pas d'une erreur de saisie",""))
A24: Entretien et réparation machinerie | E24: 82.1 | H24: =IF(G24="","",IF(OR(G24>E24*(1+0.5),G24<E24*(1-0.5)),"La valeur saisie diffère grandement des coûts utilisés dans le modèle. Assurez-vous qu'il ne s'agit pas d'une erreur de saisie",""))
A25: Carburants | E25: 80.56 | H25: =IF(G25="","",IF(OR(G25>E25*(1+0.5),G25<E25*(1-0.5)),"La valeur saisie diffère grandement des coûts utilisés dans le modèle. Assurez-vous qu'il ne s'agit pas d'une erreur de saisie",""))
A26: Gaz propane | D26: =50.78/3.8 -> 13.363158 | E26: =50.78/3.8*Rendements_CECPA!B5 -> 50.78 | H26: =IF(G26="","",IF(OR(G26>E26*(1+0.5),G26<E26*(1-0.5)),"La valeur saisie diffère grandement des coûts utilisés dans le modèle. Assurez-vous qu'il ne s'agit pas d'une erreur de saisie",""))
A27: Total des frais de machinerie et main-d'oeuvre | E27: =SUM(E20:E26) -> 590.04 | G27: =SUM(G20:G26) -> 0
A28: Électricité | E28: 2.99 | H28: =IF(G28="","",IF(OR(G28>E28*(1+0.5),G28<E28*(1-0.5)),"La valeur saisie diffère grandement des coûts utilisés dans le modèle. Assurez-vous qu'il ne s'agit pas d'une erreur de saisie",""))
A29: Frais de mise en marché | D29: =58.6/3.8 -> 15.421053 | E29: =58.6/3.8*Rendements_CECPA!B5 -> 58.6 | H29: =IF(G29="","",IF(OR(G29>E29*(1+0.5),G29<E29*(1-0.5)),"La valeur saisie diffère grandement des coûts utilisés dans le modèle. Assurez-vous qu'il ne s'agit pas d'une erreur de saisie",""))
A30: Intérêts sur emprunt à court terme | E30: 36.9 | H30: =IF(G30="","",IF(OR(G30>E30*(1+0.5),G30<E30*(1-0.5)),"La valeur saisie diffère grandement des coûts utilisés dans le modèle. Assurez-vous qu'il ne s'agit pas d'une erreur de saisie",""))
A31: Total des autres frais directs | E31: =SUM(E28:E30) -> 98.49 | G31: =SUM(G28:G30) -> 0
B32: Sous-total | E32: =E19+E27+E31 -> 1146.83 | G32: =G19+G27+G31 -> 0
A34: Contribution d'assurance stabilisation | E34: 49.45 | H34: =IF(G34="","",IF(OR(G34>E34*(1+0.5),G34<E34*(1-0.5)),"La valeur saisie diffère grandement des coûts utilisés dans le modèle. Assurez-vous qu'il ne s'agit pas d'une erreur de saisie",""))
A35: Contribution aux autres programmes | E35: =0.98+1.7 -> 2.68 | H35: =IF(G35="","",IF(OR(G35>E35*(1+0.5),G35<E35*(1-0.5)),"La valeur saisie diffère grandement des coûts utilisés dans le modèle. Assurez-vous qu'il ne s'agit pas d'une erreur de saisie",""))
A37: MARGE BÉNÉFICIAIRE APRÈS COÛTS VARIABLES | E37: =E11-(E32+SUM(E34:E35)) -> 386.7428 | G37: =G11-(G32+SUM(G34:G35)) -> 1065.9
A39: FRAIS FIXES
A40: Entretien bâtiments et fonds de terre | E40: 30.3 | H40: =IF(G40="","",IF(OR(G40>E40*(1+0.5),G40<E40*(1-0.5)),"La valeur saisie diffère grandement des coûts utilisés dans le modèle. Assurez-vous qu'il ne s'agit pas d'une erreur de saisie",""))
A41: Assurances diverses | E41: 23.5 | H41: =IF(G41="","",IF(OR(G41>E41*(1+0.5),G41<E41*(1-0.5)),"La valeur saisie diffère grandement des coûts utilisés dans le modèle. Assurez-vous qu'il ne s'agit pas d'une erreur de saisie",""))
A42: Taxes foncières | E42: 16.84 | H42: =IF(G42="","",IF(OR(G42>E42*(1+0.5),G42<E42*(1-0.5)),"La valeur saisie diffère grandement des coûts utilisés dans le modèle. Assurez-vous qu'il ne s'agit pas d'une erreur de saisie",""))
A43: Intérêts sur emprunts à moyen et long terme | E43: 68.2 | H43: =IF(G43="","",IF(OR(G43>E43*(1+0.5),G43<E43*(1-0.5)),"La valeur saisie diffère grandement des coûts utilisés dans le modèle. Assurez-vous qu'il ne s'agit pas d'une erreur de saisie",""))
A44: Autres frais | E44: 40.28 | H44: =IF(G44="","",IF(OR(G44>E44*(1+0.5),G44<E44*(1-0.5)),"La valeur saisie diffère grandement des coûts utilisés dans le modèle. Assurez-vous qu'il ne s'agit pas d'une erreur de saisie",""))
B45: Sous-total | E45: =SUM(E40:E44) -> 179.12 | G45: =SUM(G40:G44) -> 0
A47: MARGE BÉNÉFICIAIRE APRÈS FRAIS MONÉTAIRES | E47: =E37-E45 -> 207.6228 | G47: =G37-G45 -> 1065.9
A49: FRAIS NON MONÉTAIRES
A50: Amortissements | E50: 258.38 | H50: =IF(G50="","",IF(OR(G50>E50*(1+0.5),G50<E50*(1-0.5)),"La valeur saisie diffère grandement des coûts utilisés dans le modèle. Assurez-vous qu'il ne s'agit pas d'une erreur de saisie",""))
A51: Rénumération du travail de l'exploitant | E51: 183.08 | H51: =IF(G51="","",IF(OR(G51>E51*(1+0.5),G51<E51*(1-0.5)),"La valeur saisie diffère grandement des coûts utilisés dans le modèle. Assurez-vous qu'il ne s'agit pas d'une erreur de saisie",""))
A52: Rénumération de l'avoir du propriétaire | E52: 30.61 | H52: =IF(G52="","",IF(OR(G52>E52*(1+0.5),G52<E52*(1-0.5)),"La valeur saisie diffère grandement des coûts utilisés dans le modèle. Assurez-vous qu'il ne s'agit pas d'une erreur de saisie",""))
B53: Sous-total | E53: =SUM(E50:E52) -> 472.07 | G53: =SUM(G50:G52) -> 0
A55: MARGE BÉNÉFICIAIRE APRÈS LES AMORTISSEMENTS ET LES RÉMUNÉRATIONS DU TRAVAIL ET DE L'AVOIR | E55: =E47-E53 -> -264.4472 | G55: =G47-G53 -> 1065.9

Sheet Avoine
E1: $/ha | G1: $/ha
E2: Centrale | G2: Vos Coûts
A3: PRODUITS
A4: Vente | E4: =Saisies!B11*Saisies!B24 -> 778.4 | G4: =IF(Saisies!C11="",Saisies!B11,Saisies!C11)*IF(Saisies!C24="",Saisies!B24,Saisies!C24) -> 778.4 | H4: =IF(G4="","",IF(OR(G4>E4*(1+0.5),G4<E4*(1-0.5)),"La valeur saisie diffère grandement des coûts utilisés dans le modèle. Assurez-vous qu'il ne s'agit pas d'une erreur de saisie",""))
A5: Compensation d'assurance stabilisation | E5: =IF(ASRA_Calculs!$B$5<ASRA_Calculs!$C$5,(ASRA_Calculs!$C$5-ASRA_Calculs!$B$5)*ASRA_Calculs!$D$5,0) -> 0 | G5: =IF(ASRA_Calculs!$B$5<ASRA_Calculs!$C$5,(ASRA_Calculs!$C$5-ASRA_Calculs!$B$5)*ASRA_Calculs!$D$5,0) -> 0 | H5: =IF(G5="","",IF(OR(G5>E5*(1+0.5),G5<E5*(1-0.5)),"La valeur saisie diffère grandement des coûts utilisés dans le modèle. Assurez-vous qu'il ne s'agit pas d'une erreur de saisie",""))
A6: Revenus de pailles | E6: 243.44 | H6: =IF(G6="","",IF(OR(G6>E6*(1+0.5),G6<E6*(1-0.5)),"La valeur saisie diffère grandement des coûts utilisés dans le modèle. Assurez-vous qu'il ne s'agit pas d'une erreur de saisie",""))
A7: Agri-Québec et Agri-Investissement | E7: =(E4+E6-E15)*0.01 -> 8.8415 | G7: =(G4+G6-G15)*0.01 -> 7.784 | H7: =IF(G7="","",IF(OR(G7>E7*(1+0.5),G7<E7*(1-0.5)),"La valeur saisie diffère grandement des coûts utilisés dans le modèle. Assurez-vous qu'il ne s'agit pas d'une erreur de saisie",""))
A8: Autres revenus | E8: 85.62 | H8: =IF(G8="","",IF(OR(G8>E8*(1+0.5),G8<E8*(1-0.5)),"La valeur saisie diffère grandement des coûts utilisés dans le modèle. Assurez-vous qu'il ne s'agit pas d'une erreur de saisie",""))
A9: Autres revenus | E9: =SUM(E7:E8) -> 94.4615 | G9: =SUM(G7:G8) -> 7.784
A11: TOTAL PRODUITS | E11: =SUM(E4:E9) -> 1210.763 | G11: =SUM(G4:G9) -> 793.968
A14: FRAIS VARIABLES
A15: Semences | E15: 137.69 | H15: =IF(G15="","",IF(OR(G15>E15*(1+0.5),G15<E15*(1-0.5)),"La valeur saisie diffère grandement des coûts utilisés dans le modèle. Assurez-vous qu'il ne s'agit pas d'une erreur de saisie",""))
A16: Fertilisants | E16: 143.23 | H16: =IF(G16="","",IF(OR(G16>E16*(1+0.5),G16<E16*(1-0.5)),"La valeur saisie diffère grandement des coûts utilisés dans le modèle. Assurez-vous qu'il ne s'agit pas d'une erreur de saisie",""))
A17: Chaulage | E17: 9.83 | H17: =IF(G17="","",IF(OR(G17>E17*(1+0.5),G17<E17*(1-0.5)),"La valeur saisie diffère grandement des coûts utilisés dans le modèle. Assurez-vous qu'il ne s'agit pas d'une erreur de saisie",""))
A18: Pesticides | E18: 32.66 | H18: =IF(G18="","",IF(OR(G18>E18*(1+0.5),G18<E18*(1-0.5)),"La valeur saisie diffère grandement des coûts utilisés dans le modèle. Assurez-vous qu'il ne s'agit pas d'une erreur de saisie",""))
A19: Total des intrants | E19: =SUM(E15:E18) -> 323.41 | G19: =SUM(G15:G18) -> 0
A20: Location de machineries, bâtiments | E20: 51.82 | H20: =IF(G20="","",IF(OR(G20>E20*(1+0.5),G20<E20*(1-0.5)),"La valeur saisie diffère grandement des coûts utilisés dans le modèle. Assurez-vous qu'il ne s'agit pas d'une erreur de saisie",""))
A21: Location de fonds de terre | E21: 64.04 | H21: =IF(G21="","",IF(OR(G21>E21*(1+0.5),G21<E21*(1-0.5)),"La valeur saisie diffère grandement des coûts utilisés dans le modèle. Assurez-vous qu'il ne s'agit pas d'une erreur de saisie",""))
A22: Travaux à forfait | E22: 31.06 | H22: =IF(G22="","",IF(OR(G22>E22*(1+0.5),G22<E22*(1-0.5)),"La valeur saisie diffère grandement des coûts utilisés dans le modèle. Assurez-vous qu'il ne s'agit pas d'une erreur de saisie",""))
A23: Mais-d'oeuvre additionnelle | E23: 90.63 | H23: =IF(G23="","",IF(OR(G23>E23*(1+0.5),G23<E23*(1-0.5)),"La valeur saisie diffère grandement des coûts utilisés dans le modèle. Assurez-vous qu'il ne s'agit pas d'une erreur de saisie",""))
A24: Entretien et réparation machinerie | E24: 99.24 | H24: =IF(G24="","",IF(OR(G24>E24*(1+0.5),G24<E24*(1-0.5)),"La valeur saisie diffère grandement des coûts utilisés dans le modèle. Assurez-vous qu'il ne s'agit pas d'une erreur de saisie",""))
A25: Carburants | E25: 74.07 | H25: =IF(G25="","",IF(OR(G25>E25*(1+0.5),G25<E25*(1-0.5)),"La valeur saisie diffère grandement des coûts utilisés dans le modèle. Assurez-vous qu'il ne s'agit pas d'une erreur de saisie",""))
A26: Gaz propane | D26: =22.21/2.8 -> 7.9321429 | E26: =22.21/2.8*Saisies!B11 -> 22.21 | H26: =IF(G26="","",IF(OR(G26>E26*(1+0.5),G26<E26*(1-0.5)),"La valeur saisie diffère grandement des coûts utilisés dans le modèle. Assurez-vous qu'il ne s'agit pas d'une erreur de saisie",""))
A27: Total des frais de machinerie et main-d'oeuvre | E27: =SUM(E20:E26) -> 433.07 | G27: =SUM(G20:G26) -> 0
A28: Électricité | E28: 6.82 | H28: =IF(G28="","",IF(OR(G28>E28*(1+0.5),G28<E28*(1-0.5)),"La valeur saisie diffère grandement des coûts utilisés dans le modèle. Assurez-vous qu'il ne s'agit pas d'une erreur de saisie",""))
A29: Frais de mise en marché | D29: =30.28/2.8 -> 10.814286 | E29: =30.28/2.8*Saisies!B11 -> 30.28 | H29: =IF(G29="","",IF(OR(G29>E29*(1+0.5),G29<E29*(1-0.5)),"La valeur saisie diffère grandement des coûts utilisés dans le modèle. Assurez-vous qu'il ne s'agit pas d'une erreur de saisie",""))
A30: Intérêts sur emprunt à court terme | E30: 19.25 | H30: =IF(G30="","",IF(OR(G30>E30*(1+0.5),G30<E30*(1-0.5)),"La valeur saisie diffère grandement des coûts utilisés dans le modèle. Assurez-vous qu'il ne s'agit pas d'une erreur de saisie",""))
A31: Total des autres frais directs | E31: =SUM(E28:E30) -> 56.35 | G31: =SUM(G28:G30) -> 0
B32: Sous-total | E32: =E19+E27+E31 -> 812.83 | G32: =G19+G27+G31 -> 0
A34: Contribution d'assurance stabilisation | E34: 70.71 | H34: =IF(G34="","",IF(OR(G34>E34*(1+0.5),G34<E34*(1-0.5)),"La valeur saisie diffère grandement des coûts utilisés dans le modèle. Assurez-vous qu'il ne s'agit pas d'une erreur de saisie",""))
A35: Contribution aux autres programmes | E35: 3.44 | H35: =IF(G35="","",IF(OR(G35>E35*(1+0.5),G35<E35*(1-0.5)),"La valeur saisie diffère grandement des coûts utilisés dans le modèle. Assurez-vous qu'il ne s'agit pas d'une erreur de saisie",""))
A37: MARGE BÉNÉFICIAIRE APRÈS COÛTS VARIABLES | E37: =E11-(E32+SUM(E34:E35)) -> 323.783 | G37: =G11-(G32+SUM(G34:G35)) -> 793.968
A39: FRAIS FIXES
A40: Entretien bâtiments et fonds de terre | E40: 18.39 | H40: =IF(G40="","",IF(OR(G40>E40*(1+0.5),G40<E40*(1-0.5)),"La valeur saisie diffère grandement des coûts utilisés dans le modèle. Assurez-vous qu'il ne s'agit pas d'une erreur de saisie",""))
A41: Assurances diverses | E41: 26.26 | H41: =IF(G41="","",IF(OR(G41>E41*(1+0.5),G41<E41*(1-0.5)),"La valeur saisie diffère grandement des coûts utilisés dans le modèle. Assurez-vous qu'il ne s'agit pas d'une erreur de saisie",""))
A42: Taxes foncières | E42: 17.66 | H42: =IF(G42="","",IF(OR(G42>E42*(1+0.5),G42<E42*(1-0.5)),"La valeur saisie diffère grandement des coûts utilisés dans le modèle. Assurez-vous qu'il ne s'agit pas d'une erreur de saisie",""))
A43: Intérêts sur emprunts à moyen et long terme | E43: 75.34 | H43: =IF(G43="","",IF(OR(G43>E43*(1+0.5),G43<E43*(1-0.5)),"La valeur saisie diffère grandement des coûts utilisés dans le modèle. Assurez-vous qu'il ne s'agit pas d'une erreur de saisie",""))
A44: Autres frais | E44: 32.12 | H44: =IF(G44="","",IF(OR(G44>E44*(1+0.5),G44<E44*(1-0.5)),"La valeur saisie diffère grandement des coûts utilisés dans le modèle. Assurez-vous qu'il ne s'agit pas d'une erreur de saisie",""))
B45: Sous-total | E45: =SUM(E40:E44) -> 169.77 | G45: =SUM(G40:G44) -> 0
A47: MARGE BÉNÉFICIAIRE APRÈS FRAIS MONÉTAIRES | E47: =E37-E45 -> 154.013 | G47: =G37-G45 -> 793.968
A49: FRAIS NON MONÉTAIRES
A50: Amortissements | E50: 187.49 | H50: =IF(G50="","",IF(OR(G50>E50*(1+0.5),G50<E50*(1-0.5)),"La valeur saisie diffère grandement des coûts utilisés dans le modèle. Assurez-vous qu'il ne s'agit pas d'une erreur de saisie",""))
A51: Rénumération du travail de l'exploitant | E51: 148.4 | H51: =IF(G51="","",IF(OR(G51>E51*(1+0.5),G51<E51*(1-0.5)),"La valeur saisie diffère grandement des coûts utilisés dans le modèle. Assurez-vous qu'il ne s'agit pas d'une erreur de saisie",""))
A52: Rénumération de l'avoir du propriétaire | E52: 47.27 | H52: =IF(G52="","",IF(OR(G52>E52*(1+0.5),G52<E52*(1-0.5)),"La valeur saisie diffère grandement des coûts utilisés dans le modèle. Assurez-vous qu'il ne s'agit pas d'une erreur de saisie",""))
B53: Sous-total | E53: =SUM(E50:E52) -> 383.16 | G53: =SUM(G50:G52) -> 0
A55: MARGE BÉNÉFICIAIRE APRÈS LES AMORTISSEMENTS ET LES RÉMUNÉRATIONS DU TRAVAIL ET DE L'AVOIR | E55: =E47-E53 -> -229.147 | G55: =G47-G53 -> 793.968

Sheet Blé_d'automne
E1: $/ha | G1: $/ha
E2: Centrale | G2: Vos Coûts
A3: PRODUITS
A4: Vente | E4: =Saisies!B13*Saisies!B26 -> 1647 | G4: =IF(Saisies!C13="",Saisies!B13,Saisies!C13)*IF(Saisies!C26="",Saisies!B26,Saisies!C26) -> 1647 | H4: =IF(G4="","",IF(OR(G4>E4*(1+0.5),G4<E4*(1-0.5)),"La valeur saisie diffère grandement des coûts utilisés dans le modèle. Assurez-vous qu'il ne s'agit pas d'une erreur de saisie",""))
A5: Compensation d'assurance stabilisation | E5: =IF(ASRA_Calculs!$B$6<ASRA_Calculs!$C$6,(ASRA_Calculs!$C$6-ASRA_Calculs!$B$6)*ASRA_Calculs!$D$6,0) -> 0 | G5: =IF(ASRA_Calculs!$B$6<ASRA_Calculs!$C$6,(ASRA_Calculs!$C$6-ASRA_Calculs!$B$6)*ASRA_Calculs!$D$6,0) -> 0 | H5: =IF(G5="","",IF(OR(G5>E5*(1+0.5),G5<E5*(1-0.5)),"La valeur saisie diffère grandement des coûts utilisés dans le modèle. Assurez-vous qu'il ne s'agit pas d'une erreur de saisie",""))
A6: Revenus de pailles | E6: 392.87 | H6: =IF(G6="","",IF(OR(G6>E6*(1+0.5),G6<E6*(1-0.5)),"La valeur saisie diffère grandement des coûts utilisés dans le modèle. Assurez-vous qu'il ne s'agit pas d'une erreur de saisie",""))
A7: Agri-Québec et Agri-Investissement | E7: =(E4+E6-E15)*0.01 -> 18.5071 | G7: =(G4+G6-G15)*0.01 -> 16.47 | H7: =IF(G7="","",IF(OR(G7>E7*(1+0.5),G7<E7*(1-0.5)),"La valeur saisie diffère grandement des coûts utilisés dans le modèle. Assurez-vous qu'il ne s'agit pas d'une erreur de saisie",""))
A8: Autres revenus | E8: 52.17 | H8: =IF(G8="","",IF(OR(G8>E8*(1+0.5),G8<E8*(1-0.5)),"La valeur saisie diffère grandement des coûts utilisés dans le modèle. Assurez-vous qu'il ne s'agit pas d'une erreur de saisie",""))
A9: Autres revenus | E9: =SUM(E7:E8) -> 70.6771 | G9: =SUM(G7:G8) -> 16.47
A11: TOTAL PRODUITS | E11: =SUM(E4:E9) -> 2181.2242 | G11: =SUM(G4:G9) -> 1679.94
A14: FRAIS VARIABLES
A15: Semences | E15: 189.16 | H15: =IF(G15="","",IF(OR(G15>E15*(1+0.5),G15<E15*(1-0.5)),"La valeur saisie diffère grandement des coûts utilisés dans le modèle. Assurez-vous qu'il ne s'agit pas d'une erreur de saisie",""))
A16: Fertilisants | E16: 237.55 | H16: =IF(G16="","",IF(OR(G16>E16*(1+0.5),G16<E16*(1-0.5)),"La valeur saisie diffère grandement des coûts utilisés dans le modèle. Assurez-vous qu'il ne s'agit pas d'une erreur de saisie",""))
A17: Chaulage | E17: 5.76 | H17: =IF(G17="","",IF(OR(G17>E17*(1+0.5),G17<E17*(1-0.5)),"La valeur saisie diffère grandement des coûts utilisés dans le modèle. Assurez-vous qu'il ne s'agit pas d'une erreur de saisie",""))
A18: Pesticides | E18: 23.73 | H18: =IF(G18="","",IF(OR(G18>E18*(1+0.5),G18<E18*(1-0.5)),"La valeur saisie diffère grandement des coûts utilisés dans le modèle. Assurez-vous qu'il ne s'agit pas d'une erreur de saisie",""))
A19: Total des intrants | E19: =SUM(E15:E18) -> 456.2 | G19: =SUM(G15:G18) -> 0
A20: Location de machineries, bâtiments | E20: 36.26 | H20: =IF(G20="","",IF(OR(G20>E20*(1+0.5),G20<E20*(1-0.5)),"La valeur saisie diffère grandement des coûts utilisés dans le modèle. Assurez-vous qu'il ne s'agit pas d'une erreur de saisie",""))
A21: Location de fonds de terre | E21: 177.78 | H21: =IF(G21="","",IF(OR(G21>E21*(1+0.5),G21<E21*(1-0.5)),"La valeur saisie diffère grandement des coûts utilisés dans le modèle. Assurez-vous qu'il ne s'agit pas d'une erreur de saisie",""))
A22: Travaux à forfait | E22: 47.6 | H22: =IF(G22="","",IF(OR(G22>E22*(1+0.5),G22<E22*(1-0.5)),"La valeur saisie diffère grandement des coûts utilisés dans le modèle. Assurez-vous qu'il ne s'agit pas d'une erreur de saisie",""))
A23: Mais-d'oeuvre additionnelle | E23: 44.56 | H23: =IF(G23="","",IF(OR(G23>E23*(1+0.5),G23<E23*(1-0.5)),"La valeur saisie diffère grandement des coûts utilisés dans le modèle. Assurez-vous qu'il ne s'agit pas d'une erreur de saisie",""))
A24: Entretien et réparation machinerie | E24: 107.11 | H24: =IF(G24="","",IF(OR(G24>E24*(1+0.5),G24<E24*(1-0.5)),"La valeur saisie diffère grandement des coûts utilisés dans le modèle. Assurez-vous qu'il ne s'agit pas d'une erreur de saisie",""))
A25: Carburants | E25: 76.21 | H25: =IF(G25="","",IF(OR(G25>E25*(1+0.5),G25<E25*(1-0.5)),"La valeur saisie diffère grandement des coûts utilisés dans le modèle. Assurez-vous qu'il ne s'agit pas d'une erreur de saisie",""))
A26: Gaz propane | D26: =42.85/4.5 -> 9.5222222 | E26: 42.85 | H26: =IF(G26="","",IF(OR(G26>E26*(1+0.5),G26<E26*(1-0.5)),"La valeur saisie diffère grandement des coûts utilisés dans le modèle. Assurez-vous qu'il ne s'agit pas d'une erreur de saisie",""))
A27: Total des frais de machinerie et main-d'oeuvre | E27: =SUM(E20:E26) -> 532.37 | G27: =SUM(G20:G26) -> 0
A28: Électricité | E28: 3.73 | H28: =IF(G28="","",IF(OR(G28>E28*(1+0.5),G28<E28*(1-0.5)),"La valeur saisie diffère grandement des coûts utilisés dans le modèle. Assurez-vous qu'il ne s'agit pas d'une erreur de saisie",""))
A29: Frais de mise en marché | D29: =51.96/4.5 -> 11.546667 | E29: 51.96 | H29: =IF(G29="","",IF(OR(G29>E29*(1+0.5),G29<E29*(1-0.5)),"La valeur saisie diffère grandement des coûts utilisés dans le modèle. Assurez-vous qu'il ne s'agit pas d'une erreur de saisie",""))
A30: Intérêts sur emprunt à court terme | E30: 29.92 | H30: =IF(G30="","",IF(OR(G30>E30*(1+0.5),G30<E30*(1-0.5)),"La valeur saisie diffère grandement des coûts utilisés dans le modèle. Assurez-vous qu'il ne s'agit pas d'une erreur de saisie",""))
A31: Total des autres frais directs | E31: =SUM(E28:E30) -> 85.61 | G31: =SUM(G28:G30) -> 0
B32: Sous-total | E32: =E19+E27+E31 -> 1074.18 | G32: =G19+G27+G31 -> 0
A34: Contribution d'assurance stabilisation | E34: 7.11 | H34: =IF(G34="","",IF(OR(G34>E34*(1+0.5),G34<E34*(1-0.5)),"La valeur saisie diffère grandement des coûts utilisés dans le modèle. Assurez-vous qu'il ne s'agit pas d'une erreur de saisie",""))
A35: Contribution aux autres programmes | E35: =33.89+1.13 -> 35.02 | H35: =IF(G35="","",IF(OR(G35>E35*(1+0.5),G35<E35*(1-0.5)),"La valeur saisie diffère grandement des coûts utilisés dans le modèle. Assurez-vous qu'il ne s'agit pas d'une erreur de saisie",""))
A37: MARGE BÉNÉFICIAIRE APRÈS COÛTS VARIABLES | E37: =E11-(E32+SUM(E34:E35)) -> 1064.9142 | G37: =G11-(G32+SUM(G34:G35)) -> 1679.94
A39: FRAIS FIXES
A40: Entretien bâtiments et fonds de terre | E40: 5.02 | H40: =IF(G40="","",IF(OR(G40>E40*(1+0.5),G40<E40*(1-0.5)),"La valeur saisie diffère grandement des coûts utilisés dans le modèle. Assurez-vous qu'il ne s'agit pas d'une erreur de saisie",""))
A41: Assurances diverses | E41: 18.28 | H41: =IF(G41="","",IF(OR(G41>E41*(1+0.5),G41<E41*(1-0.5)),"La valeur saisie diffère grandement des coûts utilisés dans le modèle. Assurez-vous qu'il ne s'agit pas d'une erreur de saisie",""))
A42: Taxes foncières | E42: 9.2 | H42: =IF(G42="","",IF(OR(G42>E42*(1+0.5),G42<E42*(1-0.5)),"La valeur saisie diffère grandement des coûts utilisés dans le modèle. Assurez-vous qu'il ne s'agit pas d'une erreur de saisie",""))
A43: Intérêts sur emprunts à moyen et long terme | E43: 62.11 | H43: =IF(G43="","",IF(OR(G43>E43*(1+0.5),G43<E43*(1-0.5)),"La valeur saisie diffère grandement des coûts utilisés dans le modèle. Assurez-vous qu'il ne s'agit pas d'une erreur de saisie",""))
A44: Autres frais | E44: 32.04 | H44: =IF(G44="","",IF(OR(G44>E44*(1+0.5),G44<E44*(1-0.5)),"La valeur saisie diffère grandement des coûts utilisés dans le modèle. Assurez-vous qu'il ne s'agit pas d'une erreur de saisie",""))
B45: Sous-total | E45: =SUM(E40:E44) -> 126.65 | G45: =SUM(G40:G44) -> 0
A47: MARGE BÉNÉFICIAIRE APRÈS FRAIS MONÉTAIRES | E47: =E37-E45 -> 938.2642 | G47: =G37-G45 -> 1679.94
A49: FRAIS NON MONÉTAIRES
A50: Amortissements | E50: 150.86 | H50: =IF(G50="","",IF(OR(G50>E50*(1+0.5),G50<E50*(1-0.5)),"La valeur saisie diffère grandement des coûts utilisés dans le modèle. Assurez-vous qu'il ne s'agit pas d'une erreur de saisie",""))
A51: Rénumération du travail de l'exploitant | E51: 132.33 | H51: =IF(G51="","",IF(OR(G51>E51*(1+0.5),G51<E51*(1-0.5)),"La valeur saisie diffère grandement des coûts utilisés dans le modèle. Assurez-vous qu'il ne s'agit pas d'une erreur de saisie",""))
A52: Rénumération de l'avoir du propriétaire | E52: 9.57 | H52: =IF(G52="","",IF(OR(G52>E52*(1+0.5),G52<E52*(1-0.5)),"La valeur saisie diffère grandement des coûts utilisés dans le modèle. Assurez-vous qu'il ne s'agit pas d'une erreur de saisie",""))
B53: Sous-total | E53: =SUM(E50:E52) -> 292.76 | G53: =SUM(G50:G52) -> 0
A55: MARGE BÉNÉFICIAIRE APRÈS LES AMORTISSEMENTS ET LES RÉMUNÉRATIONS DU TRAVAIL ET DE L'AVOIR | E55: =E47-E53 -> 645.5042 | G55: =G47-G53 -> 1679.94

Sheet Blé_printemps
E1: $/ha | G1: $/ha
E2: Centrale | G2: Vos Coûts
A3: PRODUITS
A4: Vente | E4: =Saisies!B12*Saisies!B25 -> 1317.6 | G4: =IF(Saisies!C12="",Saisies!B12,Saisies!C12)*IF(Saisies!C25="",Saisies!B25,Saisies!C25) -> 1317.6 | H4: =IF(G4="","",IF(OR(G4>E4*(1+0.5),G4<E4*(1-0.5)),"La valeur saisie diffère grandement des coûts utilisés dans le modèle. Assurez-vous qu'il ne s'agit pas d'une erreur de saisie",""))
A5: Compensation d'assurance stabilisation | E5: =IF(ASRA_Calculs!$B$6<ASRA_Calculs!$C$6,(ASRA_Calculs!$C$6-ASRA_Calculs!$B$6)*ASRA_Calculs!$D$6,0) -> 0 | G5: =IF(ASRA_Calculs!$B$6<ASRA_Calculs!$C$6,(ASRA_Calculs!$C$6-ASRA_Calculs!$B$6)*ASRA_Calculs!$D$6,0) -> 0 | H5: =IF(G5="","",IF(OR(G5>E5*(1+0.5),G5<E5*(1-0.5)),"La valeur saisie diffère grandement des coûts utilisés dans le modèle. Assurez-vous qu'il ne s'agit pas d'une erreur de saisie",""))
A6: Revenus de pailles | E6: 392.87 | H6: =IF(G6="","",IF(OR(G6>E6*(1+0.5),G6<E6*(1-0.5)),"La valeur saisie diffère grandement des coûts utilisés dans le modèle. Assurez-vous qu'il ne s'agit pas d'une erreur de saisie",""))
A7: Agri-Québec et Agri-Investissement | E7: =(E4+E6-E15)*0.01 -> 15.0784 | G7: =(G4+G6-G15)*0.01 -> 13.176 | H7: =IF(G7="","",IF(OR(G7>E7*(1+0.5),G7<E7*(1-0.5)),"La valeur saisie diffère grandement des coûts utilisés dans le modèle. Assurez-vous qu'il ne s'agit pas d'une erreur de saisie",""))
A8: Autres revenus | E8: 55.6 | H8: =IF(G8="","",IF(OR(G8>E8*(1+0.5),G8<E8*(1-0.5)),"La valeur saisie diffère grandement des coûts utilisés dans le modèle. Assurez-vous qu'il ne s'agit pas d'une erreur de saisie",""))
A9: Autres revenus | E9: =SUM(E7:E8) -> 70.6784 | G9: =SUM(G7:G8) -> 13.176
A11: TOTAL PRODUITS | E11: =SUM(E4:E9) -> 1851.8268 | G11: =SUM(G4:G9) -> 1343.952
A14: FRAIS VARIABLES
A15: Semences | E15: 202.63 | H15: =IF(G15="","",IF(OR(G15>E15*(1+0.5),G15<E15*(1-0.5)),"La valeur saisie diffère grandement des coûts utilisés dans le modèle. Assurez-vous qu'il ne s'agit pas d'une erreur de saisie",""))
A16: Fertilisants | E16: 237.55 | H16: =IF(G16="","",IF(OR(G16>E16*(1+0.5),G16<E16*(1-0.5)),"La valeur saisie diffère grandement des coûts utilisés dans le modèle. Assurez-vous qu'il ne s'agit pas d'une erreur de saisie",""))
A17: Chaulage | E17: 5.76 | H17: =IF(G17="","",IF(OR(G17>E17*(1+0.5),G17<E17*(1-0.5)),"La valeur saisie diffère grandement des coûts utilisés dans le modèle. Assurez-vous qu'il ne s'agit pas d'une erreur de saisie",""))
A18: Pesticides | E18: 42.37 | H18: =IF(G18="","",IF(OR(G18>E18*(1+0.5),G18<E18*(1-0.5)),"La valeur saisie diffère grandement des coûts utilisés dans le modèle. Assurez-vous qu'il ne s'agit pas d'une erreur de saisie",""))
A19: Total des intrants | E19: =SUM(E15:E18) -> 488.31 | G19: =SUM(G15:G18) -> 0
A20: Location de machineries, bâtiments | E20: 36.26 | H20: =IF(G20="","",IF(OR(G20>E20*(1+0.5),G20<E20*(1-0.5)),"La valeur saisie diffère grandement des coûts utilisés dans le modèle. Assurez-vous qu'il ne s'agit pas d'une erreur de saisie",""))
A21: Location de fonds de terre | E21: 177.78 | H21: =IF(G21="","",IF(OR(G21>E21*(1+0.5),G21<E21*(1-0.5)),"La valeur saisie diffère grandement des coûts utilisés dans le modèle. Assurez-vous qu'il ne s'agit pas d'une erreur de saisie",""))
A22: Travaux à forfait | E22: 47.6 | H22: =IF(G22="","",IF(OR(G22>E22*(1+0.5),G22<E22*(1-0.5)),"La valeur saisie diffère grandement des coûts utilisés dans le modèle. Assurez-vous qu'il ne s'agit pas d'une erreur de saisie",""))
A23: Mais-d'oeuvre additionnelle | E23: 44.56 | H23: =IF(G23="","",IF(OR(G23>E23*(1+0.5),G23<E23*(1-0.5)),"La valeur saisie diffère grandement des coûts utilisés dans le modèle. Assurez-vous qu'il ne s'agit pas d'une erreur de saisie",""))
A24: Entretien et réparation machinerie | E24: 107.11 | H24: =IF(G24="","",IF(OR(G24>E24*(1+0.5),G24<E24*(1-0.5)),"La valeur saisie diffère grandement des coûts utilisés dans le modèle. Assurez-vous qu'il ne s'agit pas d'une erreur de saisie",""))
A25: Carburants | E25: 76.21 | H25: =IF(G25="","",IF(OR(G25>E25*(1+0.5),G25<E25*(1-0.5)),"La valeur saisie diffère grandement des coûts utilisés dans le modèle. Assurez-vous qu'il ne s'agit pas d'une erreur de saisie",""))
A26: Gaz propane | D26: =42.85/3.6 -> 11.902778 | E26: 42.85 | H26: =IF(G26="","",IF(OR(G26>E26*(1+0.5),G26<E26*(1-0.5)),"La valeur saisie diffère grandement des coûts utilisés dans le modèle. Assurez-vous qu'il ne s'agit pas d'une erreur de saisie",""))
A27: Total des frais de machinerie et main-d'oeuvre | E27: =SUM(E20:E26) -> 532.37 | G27: =SUM(G20:G26) -> 0
A28: Électricité | E28: 3.73 | H28: =IF(G28="","",IF(OR(G28>E28*(1+0.5),G28<E28*(1-0.5)),"La valeur saisie diffère grandement des coûts utilisés dans le modèle. Assurez-vous qu'il ne s'agit pas d'une erreur de saisie",""))
A29: Frais de mise en marché | D29: =51.96/3.6 -> 14.433333 | E29: 51.96 | H29: =IF(G29="","",IF(OR(G29>E29*(1+0.5),G29<E29*(1-0.5)),"La valeur saisie diffère grandement des coûts utilisés dans le modèle. Assurez-vous qu'il ne s'agit pas d'une erreur de saisie",""))
A30: Intérêts sur emprunt à court terme | E30: 29.92 | H30: =IF(G30="","",IF(OR(G30>E30*(1+0.5),G30<E30*(1-0.5)),"La valeur saisie diffère grandement des coûts utilisés dans le modèle. Assurez-vous qu'il ne s'agit pas d'une erreur de saisie",""))
A31: Total des autres frais directs | E31: =SUM(E28:E30) -> 85.61 | G31: =SUM(G28:G30) -> 0
B32: Sous-total | E32: =E19+E27+E31 -> 1106.29 | G32: =G19+G27+G31 -> 0
A34: Contribution d'assurance stabilisation | E34: 7.11 | H34: =IF(G34="","",IF(OR(G34>E34*(1+0.5),G34<E34*(1-0.5)),"La valeur saisie diffère grandement des coûts utilisés dans le modèle. Assurez-vous qu'il ne s'agit pas d'une erreur de saisie",""))
A35: Contribution aux autres programmes | E35: =33.89+1.13 -> 35.02 | H35: =IF(G35="","",IF(OR(G35>E35*(1+0.5),G35<E35*(1-0.5)),"La valeur saisie diffère grandement des coûts utilisés dans le modèle. Assurez-vous qu'il ne s'agit pas d'une erreur de saisie",""))
A37: MARGE BÉNÉFICIAIRE APRÈS COÛTS VARIABLES | E37: =E11-(E32+SUM(E34:E35)) -> 703.4068 | G37: =G11-(G32+SUM(G34:G35)) -> 1343.952
A39: FRAIS FIXES
A40: Entretien bâtiments et fonds de terre | E40: 5.02 | H40: =IF(G40="","",IF(OR(G40>E40*(1+0.5),G40<E40*(1-0.5)),"La valeur saisie diffère grandement des coûts utilisés dans le modèle. Assurez-vous qu'il ne s'agit pas d'une erreur de saisie",""))
A41: Assurances diverses | E41: 18.28 | H41: =IF(G41="","",IF(OR(G41>E41*(1+0.5),G41<E41*(1-0.5)),"La valeur saisie diffère grandement des coûts utilisés dans le modèle. Assurez-vous qu'il ne s'agit pas d'une erreur de saisie",""))
A42: Taxes foncières | E42: 9.2 | H42: =IF(G42="","",IF(OR(G42>E42*(1+0.5),G42<E42*(1-0.5)),"La valeur saisie diffère grandement des coûts utilisés dans le modèle. Assurez-vous qu'il ne s'agit pas d'une erreur de saisie",""))
A43: Intérêts sur emprunts à moyen et long terme | E43: 62.11 | H43: =IF(G43="","",IF(OR(G43>E43*(1+0.5),G43<E43*(1-0.5)),"La valeur saisie diffère grandement des coûts utilisés dans le modèle. Assurez-vous qu'il ne s'agit pas d'une erreur de saisie",""))
A44: Autres frais | E44: 32.04 | H44: =IF(G44="","",IF(OR(G44>E44*(1+0.5),G44<E44*(1-0.5)),"La valeur saisie diffère grandement des coûts utilisés dans le modèle. Assurez-vous qu'il ne s'agit pas d'une erreur de saisie",""))
B45: Sous-total | E45: =SUM(E40:E44) -> 126.65 | G45: =SUM(G40:G44) -> 0
A47: MARGE BÉNÉFICIAIRE APRÈS FRAIS MONÉTAIRES | E47: =E37-E45 -> 576.7568 | G47: =G37-G45 -> 1343.952
A49: FRAIS NON MONÉTAIRES
A50: Amortissements | E50: 150.86 | H50: =IF(G50="","",IF(OR(G50>E50*(1+0.5),G50<E50*(1-0.5)),"La valeur saisie diffère grandement des coûts utilisés dans le modèle. Assurez-vous qu'il ne s'agit pas d'une erreur de saisie",""))
A51: Rénumération du travail de l'exploitant | E51: 132.33 | H51: =IF(G51="","",IF(OR(G51>E51*(1+0.5),G51<E51*(1-0.5)),"La valeur saisie diffère grandement des coûts utilisés dans le modèle. Assurez-vous qu'il ne s'agit pas d'une erreur de saisie",""))
A52: Rénumération de l'avoir du propriétaire | E52: 9.57 | H52: =IF(G52="","",IF(OR(G52>E52*(1+0.5),G52<E52*(1-0.5)),"La valeur saisie diffère grandement des coûts utilisés dans le modèle. Assurez-vous qu'il ne s'agit pas d'une erreur de saisie",""))
B53: Sous-total | E53: =SUM(E50:E52) -> 292.76 | G53: =SUM(G50:G52) -> 0
A55: MARGE BÉNÉFICIAIRE APRÈS LES AMORTISSEMENTS ET LES RÉMUNÉRATIONS DU TRAVAIL ET DE L'AVOIR | E55: =E47-E53 -> 283.9968 | G55: =G47-G53 -> 1343.952

Sheet Seigle
E1: $/ha | G1: $/ha
E2: Centrale | G2: Vos Coûts
A3: PRODUITS
A4: Vente | E4: =Saisies!B14*Saisies!B27 -> 880 | G4: =IF(Saisies!C14="",Saisies!B14,Saisies!C14)*IF(Saisies!C27="",Saisies!B27,Saisies!C27) -> 880 | H4: =IF(G4="","",IF(OR(G4>E4*(1+0.5),G4<E4*(1-0.5)),"La valeur saisie diffère grandement des coûts utilisés dans le modèle. Assurez-vous qu'il ne s'agit pas d'une erreur de saisie",""))
A5: Compensation d'assurance stabilisation | E5: =IF(ASRA_Calculs!$B$8<ASRA_Calculs!$C$8,(ASRA_Calculs!$C$8-ASRA_Calculs!$B$8)*ASRA_Calculs!$D$8,0) -> 0 | G5: =IF(ASRA_Calculs!$B$8<ASRA_Calculs!$C$8,(ASRA_Calculs!$C$8-ASRA_Calculs!$B$8)*ASRA_Calculs!$D$8,0) -> 0 | H5: =IF(G5="","",IF(OR(G5>E5*(1+0.5),G5<E5*(1-0.5)),"La valeur saisie diffère grandement des coûts utilisés dans le modèle. Assurez-vous qu'il ne s'agit pas d'une erreur de saisie",""))
A6: Revenus de pailles | E6: 324.72 | H6: =IF(G6="","",IF(OR(G6>E6*(1+0.5),G6<E6*(1-0.5)),"La valeur saisie diffère grandement des coûts utilisés dans le modèle. Assurez-vous qu'il ne s'agit pas d'une erreur de saisie",""))
A7: Agri-Québec et Agri-Investissement | E7: =(E4+E6-E15)*0.042 -> 43.34442 | G7: =(G4+G6-G15)*0.042 -> 36.96 | H7: =IF(G7="","",IF(OR(G7>E7*(1+0.5),G7<E7*(1-0.5)),"La valeur saisie diffère grandement des coûts utilisés dans le modèle. Assurez-vous qu'il ne s'agit pas d'une erreur de saisie",""))
A8: Autres revenus | E8: 70.76 | H8: =IF(G8="","",IF(OR(G8>E8*(1+0.5),G8<E8*(1-0.5)),"La valeur saisie diffère grandement des coûts utilisés dans le modèle. Assurez-vous qu'il ne s'agit pas d'une erreur de saisie",""))
A9: Autres revenus | E9: =SUM(E7:E8) -> 114.10442 | G9: =SUM(G7:G8) -> 36.96
A11: TOTAL PRODUITS | E11: =SUM(E4:E9) -> 1432.9288 | G11: =SUM(G4:G9) -> 953.92
A14: FRAIS VARIABLES
A15: Semences | E15: 172.71 | H15: =IF(G15="","",IF(OR(G15>E15*(1+0.5),G15<E15*(1-0.5)),"La valeur saisie diffère grandement des coûts utilisés dans le modèle. Assurez-vous qu'il ne s'agit pas d'une erreur de saisie",""))
A16: Fertilisants | E16: 149.29 | H16: =IF(G16="","",IF(OR(G16>E16*(1+0.5),G16<E16*(1-0.5)),"La valeur saisie diffère grandement des coûts utilisés dans le modèle. Assurez-vous qu'il ne s'agit pas d'une erreur de saisie",""))
A17: Chaulage | E17: 0 | H17: =IF(G17="","",IF(OR(G17>E17*(1+0.5),G17<E17*(1-0.5)),"La valeur saisie diffère grandement des coûts utilisés dans le modèle. Assurez-vous qu'il ne s'agit pas d'une erreur de saisie",""))
A18: Pesticides | E18: 3.44 | H18: =IF(G18="","",IF(OR(G18>E18*(1+0.5),G18<E18*(1-0.5)),"La valeur saisie diffère grandement des coûts utilisés dans le modèle. Assurez-vous qu'il ne s'agit pas d'une erreur de saisie",""))
A19: Total des intrants | E19: =SUM(E15:E18) -> 325.44 | G19: =SUM(G15:G18) -> 0
A20: Location de machineries, bâtiments | E20: 172.69 | H20: =IF(G20="","",IF(OR(G20>E20*(1+0.5),G20<E20*(1-0.5)),"La valeur saisie diffère grandement des coûts utilisés dans le modèle. Assurez-vous qu'il ne s'agit pas d'une erreur de saisie",""))
A21: Location de fonds de terre | E21: 0 | H21: =IF(G21="","",IF(OR(G21>E21*(1+0.5),G21<E21*(1-0.5)),"La valeur saisie diffère grandement des coûts utilisés dans le modèle. Assurez-vous qu'il ne s'agit pas d'une erreur de saisie",""))
A22: Travaux à forfait | E22: 0 | H22: =IF(G22="","",IF(OR(G22>E22*(1+0.5),G22<E22*(1-0.5)),"La valeur saisie diffère grandement des coûts utilisés dans le modèle. Assurez-vous qu'il ne s'agit pas d'une erreur de saisie",""))
A23: Mais-d'oeuvre additionnelle | E23: 0 | H23: =IF(G23="","",IF(OR(G23>E23*(1+0.5),G23<E23*(1-0.5)),"La valeur saisie diffère grandement des coûts utilisés dans le modèle. Assurez-vous qu'il ne s'agit pas d'une erreur de saisie",""))
A24: Entretien et réparation machinerie | E24: 97.79 | H24: =IF(G24="","",IF(OR(G24>E24*(1+0.5),G24<E24*(1-0.5)),"La valeur saisie diffère grandement des coûts utilisés dans le modèle. Assurez-vous qu'il ne s'agit pas d'une erreur de saisie",""))
A25: Carburants | E25: 0 | H25: =IF(G25="","",IF(OR(G25>E25*(1+0.5),G25<E25*(1-0.5)),"La valeur saisie diffère grandement des coûts utilisés dans le modèle. Assurez-vous qu'il ne s'agit pas d'une erreur de saisie",""))
A26: Gaz propane | D26: =0/3.2 -> 0 | E26: 0 | H26: =IF(G26="","",IF(OR(G26>E26*(1+0.5),G26<E26*(1-0.5)),"La valeur saisie diffère grandement des coûts utilisés dans le modèle. Assurez-vous qu'il ne s'agit pas d'une erreur de saisie",""))
A27: Total des frais de machinerie et main-d'oeuvre | E27: =SUM(E20:E26) -> 270.48 | G27: =SUM(G20:G26) -> 0
A28: Électricité | E28: 31.1 | H28: =IF(G28="","",IF(OR(G28>E28*(1+0.5),G28<E28*(1-0.5)),"La valeur saisie diffère grandement des coûts utilisés dans le modèle. Assurez-vous qu'il ne s'agit pas d'une erreur de saisie",""))
A29: Frais de mise en marché | D29: =18.2/3.2 -> 5.6875 | E29: 18.2 | H29: =IF(G29="","",IF(OR(G29>E29*(1+0.5),G29<E29*(1-0.5)),"La valeur saisie diffère grandement des coûts utilisés dans le modèle. Assurez-vous qu'il ne s'agit pas d'une erreur de saisie",""))
A30: Intérêts sur emprunt à court terme | E30: 85.04 | H30: =IF(G30="","",IF(OR(G30>E30*(1+0.5),G30<E30*(1-0.5)),"La valeur saisie diffère grandement des coûts utilisés dans le modèle. Assurez-vous qu'il ne s'agit pas d'une erreur de saisie",""))
A31: Total des autres frais directs | E31: =SUM(E28:E30) -> 134.34 | G31: =SUM(G28:G30) -> 0
B32: Sous-total | E32: =E19+E27+E31 -> 730.26 | G32: =G19+G27+G31 -> 0
A34: Contribution d'assurance stabilisation | E34: 0 | H34: =IF(G34="","",IF(OR(G34>E34*(1+0.5),G34<E34*(1-0.5)),"La valeur saisie diffère grandement des coûts utilisés dans le modèle. Assurez-vous qu'il ne s'agit pas d'une erreur de saisie",""))
A35: Contribution aux autres programmes | E35: 0 | H35: =IF(G35="","",IF(OR(G35>E35*(1+0.5),G35<E35*(1-0.5)),"La valeur saisie diffère grandement des coûts utilisés dans le modèle. Assurez-vous qu'il ne s'agit pas d'une erreur de saisie",""))
A37: MARGE BÉNÉFICIAIRE APRÈS COÛTS VARIABLES | E37: =E11-(E32+SUM(E34:E35)) -> 702.66884 | G37: =G11-(G32+SUM(G34:G35)) -> 953.92
A39: FRAIS FIXES
A40: Entretien bâtiments et fonds de terre | E40: 10.73 | H40: =IF(G40="","",IF(OR(G40>E40*(1+0.5),G40<E40*(1-0.5)),"La valeur saisie diffère grandement des coûts utilisés dans le modèle. Assurez-vous qu'il ne s'agit pas d'une erreur de saisie",""))
A41: Assurances diverses | E41: 0 | H41: =IF(G41="","",IF(OR(G41>E41*(1+0.5),G41<E41*(1-0.5)),"La valeur saisie diffère grandement des coûts utilisés dans le modèle. Assurez-vous qu'il ne s'agit pas d'une erreur de saisie",""))
A42: Taxes foncières | E42: 0 | H42: =IF(G42="","",IF(OR(G42>E42*(1+0.5),G42<E42*(1-0.5)),"La valeur saisie diffère grandement des coûts utilisés dans le modèle. Assurez-vous qu'il ne s'agit pas d'une erreur de saisie",""))
A43: Intérêts sur emprunts à moyen et long terme | E43: 0 | H43: =IF(G43="","",IF(OR(G43>E43*(1+0.5),G43<E43*(1-0.5)),"La valeur saisie diffère grandement des coûts utilisés dans le modèle. Assurez-vous qu'il ne s'agit pas d'une erreur de saisie",""))
A44: Autres frais | E44: 63.57 | H44: =IF(G44="","",IF(OR(G44>E44*(1+0.5),G44<E44*(1-0.5)),"La valeur saisie diffère grandement des coûts utilisés dans le modèle. Assurez-vous qu'il ne s'agit pas d'une erreur de saisie",""))
B45: Sous-total | E45: =SUM(E40:E44) -> 74.3 | G45: =SUM(G40:G44) -> 0
A47: MARGE BÉNÉFICIAIRE APRÈS FRAIS MONÉTAIRES | E47: =E37-E45 -> 628.36884 | G47: =G37-G45 -> 953.92
A49: FRAIS NON MONÉTAIRES
A50: Amortissements | E50: 165.93 | H50: =IF(G50="","",IF(OR(G50>E50*(1+0.5),G50<E50*(1-0.5)),"La valeur saisie diffère grandement des coûts utilisés dans le modèle. Assurez-vous qu'il ne s'agit pas d'une erreur de saisie",""))
A51: Rénumération du travail de l'exploitant | E51: 178.96 | H51: =IF(G51="","",IF(OR(G51>E51*(1+0.5),G51<E51*(1-0.5)),"La valeur saisie diffère grandement des coûts utilisés dans le modèle. Assurez-vous qu'il ne s'agit pas d'une erreur de saisie",""))
A52: Rénumération de l'avoir du propriétaire | E52: 29.26 | H52: =IF(G52="","",IF(OR(G52>E52*(1+0.5),G52<E52*(1-0.5)),"La valeur saisie diffère grandement des coûts utilisés dans le modèle. Assurez-vous qu'il ne s'agit pas d'une erreur de saisie",""))
B53: Sous-total | E53: =SUM(E50:E52) -> 374.15 | G53: =SUM(G50:G52) -> 0
A55: MARGE BÉNÉFICIAIRE APRÈS LES AMORTISSEMENTS ET LES RÉMUNÉRATIONS DU TRAVAIL ET DE L'AVOIR | E55: =E47-E53 -> 254.21884 | G55: =G47-G53 -> 953.92

Sheet Seigle_hybride
E1: $/ha | G1: $/ha
E2: Centrale | G2: Vos Coûts
A3: PRODUITS
A4: Vente | E4: =Saisies!B15*Saisies!B28 -> 1512.5 | G4: =IF(Saisies!C15="",Saisies!B15,Saisies!C15)*IF(Saisies!C28="",Saisies!B28,Saisies!C28) -> 1512.5 | H4: =IF(G4="","",IF(OR(G4>E4*(1+0.5),G4<E4*(1-0.5)),"La valeur saisie diffère grandement des coûts utilisés dans le modèle. Assurez-vous qu'il ne s'agit pas d'une erreur de saisie",""))
A5: Compensation d'assurance stabilisation | E5: =IF(ASRA_Calculs!$B$8<ASRA_Calculs!$C$8,(ASRA_Calculs!$C$8-ASRA_Calculs!$B$8)*ASRA_Calculs!$D$8,0) -> 0 | G5: =IF(ASRA_Calculs!$B$8<ASRA_Calculs!$C$8,(ASRA_Calculs!$C$8-ASRA_Calculs!$B$8)*ASRA_Calculs!$D$8,0) -> 0 | H5: =IF(G5="","",IF(OR(G5>E5*(1+0.5),G5<E5*(1-0.5)),"La valeur saisie diffère grandement des coûts utilisés dans le modèle. Assurez-vous qu'il ne s'agit pas d'une erreur de saisie",""))
A6: Revenus de pailles | E6: 405.9 | H6: =IF(G6="","",IF(OR(G6>E6*(1+0.5),G6<E6*(1-0.5)),"La valeur saisie diffère grandement des coûts utilisés dans le modèle. Assurez-vous qu'il ne s'agit pas d'une erreur de saisie",""))
A7: Agri-Québec et Agri-Investissement | E7: =(E4+E6-E15)*0.042 -> 71.7528 | G7: =(G4+G6-G15)*0.042 -> 63.525 | H7: =IF(G7="","",IF(OR(G7>E7*(1+0.5),G7<E7*(1-0.5)),"La valeur saisie diffère grandement des coûts utilisés dans le modèle. Assurez-vous qu'il ne s'agit pas d'une erreur de saisie",""))
A8: Autres revenus | E8: 42.35 | H8: =IF(G8="","",IF(OR(G8>E8*(1+0.5),G8<E8*(1-0.5)),"La valeur saisie diffère grandement des coûts utilisés dans le modèle. Assurez-vous qu'il ne s'agit pas d'une erreur de saisie",""))
A9: Autres revenus | E9: =SUM(E7:E8) -> 114.1028 | G9: =SUM(G7:G8) -> 63.525
A11: TOTAL PRODUITS | E11: =SUM(E4:E9) -> 2146.6056 | G11: =SUM(G4:G9) -> 1639.55
A14: FRAIS VARIABLES
A15: Semences | E15: 210 | H15: =IF(G15="","",IF(OR(G15>E15*(1+0.5),G15<E15*(1-0.5)),"La valeur saisie diffère grandement des coûts utilisés dans le modèle. Assurez-vous qu'il ne s'agit pas d'une erreur de saisie",""))
A16: Fertilisants | E16: 149 | H16: =IF(G16="","",IF(OR(G16>E16*(1+0.5),G16<E16*(1-0.5)),"La valeur saisie diffère grandement des coûts utilisés dans le modèle. Assurez-vous qu'il ne s'agit pas d'une erreur de saisie",""))
A17: Chaulage | E17: 0 | H17: =IF(G17="","",IF(OR(G17>E17*(1+0.5),G17<E17*(1-0.5)),"La valeur saisie diffère grandement des coûts utilisés dans le modèle. Assurez-vous qu'il ne s'agit pas d'une erreur de saisie",""))
A18: Pesticides | E18: 3.44 | H18: =IF(G18="","",IF(OR(G18>E18*(1+0.5),G18<E18*(1-0.5)),"La valeur saisie diffère grandement des coûts utilisés dans le modèle. Assurez-vous qu'il ne s'agit pas d'une erreur de saisie",""))
A19: Total des intrants | E19: =SUM(E15:E18) -> 362.44 | G19: =SUM(G15:G18) -> 0
A20: Location de machineries, bâtiments | E20: 172.69 | H20: =IF(G20="","",IF(OR(G20>E20*(1+0.5),G20<E20*(1-0.5)),"La valeur saisie diffère grandement des coûts utilisés dans le modèle. Assurez-vous qu'il ne s'agit pas d'une erreur de saisie",""))
A21: Location de fonds de terre | E21: 0 | H21: =IF(G21="","",IF(OR(G21>E21*(1+0.5),G21<E21*(1-0.5)),"La valeur saisie diffère grandement des coûts utilisés dans le modèle. Assurez-vous qu'il ne s'agit pas d'une erreur de saisie",""))
A22: Travaux à forfait | E22: 0 | H22: =IF(G22="","",IF(OR(G22>E22*(1+0.5),G22<E22*(1-0.5)),"La valeur saisie diffère grandement des coûts utilisés dans le modèle. Assurez-vous qu'il ne s'agit pas d'une erreur de saisie",""))
A23: Mais-d'oeuvre additionnelle | E23: 0 | H23: =IF(G23="","",IF(OR(G23>E23*(1+0.5),G23<E23*(1-0.5)),"La valeur saisie diffère grandement des coûts utilisés dans le modèle. Assurez-vous qu'il ne s'agit pas d'une erreur de saisie",""))
A24: Entretien et réparation machinerie | E24: 113.14 | H24: =IF(G24="","",IF(OR(G24>E24*(1+0.5),G24<E24*(1-0.5)),"La valeur saisie diffère grandement des coûts utilisés dans le modèle. Assurez-vous qu'il ne s'agit pas d'une erreur de saisie",""))
A25: Carburants | E25: 0 | H25: =IF(G25="","",IF(OR(G25>E25*(1+0.5),G25<E25*(1-0.5)),"La valeur saisie diffère grandement des coûts utilisés dans le modèle. Assurez-vous qu'il ne s'agit pas d'une erreur de saisie",""))
A26: Gaz propane | D26: =0/4 -> 0 | E26: 0 | H26: =IF(G26="","",IF(OR(G26>E26*(1+0.5),G26<E26*(1-0.5)),"La valeur saisie diffère grandement des coûts utilisés dans le modèle. Assurez-vous qu'il ne s'agit pas d'une erreur de saisie",""))
A27: Total des frais de machinerie et main-d'oeuvre | E27: =SUM(E20:E26) -> 285.83 | G27: =SUM(G20:G26) -> 0
A28: Électricité | E28: 31.1 | H28: =IF(G28="","",IF(OR(G28>E28*(1+0.5),G28<E28*(1-0.5)),"La valeur saisie diffère grandement des coûts utilisés dans le modèle. Assurez-vous qu'il ne s'agit pas d'une erreur de saisie",""))
A29: Frais de mise en marché | D29: =18.2/4 -> 4.55 | E29: 18.2 | H29: =IF(G29="","",IF(OR(G29>E29*(1+0.5),G29<E29*(1-0.5)),"La valeur saisie diffère grandement des coûts utilisés dans le modèle. Assurez-vous qu'il ne s'agit pas d'une erreur de saisie",""))
A30: Intérêts sur emprunt à court terme | E30: 85.04 | H30: =IF(G30="","",IF(OR(G30>E30*(1+0.5),G30<E30*(1-0.5)),"La valeur saisie diffère grandement des coûts utilisés dans le modèle. Assurez-vous qu'il ne s'agit pas d'une erreur de saisie",""))
A31: Total des autres frais directs | E31: =SUM(E28:E30) -> 134.34 | G31: =SUM(G28:G30) -> 0
B32: Sous-total | E32: =E19+E27+E31 -> 782.61 | G32: =G19+G27+G31 -> 0
A34: Contribution d'assurance stabilisation | E34: 0 | H34: =IF(G34="","",IF(OR(G34>E34*(1+0.5),G34<E34*(1-0.5)),"La valeur saisie diffère grandement des coûts utilisés dans le modèle. Assurez-vous qu'il ne s'agit pas d'une erreur de saisie",""))
A35: Contribution aux autres programmes | E35: 0 | H35: =IF(G35="","",IF(OR(G35>E35*(1+0.5),G35<E35*(1-0.5)),"La valeur saisie diffère grandement des coûts utilisés dans le modèle. Assurez-vous qu'il ne s'agit pas d'une erreur de saisie",""))
A37: MARGE BÉNÉFICIAIRE APRÈS COÛTS VARIABLES | E37: =E11-(E32+SUM(E34:E35)) -> 1363.9956 | G37: =G11-(G32+SUM(G34:G35)) -> 1639.55
A39: FRAIS FIXES
A40: Entretien bâtiments et fonds de terre | E40: 10.73 | H40: =IF(G40="","",IF(OR(G40>E40*(1+0.5),G40<E40*(1-0.5)),"La valeur saisie diffère grandement des coûts utilisés dans le modèle. Assurez-vous qu'il ne s'agit pas d'une erreur de saisie",""))
A41: Assurances diverses | E41: 0 | H41: =IF(G41="","",IF(OR(G41>E41*(1+0.5),G41<E41*(1-0.5)),"La valeur saisie diffère grandement des coûts utilisés dans le modèle. Assurez-vous qu'il ne s'agit pas d'une erreur de saisie",""))
A42: Taxes foncières | E42: 0 | H42: =IF(G42="","",IF(OR(G42>E42*(1+0.5),G42<E42*(1-0.5)),"La valeur saisie diffère grandement des coûts utilisés dans le modèle. Assurez-vous qu'il ne s'agit pas d'une erreur de saisie",""))
A43: Intérêts sur emprunts à moyen et long terme | E43: 0 | H43: =IF(G43="","",IF(OR(G43>E43*(1+0.5),G43<E43*(1-0.5)),"La valeur saisie diffère grandement des coûts utilisés dans le modèle. Assurez-vous qu'il ne s'agit pas d'une erreur de saisie",""))
A44: Autres frais | E44: 63.57 | H44: =IF(G44="","",IF(OR(G44>E44*(1+0.5),G44<E44*(1-0.5)),"La valeur saisie diffère grandement des coûts utilisés dans le modèle. Assurez-vous qu'il ne s'agit pas d'une erreur de saisie",""))
B45: Sous-total | E45: =SUM(E40:E44) -> 74.3 | G45: =SUM(G40:G44) -> 0
A47: MARGE BÉNÉFICIAIRE APRÈS FRAIS MONÉTAIRES | E47: =E37-E45 -> 1289.6956 | G47: =G37-G45 -> 1639.55
A49: FRAIS NON MONÉTAIRES
A50: Amortissements | E50: 165.93 | H50: =IF(G50="","",IF(OR(G50>E50*(1+0.5),G50<E50*(1-0.5)),"La valeur saisie diffère grandement des coûts utilisés dans le modèle. Assurez-vous qu'il ne s'agit pas d'une erreur de saisie",""))
A51: Rénumération du travail de l'exploitant | E51: 178.96 | H51: =IF(G51="","",IF(OR(G51>E51*(1+0.5),G51<E51*(1-0.5)),"La valeur saisie diffère grandement des coûts utilisés dans le modèle. Assurez-vous qu'il ne s'agit pas d'une erreur de saisie",""))
A52: Rénumération de l'avoir du propriétaire | E52: 29.26 | H52: =IF(G52="","",IF(OR(G52>E52*(1+0.5),G52<E52*(1-0.5)),"La valeur saisie diffère grandement des coûts utilisés dans le modèle. Assurez-vous qu'il ne s'agit pas d'une erreur de saisie",""))
B53: Sous-total | E53: =SUM(E50:E52) -> 374.15 | G53: =SUM(G50:G52) -> 0
A55: MARGE BÉNÉFICIAIRE APRÈS LES AMORTISSEMENTS ET LES RÉMUNÉRATIONS DU TRAVAIL ET DE L'AVOIR | E55: =E47-E53 -> 915.5456 | G55: =G47-G53 -> 1639.55

Sheet Cultures de couverture
A1: Mélange avoine-pois-radis précédant un maïs
B2: Quantité (kg/ha) | C2: Prix ($/25kg) | D2: Total ($/ha) | E2: Total ($/ha)
A3: Coûts de semences
A4: Pois fourrager | B4: 40 | C4: 30.24 | D4: =ROUND(B4/25*C4,2) -> 48.38
A5: Avoine | B5: 20 | C5: 26.43 | D5: =ROUND(B5/25*C5,2) -> 21.14
A6: Radis huileux | B6: 3 | C6: 134.08 | D6: =ROUND(B6/25*C6,2) -> 16.09
A7: Opérations de semis | E7: =SUM(D4:D6) -> 85.61
A8: Coûts de semis-direct | E8: 54.45
A10: Coût total de la culture de couverture | E10: =E7+E8 -> 140.06
A13: Correspond à un mélange de pois fourrager, avoine et radis huileux. Les doses de semis proviennent du guide des cultures de couverture en grandes cultures provenant du CRAAQ. Le coût des semences provient des références économiques du CRAAQ sur les grains de semences. Le coût du semis-direct provient des références économique du CRAAQ sur la machinerie.

Sheet ASRA_Calculs
A1: 2020-2021 | B1: Revenu stabilisé ajusté | C1: Prix de marché | D1: Rendement du modèle
A2: Maïs-grain | B2: 0 | C2: 0 | D2: 0
A3: Soya | B3: 0 | C3: 0 | D3: 0
A4: Orge | B4: 240.5 | C4: 240.12 | D4: 3.21
A5: Avoine | B5: 272.29 | C5: 243.64 | D5: 2.8
A6: Blé d'alimentation humaine | B6: 277.09 | C6: 276.01 | D6: 3.73
A7: Blé d'alimentation animale | B7: 257.53 | C7: 283.1 | D7: 3.56
A8: Seigle | B8: 0 | C8: 0 | D8: 0

Sheet Rendements_CECPA
A1: tm/ha
B2: Centrale Conventionnelle
A3: Maïs-grain | B3: 10.9
A4: Soya | B4: 3.9
A5: Orge | B5: 3.8
A6: Avoine | B6: 2.8
A7: Blé d'automne | B7: =ROUND(B8*1.25,1) -> 4.5
A8: Blé de printemps | B8: 3.6
A9: Seigle | B9: 3.2
A10: Seigle hybride | B10: =B7+1 -> 5.5
A12: Région & Régie | B12: =Saisies!B1&" "&Saisies!B2 -> Centrale Conventionnelle

Sheet Prix_CECPA
A1: $/tm
B2: Centrale Conventionnelle
A3: Maïs-grain | B3: 341
A4: Soya | B4: 580
A5: Orge | B5: 275
A6: Avoine | B6: 278
A7: Blé d'automne | B7: 366
A8: Blé de printemps | B8: 366
A9: Seigle | B9: =ROUND(B7*0.75,0) -> 275
A10: Seigle hybride | B10: =ROUND(B7*0.75,0) -> 275
A12: Région et Régie | B12: =Saisies!B1&" "&Saisies!B2 -> Centrale Conventionnelle

Sheet Intermédiaire_Prod-Résultats
D1: Aucun gains agronomiques | AB1: 50 % de gains agronomiques | AZ1: 100 % de gains agronomiques
D2: =Saisies!B1 -> Centrale | E2: Votre ferme | G2: =D2 -> Centrale | H2: Votre ferme | J2: =G2 -> Centrale | K2: Votre ferme | M2: =J2 -> Centrale | N2: Votre ferme | P2: =M2 -> Centrale | Q2: Votre ferme | S2: =P2 -> Centrale | T2: Votre ferme | V2: Centrale | W2: Votre ferme | Y2: Centrale | Z2: Votre ferme | AB2: =D2 -> Centrale | AC2: Votre ferme | AE2: =AB2 -> Centrale | AF2: Votre ferme | AH2: =AE2 -> Centrale | AI2: Votre ferme | AK2: =AH2 -> Centrale | AL2: Votre ferme | AN2: =AK2 -> Centrale | AO2: Votre ferme | AQ2: =AN2 -> Centrale | AR2: Votre ferme | AT2: =AQ2 -> Centrale | AU2: =AR2 -> Votre ferme | AW2: =AT2 -> Centrale | AX2: =AU2 -> Votre ferme | AZ2: =AB2 -> Centrale | BA2: Votre ferme | BC2: =AZ2 -> Centrale | BD2: Votre ferme | BF2: =BC2 -> Centrale | BG2: Votre ferme | BI2: =BF2 -> Centrale | BJ2: Votre ferme | BL2: =BI2 -> Centrale | BM2: Votre ferme | BO2: =BL2 -> Centrale | BP2: Votre ferme | BR2: =BO2 -> Centrale | BS2: =BP2 -> Votre ferme | BU2: =BR2 -> Centrale | BV2: =BS2 -> Votre ferme
D3: Maïs-grain | E3: Maïs-grain | G3: Soya | H3: Soya | J3: Orge | K3: Orge | M3: Avoine | N3: Avoine | P3: Blé d'automne | Q3: =P3 -> Blé d'automne | S3: Blé de printemps | T3: Blé de printemps | V3: Seigle | W3: Seigle | Y3: Seigle hybride | Z3: Seigle hybride | AB3: Maïs-grain | AC3: Maïs-grain | AE3: Soya | AF3: Soya | AH3: Orge | AI3: Orge | AK3: Avoine | AL3: Avoine | AN3: Blé d'automne | AO3: =AN3 -> Blé d'automne | AQ3: Blé de printemps | AR3: Blé de printemps | AT3: Seigle | AU3: Seigle | AW3: Seigle hybride | AX3: Seigle hybride | AZ3: Maïs-grain | BA3: Maïs-grain | BC3: Soya | BD3: Soya | BF3: Orge | BG3: Orge | BI3: Avoine | BJ3: Avoine | BL3: Blé d'automne | BM3: =BL3 -> Blé d'automne | BO3: Blé de printemps | BP3: Blé de printemps | BR3: Seigle | BS3: Seigle | BU3: Seigle hybride | BV3: Seigle hybride
A4: PRODUITS
A5: Vente | D5: ='Maïs-grain'!E4*(1+Saisies!B39*Saisies!B59) -> 3716.9 | E5: =IF('Maïs-grain'!G4="",'Intermédiaire_Prod-Résultats'!D5,'Maïs-grain'!G4)*(1+IF(Saisies!C39="",Saisies!B39,Saisies!C39)*IF(Saisies!C59="",Saisies!B59,Saisies!C59)) -> 3716.9 | G5: =Soya!E4*(1+Saisies!B40*Saisies!B59) -> 2262 | H5: =IF(Soya!G4="",'Intermédiaire_Prod-Résultats'!G5,Soya!G4)*(1+IF(Saisies!C40="",Saisies!B40,Saisies!C40)*IF(Saisies!C59="",Saisies!B59,Saisies!C59)) -> 2262 | J5: =Orge!E4*(1+Saisies!B41*Saisies!B59) -> 1045 | K5: =IF(Orge!G4="",'Intermédiaire_Prod-Résultats'!J5,Orge!G4)*(1+IF(Saisies!C41="",Saisies!B41,Saisies!C41)*IF(Saisies!C59="",Saisies!B59,Saisies!C59)) -> 1045 | M5: =Avoine!E4*(1+Saisies!B42*Saisies!B59) -> 778.4 | N5: =IF(Avoine!G4="",'Intermédiaire_Prod-Résultats'!M5,Avoine!G4)*(1+IF(Saisies!C42="",Saisies!B42,Saisies!C42)*IF(Saisies!C59="",Saisies!B59,Saisies!C59)) -> 778.4 | P5: ='Blé_d''automne'!E4*(1+Saisies!B44*Saisies!B59) -> 1647 | Q5: =IF('Blé_d''automne'!G4="",'Intermédiaire_Prod-Résultats'!P5,'Blé_d''automne'!G4)*(1+IF(Saisies!C44="",Saisies!B44,Saisies!C44)*IF(Saisies!C59="",Saisies!B59,Saisies!C59)) -> 1647 | S5: =Blé_printemps!E4*(1+Saisies!B43*Saisies!B59) -> 1317.6 | T5: =IF(Blé_printemps!G4="",'Intermédiaire_Prod-Résultats'!S5,Blé_printemps!G4)*(1+IF(Saisies!C43="",Saisies!B43,Saisies!C43)*IF(Saisies!C59="",Saisies!B59,Saisies!C59)) -> 1317.6 | V5: =Seigle!E4*(1+Saisies!B45*Saisies!B59) -> 880 | W5: =IF(Seigle!G4="",'Intermédiaire_Prod-Résultats'!V5,Seigle!G4)*(1+IF(Saisies!C45="",Saisies!B45,Saisies!C45)*IF(Saisies!C59="",Saisies!B59,Saisies!C59)) -> 880 | Y5: =Seigle_hybride!E4*(1+Saisies!B46*Saisies!B59) -> 1512.5 | Z5: =IF(Seigle_hybride!G4="",'Intermédiaire_Prod-Résultats'!Y5,Seigle_hybride!G4)*(1+IF(Saisies!C46="",Saisies!B46,Saisies!C46)*IF(Saisies!C59="",Saisies!B59,Saisies!C59)) -> 1512.5 | AB5: ='Maïs-grain'!E4*(1+Saisies!B39*Saisies!B60) -> 3939.914 | AC5: =IF('Maïs-grain'!G4="",IF(Saisies!C8="",Saisies!B8,Saisies!C8)*IF(Saisies!C21="",Saisies!B21,Saisies!C21),'Maïs-grain'!G4)*(1+IF(Saisies!C39="",Saisies!B39,Saisies!C39)*IF(Saisies!C60="",Saisies!B60,Saisies!C60)) -> 3939.914 | AE5: =Soya!E4*(1+Saisies!B40*Saisies!B60) -> 2375.1 | AF5: =IF(Soya!G4="",IF(Saisies!C9="",Saisies!B9,Saisies!C9)*IF(Saisies!C22="",Saisies!B22,Saisies!C22),Soya!G4)*(1+IF(Saisies!C40="",Saisies!B40,Saisies!C40)*IF(Saisies!C60="",Saisies!B60,Saisies!C60)) -> 2375.1 | AH5: =Orge!E4*(1+Saisies!B41*Saisies!B60) -> 1102.475 | AI5: =IF(Orge!G4="",IF(Saisies!C10="",Saisies!B10,Saisies!C10)*IF(Saisies!C23="",Saisies!B23,Saisies!C23),Orge!G4)*(1+IF(Saisies!C41="",Saisies!B41,Saisies!C41)*IF(Saisies!C60="",Saisies!B60,Saisies!C60)) -> 1102.475 | AK5: =Avoine!E4*(1+Saisies!B42*Saisies!B60) -> 821.212 | AL5: =IF(Avoine!G4="",IF(Saisies!C11="",Saisies!B11,Saisies!C11)*IF(Saisies!C24="",Saisies!B24,Saisies!C24),Avoine!G4)*(1+IF(Saisies!C42="",Saisies!B42,Saisies!C42)*IF(Saisies!C60="",Saisies!B60,Saisies!C60)) -> 821.212 | AN5: ='Blé_d''automne'!E4*(1+Saisies!B44*Saisies!B60) -> 1737.585 | AO5: =IF('Blé_d''automne'!G4="",IF(Saisies!C13="",Saisies!B13,Saisies!C13)*IF(Saisies!C26="",Saisies!B26,Saisies!C26),'Blé_d''automne'!G4)*(1+IF(Saisies!C44="",Saisies!B44,Saisies!C44)*IF(Saisies!C60="",Saisies!B60,Saisies!C60)) -> 1737.585 | AQ5: =Blé_printemps!E4*(1+Saisies!B43*Saisies!B60) -> 1390.068 | AR5: =IF(Blé_printemps!G4="",IF(Saisies!C12="",Saisies!B12,Saisies!C12)*IF(Saisies!C25="",Saisies!B25,Saisies!C25),Blé_printemps!G4)*(1+IF(Saisies!C43="",Saisies!B43,Saisies!C43)*IF(Saisies!C60="",Saisies!B60,Saisies!C60)) -> 1390.068 | AT5: =Seigle!E4*(1+Saisies!B45*Saisies!B60) -> 928.4 | AU5: =IF(Seigle!G4="",IF(Saisies!C14="",Saisies!B14,Saisies!C14)*IF(Saisies!C27="",Saisies!B27,Saisies!C27),Seigle!G4)*(1+IF(Saisies!C45="",Saisies!B45,Saisies!C45)*IF(Saisies!C60="",Saisies!B60,Saisies!C60)) -> 928.4 | AW5: =Seigle_hybride!E4*(1+Saisies!B46*Saisies!B60) -> 1595.6875 | AX5: =IF(Seigle_hybride!G4="",IF(Saisies!C15="",Saisies!B15,Saisies!C15)*IF(Saisies!C28="",Saisies!B28,Saisies!C28),Seigle_hybride!G4)*(1+IF(Saisies!C46="",Saisies!B46,Saisies!C46)*IF(Saisies!C60="",Saisies!B60,Saisies!C60)) -> 1595.6875 | AZ5: ='Maïs-grain'!E4*(1+Saisies!B39*Saisies!B61) -> 4162.928 | BA5: =IF('Maïs-grain'!G4="",IF(Saisies!C8="",Saisies!B8,Saisies!C8)*IF(Saisies!C21="",Saisies!B21,Saisies!C21),'Maïs-grain'!G4)*(1+IF(Saisies!C39="",Saisies!B39,Saisies!C39)*IF(Saisies!C61="",Saisies!B61,Saisies!C61)) -> 4162.928 | BC5: =Soya!E4*(1+Saisies!B40*Saisies!B61) -> 2488.2 | BD5: =IF(Soya!G4="",IF(Saisies!C9="",Saisies!B9,Saisies!C9)*IF(Saisies!C22="",Saisies!B22,Saisies!C22),Soya!G4)*(1+IF(Saisies!C40="",Saisies!B40,Saisies!C40)*IF(Saisies!C61="",Saisies!B61,Saisies!C61)) -> 2488.2 | BF5: =Orge!E4*(1+Saisies!B41*Saisies!B61) -> 1159.95 | BG5: =IF(Orge!G4="",IF(Saisies!C10="",Saisies!B10,Saisies!C10)*IF(Saisies!C23="",Saisies!B23,Saisies!C23),Orge!G4)*(1+IF(Saisies!C41="",Saisies!B41,Saisies!C41)*IF(Saisies!C61="",Saisies!B61,Saisies!C61)) -> 1159.95 | BI5: =Avoine!E4*(1+Saisies!B42*Saisies!B61) -> 864.024 | BJ5: =IF(Avoine!G4="",IF(Saisies!C11="",Saisies!B11,Saisies!C11)*IF(Saisies!C24="",Saisies!B24,Saisies!C24),Avoine!G4)*(1+IF(Saisies!C42="",Saisies!B42,Saisies!C42)*IF(Saisies!C61="",Saisies!B61,Saisies!C61)) -> 864.024 | BL5: ='Blé_d''automne'!E4*(1+Saisies!B44*Saisies!B61) -> 1828.17 | BM5: =IF('Blé_d''automne'!G4="",IF(Saisies!C13="",Saisies!B13,Saisies!C13)*IF(Saisies!C26="",Saisies!B26,Saisies!C26),'Blé_d''automne'!G4)*(1+IF(Saisies!C44="",Saisies!B44,Saisies!C44)*IF(Saisies!C61="",Saisies!B61,Saisies!C61)) -> 1828.17 | BO5: =Blé_printemps!E4*(1+Saisies!B43*Saisies!B61) -> 1462.536 | BP5: =IF(Blé_printemps!G4="",IF(Saisies!C12="",Saisies!B12,Saisies!C12)*IF(Saisies!C25="",Saisies!B25,Saisies!C25),Blé_printemps!G4)*(1+IF(Saisies!C43="",Saisies!B43,Saisies!C43)*IF(Saisies!C61="",Saisies!B61,Saisies!C61)) -> 1462.536 | BR5: =Seigle!E4*(1+Saisies!B45*Saisies!B61) -> 976.8 | BS5: =IF(Seigle!G4="",IF(Saisies!C14="",Saisies!B14,Saisies!C14)*IF(Saisies!C27="",Saisies!B27,Saisies!C27),Seigle!G4)*(1+IF(Saisies!C45="",Saisies!B45,Saisies!C45)*IF(Saisies!C61="",Saisies!B61,Saisies!C61)) -> 976.8 | BU5: =Seigle_hybride!E4*(1+Saisies!B46*Saisies!B61) -> 1678.875 | BV5: =IF(Seigle_hybride!G4="",IF(Saisies!C15="",Saisies!B15,Saisies!C15)*IF(Saisies!C28="",Saisies!B28,Saisies!C28),Seigle_hybride!G4)*(1+IF(Saisies!C46="",Saisies!B46,Saisies!C46)*IF(Saisies!C61="",Saisies!B61,Saisies!C61)) -> 1678.875
A6: Compensation d'assurance stabilisation | D6: ='Maïs-grain'!E5 -> 0 | E6: =IF('Maïs-grain'!G5="",'Intermédiaire_Prod-Résultats'!D6,'Maïs-grain'!G5) -> 0 | G6: =Soya!E5 -> 0 | H6: =IF(Soya!G5="",'Intermédiaire_Prod-Résultats'!G6,Soya!G5) -> 0 | J6: =Orge!E5 -> 0 | K6: =IF(Orge!G5="",'Intermédiaire_Prod-Résultats'!J6,Orge!G5) -> 0 | M6: =Avoine!E5 -> 0 | N6: =IF(Avoine!G5="",'Intermédiaire_Prod-Résultats'!M6,Avoine!G5) -> 0 | P6: ='Blé_d''automne'!E5 -> 0 | Q6: =IF('Blé_d''automne'!G5="",'Intermédiaire_Prod-Résultats'!P6,'Blé_d''automne'!G5) -> 0 | S6: =Blé_printemps!E5 -> 0 | T6: =IF(Blé_printemps!G5="",'Intermédiaire_Prod-Résultats'!S6,Blé_printemps!G5) -> 0 | V6: =Seigle!E5 -> 0 | W6: =IF(Seigle!G5="",'Intermédiaire_Prod-Résultats'!V6,Seigle!G5) -> 0 | Y6: =Seigle_hybride!E5 -> 0 | Z6: =IF(Seigle_hybride!G5="",'Intermédiaire_Prod-Résultats'!Y6,Seigle_hybride!G5) -> 0 | AB6: ='Maïs-grain'!E5 -> 0 | AC6: =IF('Maïs-grain'!G5="",'Intermédiaire_Prod-Résultats'!AB6,'Maïs-grain'!G5) -> 0 | AE6: =Soya!E5 -> 0 | AF6: =IF(Soya!G5="",'Intermédiaire_Prod-Résultats'!AE6,Soya!G5) -> 0 | AH6: =Orge!E5 -> 0 | AI6: =IF(Orge!G5="",'Intermédiaire_Prod-Résultats'!AH6,Orge!G5) -> 0 | AK6: =Avoine!E5 -> 0 | AL6: =IF(Avoine!G5="",'Intermédiaire_Prod-Résultats'!AK6,Avoine!G5) -> 0 | AN6: ='Blé_d''automne'!E5 -> 0 | AO6: =IF('Blé_d''automne'!G5="",'Intermédiaire_Prod-Résultats'!AN6,'Blé_d''automne'!G5) -> 0 | AQ6: =Blé_printemps!E5 -> 0 | AR6: =IF(Blé_printemps!G5="",'Intermédiaire_Prod-Résultats'!AQ6,Blé_printemps!G5) -> 0 | AT6: =Seigle!E5 -> 0 | AU6: =IF(Seigle!G5="",'Intermédiaire_Prod-Résultats'!AT6,Seigle!G5) -> 0 | AW6: =Seigle_hybride!E5 -> 0 | AX6: =IF(Seigle_hybride!G5="",'Intermédiaire_Prod-Résultats'!AW6,Seigle_hybride!G5) -> 0 | AZ6: ='Maïs-grain'!E5 -> 0 | BA6: =IF('Maïs-grain'!G5="",'Intermédiaire_Prod-Résultats'!AZ6,'Maïs-grain'!G5) -> 0 | BC6: =Soya!E5 -> 0 | BD6: =IF(Soya!G5="",'Intermédiaire_Prod-Résultats'!BC6,Soya!G5) -> 0 | BF6: =Orge!E5 -> 0 | BG6: =IF(Orge!G5="",'Intermédiaire_Prod-Résultats'!BF6,Orge!G5) -> 0 | BI6: =Avoine!E5 -> 0 | BJ6: =IF(Avoine!G5="",'Intermédiaire_Prod-Résultats'!BI6,Avoine!G5) -> 0 | BL6: ='Blé_d''automne'!E5 -> 0 | BM6: =IF('Blé_d''automne'!G5="",'Intermédiaire_Prod-Résultats'!BL6,'Blé_d''automne'!G5) -> 0 | BO6: =Blé_printemps!E5 -> 0 | BP6: =IF(Blé_printemps!G5="",'Intermédiaire_Prod-Résultats'!BO6,Blé_printemps!G5) -> 0 | BR6: =Seigle!E5 -> 0 | BS6: =IF(Seigle!G5="",'Intermédiaire_Prod-Résultats'!BR6,Seigle!G5) -> 0 | BU6: =Seigle_hybride!E5 -> 0 | BV6: =IF(Seigle_hybride!G5="",'Intermédiaire_Prod-Résultats'!BU6,Seigle_hybride!G5) -> 0
A7: Revenus de sous-produits | D7: ='Maïs-grain'!E6 -> 4.21 | E7: =IF('Maïs-grain'!G6="",'Intermédiaire_Prod-Résultats'!D7,'Maïs-grain'!G6) -> 4.21 | G7: =Soya!E6 -> 53.32 | H7: =IF(Soya!G6="",'Intermédiaire_Prod-Résultats'!G7,Soya!G6) -> 53.32 | J7: =Orge!E6 -> 365.61 | K7: =IF(Orge!G6="",'Intermédiaire_Prod-Résultats'!J7,Orge!G6) -> 365.61 | M7: =Avoine!E6 -> 243.44 | N7: =IF(Avoine!G6="",'Intermédiaire_Prod-Résultats'!M7,Avoine!G6) -> 243.44 | P7: ='Blé_d''automne'!E6 -> 392.87 | Q7: =IF('Blé_d''automne'!G6="",'Intermédiaire_Prod-Résultats'!P7,'Blé_d''automne'!G6) -> 392.87 | S7: =Blé_printemps!E6 -> 392.87 | T7: =IF(Blé_printemps!G6="",'Intermédiaire_Prod-Résultats'!S7,Blé_printemps!G6) -> 392.87 | V7: =Seigle!E6 -> 324.72 | W7: =IF(Seigle!G6="",'Intermédiaire_Prod-Résultats'!V7,Seigle!G6) -> 324.72 | Y7: =Seigle_hybride!E6 -> 405.9 | Z7: =IF(Seigle_hybride!G6="",'Intermédiaire_Prod-Résultats'!Y7,Seigle_hybride!G6) -> 405.9 | AB7: ='Maïs-grain'!E6 -> 4.21 | AC7: =IF('Maïs-grain'!G6="",'Intermédiaire_Prod-Résultats'!AB7,'Maïs-grain'!G6) -> 4.21 | AE7: =Soya!E6 -> 53.32 | AF7: =IF(Soya!G6="",'Intermédiaire_Prod-Résultats'!AE7,Soya!G6) -> 53.32 | AH7: =Orge!E6 -> 365.61 | AI7: =IF(Orge!G6="",'Intermédiaire_Prod-Résultats'!AH7,Orge!G6) -> 365.61 | AK7: =Avoine!E6 -> 243.44 | AL7: =IF(Avoine!G6="",'Intermédiaire_Prod-Résultats'!AK7,Avoine!G6) -> 243.44 | AN7: ='Blé_d''automne'!E6 -> 392.87 | AO7: =IF('Blé_d''automne'!G6="",'Intermédiaire_Prod-Résultats'!AN7,'Blé_d''automne'!G6) -> 392.87 | AQ7: =Blé_printemps!E6 -> 392.87 | AR7: =IF(Blé_printemps!G6="",'Intermédiaire_Prod-Résultats'!AQ7,Blé_printemps!G6) -> 392.87 | AT7: =Seigle!E6 -> 324.72 | AU7: =IF(Seigle!G6="",'Intermédiaire_Prod-Résultats'!AT7,Seigle!G6) -> 324.72 | AW7: =Seigle_hybride!E6 -> 405.9 | AX7: =IF(Seigle_hybride!G6="",'Intermédiaire_Prod-Résultats'!AW7,Seigle_hybride!G6) -> 405.9 | AZ7: ='Maïs-grain'!E6 -> 4.21 | BA7: =IF('Maïs-grain'!G6="",'Intermédiaire_Prod-Résultats'!AZ7,'Maïs-grain'!G6) -> 4.21 | BC7: =Soya!E6 -> 53.32 | BD7: =IF(Soya!G6="",'Intermédiaire_Prod-Résultats'!BC7,Soya!G6) -> 53.32 | BF7: =Orge!E6 -> 365.61 | BG7: =IF(Orge!G6="",'Intermédiaire_Prod-Résultats'!BF7,Orge!G6) -> 365.61 | BI7: =Avoine!E6 -> 243.44 | BJ7: =IF(Avoine!G6="",'Intermédiaire_Prod-Résultats'!BI7,Avoine!G6) -> 243.44 | BL7: ='Blé_d''automne'!E6 -> 392.87 | BM7: =IF('Blé_d''automne'!G6="",'Intermédiaire_Prod-Résultats'!BL7,'Blé_d''automne'!G6) -> 392.87 | BO7: =Blé_printemps!E6 -> 392.87 | BP7: =IF(Blé_printemps!G6="",'Intermédiaire_Prod-Résultats'!BO7,Blé_printemps!G6) -> 392.87 | BR7: =Seigle!E6 -> 324.72 | BS7: =IF(Seigle!G6="",'Intermédiaire_Prod-Résultats'!BR7,Seigle!G6) -> 324.72 | BU7: =Seigle_hybride!E6 -> 405.9 | BV7: =IF(Seigle_hybride!G6="",'Intermédiaire_Prod-Résultats'!BU7,Seigle_hybride!G6) -> 405.9
A8: Agri-Québec et Agri-Investissement | D8: =(D5-D15)*0.042 -> 137.78058 | E8: =(E5-E15)*0.042 -> 137.78058 | G8: =(G5-G15)*0.042 -> 86.93244 | H8: =(H5-H15)*0.042 -> 86.93244 | J8: =(J5+J7-J15)*0.01 -> 12.2664 | K8: =(K5+K7-K15)*0.01 -> 12.2664 | M8: =(M5+M7-M15)*0.01 -> 8.8415 | N8: =(N5+N7-N15)*0.01 -> 8.8415 | P8: =(P5+P7-P15)*0.01 -> 18.5071 | Q8: =(Q5+Q7-Q15)*0.01 -> 18.5071 | S8: =(S5+S7-S15)*0.01 -> 15.0784 | T8: =(T5+T7-T15)*0.01 -> 15.0784 | V8: =(V5+V7-V15)*0.01 -> 10.3201 | W8: =(W5+W7-W15)*0.01 -> 10.3201 | Y8: =(Y5+Y7-Y15)*0.01 -> 17.084 | Z8: =(Z5+Z7-Z15)*0.01 -> 17.084 | AB8: =(AB5-AB15)*0.042 -> 147.14717 | AC8: =(AC5-AC15)*0.042 -> 147.14717 | AE8: =(AE5-AE15)*0.042 -> 91.68264 | AF8: =(AF5-AF15)*0.042 -> 91.68264 | AH8: =(AH5+AH7-AH15)*0.01 -> 12.84115 | AI8: =(AI5+AI7-AI15)*0.01 -> 12.84115 | AK8: =(AK5+AK7-AK15)*0.01 -> 9.26962 | AL8: =(AL5+AL7-AL15)*0.01 -> 9.26962 | AN8: =(AN5+AN7-AN15)*0.01 -> 19.41295 | AO8: =(AO5+AO7-AO15)*0.01 -> 19.41295 | AQ8: =(AQ5+AQ7-AQ15)*0.01 -> 15.80308 | AR8: =(AR5+AR7-AR15)*0.01 -> 15.80308 | AT8: =(AT5+AT7-AT15)*0.01 -> 10.8041 | AU8: =(AU5+AU7-AU15)*0.01 -> 10.8041 | AW8: =(AW5+AW7-AW15)*0.01 -> 17.915875 | AX8: =(AX5+AX7-AX15)*0.01 -> 17.915875 | AZ8: =(AZ5-AZ15)*0.042 -> 156.51376 | BA8: =(BA5-BA15)*0.042 -> 156.51376 | BC8: =(BC5-BC15)*0.042 -> 96.43284 | BD8: =(BD5-BD15)*0.042 -> 96.43284 | BF8: =(BF5+BF7-BF15)*0.01 -> 13.4159 | BG8: =(BG5+BG7-BG15)*0.01 -> 13.4159 | BI8: =(BI5+BI7-BI15)*0.01 -> 9.69774 | BJ8: =(BJ5+BJ7-BJ15)*0.01 -> 9.69774 | BL8: =(BL5+BL7-BL15)*0.01 -> 20.3188 | BM8: =(BM5+BM7-BM15)*0.01 -> 20.3188 | BO8: =(BO5+BO7-BO15)*0.01 -> 16.52776 | BP8: =(BP5+BP7-BP15)*0.01 -> 16.52776 | BR8: =(BR5+BR7-BR15)*0.01 -> 11.2881 | BS8: =(BS5+BS7-BS15)*0.01 -> 11.2881 | BU8: =(BU5+BU7-BU15)*0.01 -> 18.74775 | BV8: =(BV5+BV7-BV15)*0.01 -> 18.74775
A9: Autres revenus | D9: ='Maïs-grain'!E8 -> 0 | E9: =IF('Maïs-grain'!G8="",'Intermédiaire_Prod-Résultats'!D9,'Maïs-grain'!G8) -> 0 | G9: =Soya!E8 -> 0 | H9: =IF(Soya!G8="",'Intermédiaire_Prod-Résultats'!G9,Soya!G8) -> 0 | J9: =Orge!E8 -> 75.28 | K9: =IF(Orge!G8="",'Intermédiaire_Prod-Résultats'!J9,Orge!G8) -> 75.28 | M9: =Avoine!E8 -> 85.62 | N9: =IF(Avoine!G8="",'Intermédiaire_Prod-Résultats'!M9,Avoine!G8) -> 85.62 | P9: ='Blé_d''automne'!E8 -> 52.17 | Q9: =IF('Blé_d''automne'!G8="",'Intermédiaire_Prod-Résultats'!P9,'Blé_d''automne'!G8) -> 52.17 | S9: =Blé_printemps!E8 -> 55.6 | T9: =IF(Blé_printemps!G8="",'Intermédiaire_Prod-Résultats'!S9,Blé_printemps!G8) -> 55.6 | V9: =Seigle!E8 -> 70.76 | W9: =IF(Seigle!G8="",'Intermédiaire_Prod-Résultats'!V9,Seigle!G8) -> 70.76 | Y9: =Seigle_hybride!E8 -> 42.35 | Z9: =IF(Seigle_hybride!G8="",'Intermédiaire_Prod-Résultats'!Y9,Seigle_hybride!G8) -> 42.35 | AB9: ='Maïs-grain'!E8 -> 0 | AC9: =IF('Maïs-grain'!G8="",'Intermédiaire_Prod-Résultats'!AB9,'Maïs-grain'!G8) -> 0 | AE9: =Soya!E8 -> 0 | AF9: =IF(Soya!G8="",'Intermédiaire_Prod-Résultats'!AE9,Soya!G8) -> 0 | AH9: =Orge!E8 -> 75.28 | AI9: =IF(Orge!G8="",'Intermédiaire_Prod-Résultats'!AH9,Orge!G8) -> 75.28 | AK9: =Avoine!E8 -> 85.62 | AL9: =IF(Avoine!G8="",'Intermédiaire_Prod-Résultats'!AK9,Avoine!G8) -> 85.62 | AN9: ='Blé_d''automne'!E8 -> 52.17 | AO9: =IF('Blé_d''automne'!G8="",'Intermédiaire_Prod-Résultats'!AN9,'Blé_d''automne'!G8) -> 52.17 | AQ9: =Blé_printemps!E8 -> 55.6 | AR9: =IF(Blé_printemps!G8="",'Intermédiaire_Prod-Résultats'!AQ9,Blé_printemps!G8) -> 55.6 | AT9: =Seigle!E8 -> 70.76 | AU9: =IF(Seigle!G8="",'Intermédiaire_Prod-Résultats'!AT9,Seigle!G8) -> 70.76 | AW9: =Seigle_hybride!E8 -> 42.35 | AX9: =IF(Seigle_hybride!G8="",'Intermédiaire_Prod-Résultats'!AW9,Seigle_hybride!G8) -> 42.35 | AZ9: ='Maïs-grain'!E8 -> 0 | BA9: =IF('Maïs-grain'!G8="",'Intermédiaire_Prod-Résultats'!AZ9,'Maïs-grain'!G8) -> 0 | BC9: =Soya!E8 -> 0 | BD9: =IF(Soya!G8="",'Intermédiaire_Prod-Résultats'!BC9,Soya!G8) -> 0 | BF9: =Orge!E8 -> 75.28 | BG9: =IF(Orge!G8="",'Intermédiaire_Prod-Résultats'!BF9,Orge!G8) -> 75.28 | BI9: =Avoine!E8 -> 85.62 | BJ9: =IF(Avoine!G8="",'Intermédiaire_Prod-Résultats'!BI9,Avoine!G8) -> 85.62 | BL9: ='Blé_d''automne'!E8 -> 52.17 | BM9: =IF('Blé_d''automne'!G8="",'Intermédiaire_Prod-Résultats'!BL9,'Blé_d''automne'!G8) -> 52.17 | BO9: =Blé_printemps!E8 -> 55.6 | BP9: =IF(Blé_printemps!G8="",'Intermédiaire_Prod-Résultats'!BO9,Blé_printemps!G8) -> 55.6 | BR9: =Seigle!E8 -> 70.76 | BS9: =IF(Seigle!G8="",'Intermédiaire_Prod-Résultats'!BR9,Seigle!G8) -> 70.76 | BU9: =Seigle_hybride!E8 -> 42.35 | BV9: =IF(Seigle_hybride!G8="",'Intermédiaire_Prod-Résultats'!BU9,Seigle_hybride!G8) -> 42.35
A11: TOTAL PRODUITS | D11: =SUM(D5:D9) -> 3858.8906 | E11: =SUM(E5:E9) -> 3858.8906 | G11: =SUM(G5:G9) -> 2402.2524 | H11: =SUM(H5:H9) -> 2402.2524 | J11: =SUM(J5:J9) -> 1498.1564 | K11: =SUM(K5:K9) -> 1498.1564 | M11: =SUM(M5:M9) -> 1116.3015 | N11: =SUM(N5:N9) -> 1116.3015 | P11: =SUM(P5:P9) -> 2110.5471 | Q11: =SUM(Q5:Q9) -> 2110.5471 | S11: =SUM(S5:S9) -> 1781.1484 | T11: =SUM(T5:T9) -> 1781.1484 | V11: =SUM(V5:V9) -> 1285.8001 | W11: =SUM(W5:W9) -> 1285.8001 | Y11: =SUM(Y5:Y9) -> 1977.834 | Z11: =SUM(Z5:Z9) -> 1977.834 | AB11: =SUM(AB5:AB9) -> 4091.2712 | AC11: =SUM(AC5:AC9) -> 4091.2712 | AE11: =SUM(AE5:AE9) -> 2520.1026 | AF11: =SUM(AF5:AF9) -> 2520.1026 | AH11: =SUM(AH5:AH9) -> 1556.2061 | AI11: =SUM(AI5:AI9) -> 1556.2061 | AK11: =SUM(AK5:AK9) -> 1159.5416 | AL11: =SUM(AL5:AL9) -> 1159.5416 | AN11: =SUM(AN5:AN9) -> 2202.0379 | AO11: =SUM(AO5:AO9) -> 2202.0379 | AQ11: =SUM(AQ5:AQ9) -> 1854.3411 | AR11: =SUM(AR5:AR9) -> 1854.3411 | AT11: =SUM(AT5:AT9) -> 1334.6841 | AU11: =SUM(AU5:AU9) -> 1334.6841 | AW11: =SUM(AW5:AW9) -> 2061.8534 | AX11: =SUM(AX5:AX9) -> 2061.8534 | AZ11: =SUM(AZ5:AZ9) -> 4323.6518 | BA11: =SUM(BA5:BA9) -> 4323.6518 | BC11: =SUM(BC5:BC9) -> 2637.9528 | BD11: =SUM(BD5:BD9) -> 2637.9528 | BF11: =SUM(BF5:BF9) -> 1614.2559 | BG11: =SUM(BG5:BG9) -> 1614.2559 | BI11: =SUM(BI5:BI9) -> 1202.7817 | BJ11: =SUM(BJ5:BJ9) -> 1202.7817 | BL11: =SUM(BL5:BL9) -> 2293.5288 | BM11: =SUM(BM5:BM9) -> 2293.5288 | BO11: =SUM(BO5:BO9) -> 1927.5338 | BP11: =SUM(BP5:BP9) -> 1927.5338 | BR11: =SUM(BR5:BR9) -> 1383.5681 | BS11: =SUM(BS5:BS9) -> 1383.5681 | BU11: =SUM(BU5:BU9) -> 2145.8727 | BV11: =SUM(BV5:BV9) -> 2145.8727
A14: FRAIS VARIABLES
A15: Semence | D15: ='Maïs-grain'!E15+IF(Saisies!B34="Oui",'Cultures de couverture'!E10,0) -> 436.41 | E15: =IF('Maïs-grain'!G15="",'Intermédiaire_Prod-Résultats'!D15,'Maïs-grain'!G15+IF(Saisies!B34="Oui",'Cultures de couverture'!E10,0)) -> 436.41 | G15: =Soya!E15 -> 192.18 | H15: =IF(Soya!G15="",'Intermédiaire_Prod-Résultats'!G15,Soya!G15) -> 192.18 | J15: =Orge!E15 -> 183.97 | K15: =IF(Orge!G15="",'Intermédiaire_Prod-Résultats'!J15,Orge!G15) -> 183.97 | M15: =Avoine!E15 -> 137.69 | N15: =IF(Avoine!G15="",'Intermédiaire_Prod-Résultats'!M15,Avoine!G15) -> 137.69 | P15: ='Blé_d''automne'!E15 -> 189.16 | Q15: =IF('Blé_d''automne'!G15="",'Intermédiaire_Prod-Résultats'!P15,'Blé_d''automne'!G15) -> 189.16 | S15: =Blé_printemps!E15 -> 202.63 | T15: =IF(Blé_printemps!G15="",'Intermédiaire_Prod-Résultats'!S15,Blé_printemps!G15) -> 202.63 | V15: =Seigle!E15 -> 172.71 | W15: =IF(Seigle!G15="",'Intermédiaire_Prod-Résultats'!V15,Seigle!G15) -> 172.71 | Y15: =Seigle_hybride!E15 -> 210 | Z15: =IF(Seigle_hybride!G15="",'Intermédiaire_Prod-Résultats'!Y15,Seigle_hybride!G15) -> 210 | AB15: ='Maïs-grain'!E15+IF(Saisies!B34="Oui",'Cultures de couverture'!E10,0) -> 436.41 | AC15: =IF('Maïs-grain'!G15="",'Intermédiaire_Prod-Résultats'!AB15,'Maïs-grain'!G15+IF(Saisies!B34="Oui",'Cultures de couverture'!E10,0)) -> 436.41 | AE15: =Soya!E15 -> 192.18 | AF15: =IF(Soya!G15="",'Intermédiaire_Prod-Résultats'!AE15,Soya!G15) -> 192.18 | AH15: =Orge!E15 -> 183.97 | AI15: =IF(Orge!G15="",'Intermédiaire_Prod-Résultats'!AH15,Orge!G15) -> 183.97 | AK15: =Avoine!E15 -> 137.69 | AL15: =IF(Avoine!G15="",'Intermédiaire_Prod-Résultats'!AK15,Avoine!G15) -> 137.69 | AN15: ='Blé_d''automne'!E15 -> 189.16 | AO15: =IF('Blé_d''automne'!G15="",'Intermédiaire_Prod-Résultats'!AN15,'Blé_d''automne'!G15) -> 189.16 | AQ15: =Blé_printemps!E15 -> 202.63 | AR15: =IF(Blé_printemps!G15="",'Intermédiaire_Prod-Résultats'!AQ15,Blé_printemps!G15) -> 202.63 | AT15: =Seigle!E15 -> 172.71 | AU15: =IF(Seigle!G15="",'Intermédiaire_Prod-Résultats'!AT15,Seigle!G15) -> 172.71 | AW15: =Seigle_hybride!E15 -> 210 | AX15: =IF(Seigle_hybride!G15="",'Intermédiaire_Prod-Résultats'!AW15,Seigle_hybride!G15) -> 210 | AZ15: ='Maïs-grain'!E15+IF(Saisies!B34="Oui",'Cultures de couverture'!E10,0) -> 436.41 | BA15: =IF('Maïs-grain'!G15="",'Intermédiaire_Prod-Résultats'!AZ15,'Maïs-grain'!G15+IF(Saisies!B34="Oui",'Cultures de couverture'!E10,0)) -> 436.41 | BC15: =Soya!E15 -> 192.18 | BD15: =IF(Soya!G15="",'Intermédiaire_Prod-Résultats'!BC15,Soya!G15) -> 192.18 | BF15: =Orge!E15 -> 183.97 | BG15: =IF(Orge!G15="",'Intermédiaire_Prod-Résultats'!BF15,Orge!G15) -> 183.97 | BI15: =Avoine!E15 -> 137.69 | BJ15: =IF(Avoine!G15="",'Intermédiaire_Prod-Résultats'!BI15,Avoine!G15) -> 137.69 | BL15: ='Blé_d''automne'!E15 -> 189.16 | BM15: =IF('Blé_d''automne'!G15="",'Intermédiaire_Prod-Résultats'!BL15,'Blé_d''automne'!G15) -> 189.16 | BO15: =Blé_printemps!E15 -> 202.63 | BP15: =IF(Blé_printemps!G15="",'Intermédiaire_Prod-Résultats'!BO15,Blé_printemps!G15) -> 202.63 | BR15: =Seigle!E15 -> 172.71 | BS15: =IF(Seigle!G15="",'Intermédiaire_Prod-Résultats'!BR15,Seigle!G15) -> 172.71 | BU15: =Seigle_hybride!E15 -> 210 | BV15: =IF(Seigle_hybride!G15="",'Intermédiaire_Prod-Résultats'!BU15,Seigle_hybride!G15) -> 210
A16: Fertilisants | D16: ='Maïs-grain'!E16-IF(Saisies!B34="Oui",Saisies!B50*Saisies!B51*Saisies!B59,0) -> 399.03 | E16: =IF('Maïs-grain'!G16="",'Maïs-grain'!E16-IF(Saisies!B34="Oui",IF(Saisies!C50="",Saisies!B50,Saisies!C50)*IF(Saisies!C51="",Saisies!B51,Saisies!C51)*IF(Saisies!C59="",Saisies!B59,Saisies!C59),0),'Maïs-grain'!G16) -> 399.03 | G16: =Soya!E16 -> 47.68 | H16: =IF(Soya!G16="",'Intermédiaire_Prod-Résultats'!G16,Soya!G16) -> 47.68 | J16: =Orge!E16 -> 196.99 | K16: =IF(Orge!G16="",'Intermédiaire_Prod-Résultats'!J16,Orge!G16) -> 196.99 | M16: =Avoine!E16 -> 143.23 | N16: =IF(Avoine!G16="",'Intermédiaire_Prod-Résultats'!M16,Avoine!G16) -> 143.23 | P16: ='Blé_d''automne'!E16 -> 237.55 | Q16: =IF('Blé_d''automne'!G16="",'Intermédiaire_Prod-Résultats'!P16,'Blé_d''automne'!G16) -> 237.55 | S16: =Blé_printemps!E16 -> 237.55 | T16: =IF(Blé_printemps!G16="",'Intermédiaire_Prod-Résultats'!S16,Blé_printemps!G16) -> 237.55 | V16: =Seigle!E16 -> 149.29 | W16: =IF(Seigle!G16="",'Intermédiaire_Prod-Résultats'!V16,Seigle!G16) -> 149.29 | Y16: =Seigle_hybride!E16 -> 149 | Z16: =IF(Seigle_hybride!G16="",'Intermédiaire_Prod-Résultats'!Y16,Seigle_hybride!G16) -> 149 | AB16: ='Maïs-grain'!E16-IF(Saisies!B34="Oui",Saisies!B51*Saisies!B50*Saisies!B60,0) -> 345.53 | AC16: =IF('Maïs-grain'!G16="",'Maïs-grain'!E16-IF(Saisies!B34="Oui",IF(Saisies!C50="",Saisies!B50,Saisies!C50)*IF(Saisies!C51="",Saisies!B51,Saisies!C51)*IF(Saisies!C60="",Saisies!B60,Saisies!C60),0),'Maïs-grain'!G16) -> 345.53 | AE16: =Soya!E16 -> 47.68 | AF16: =IF(Soya!G16="",'Intermédiaire_Prod-Résultats'!AE16,Soya!G16) -> 47.68 | AH16: =Orge!E16 -> 196.99 | AI16: =IF(Orge!G16="",'Intermédiaire_Prod-Résultats'!AH16,Orge!G16) -> 196.99 | AK16: =Avoine!E16 -> 143.23 | AL16: =IF(Avoine!G16="",'Intermédiaire_Prod-Résultats'!AK16,Avoine!G16) -> 143.23 | AN16: ='Blé_d''automne'!E16 -> 237.55 | AO16: =IF('Blé_d''automne'!G16="",'Intermédiaire_Prod-Résultats'!AN16,'Blé_d''automne'!G16) -> 237.55 | AQ16: =Blé_printemps!E16 -> 237.55 | AR16: =IF(Blé_printemps!G16="",'Intermédiaire_Prod-Résultats'!AQ16,Blé_printemps!G16) -> 237.55 | AT16: =Seigle!E16 -> 149.29 | AU16: =IF(Seigle!G16="",'Intermédiaire_Prod-Résultats'!AT16,Seigle!G16) -> 149.29 | AW16: =Seigle_hybride!E16 -> 149 | AX16: =IF(Seigle_hybride!G16="",'Intermédiaire_Prod-Résultats'!AW16,Seigle_hybride!G16) -> 149 | AZ16: ='Maïs-grain'!E16-IF(Saisies!B34="Oui",Saisies!B50*Saisies!B51*Saisies!B61,0) -> 292.03 | BA16: =IF('Maïs-grain'!G16="",'Maïs-grain'!E16-IF(Saisies!B34="Oui",IF(Saisies!C50="",Saisies!B50,Saisies!C50)*IF(Saisies!C51="",Saisies!B51,Saisies!C51)*IF(Saisies!C61="",Saisies!B61,Saisies!C61),0),'Maïs-grain'!G16) -> 292.03 | BC16: =Soya!E16 -> 47.68 | BD16: =IF(Soya!G16="",'Intermédiaire_Prod-Résultats'!BC16,Soya!G16) -> 47.68 | BF16: =Orge!E16 -> 196.99 | BG16: =IF(Orge!G16="",'Intermédiaire_Prod-Résultats'!BF16,Orge!G16) -> 196.99 | BI16: =Avoine!E16 -> 143.23 | BJ16: =IF(Avoine!G16="",'Intermédiaire_Prod-Résultats'!BI16,Avoine!G16) -> 143.23 | BL16: ='Blé_d''automne'!E16 -> 237.55 | BM16: =IF('Blé_d''automne'!G16="",'Intermédiaire_Prod-Résultats'!BL16,'Blé_d''automne'!G16) -> 237.55 | BO16: =Blé_printemps!E16 -> 237.55 | BP16: =IF(Blé_printemps!G16="",'Intermédiaire_Prod-Résultats'!BO16,Blé_printemps!G16) -> 237.55 | BR16: =Seigle!E16 -> 149.29 | BS16: =IF(Seigle!G16="",'Intermédiaire_Prod-Résultats'!BR16,Seigle!G16) -> 149.29 | BU16: =Seigle_hybride!E16 -> 149 | BV16: =IF(Seigle_hybride!G16="",'Intermédiaire_Prod-Résultats'!BU16,Seigle_hybride!G16) -> 149
A17: Chaulage | D17: ='Maïs-grain'!E17 -> 7.31 | E17: =IF('Maïs-grain'!G17="",'Intermédiaire_Prod-Résultats'!D17,'Maïs-grain'!G17) -> 7.31 | G17: =Soya!E17 -> 2.69 | H17: =IF(Soya!G17="",'Intermédiaire_Prod-Résultats'!G17,Soya!G17) -> 2.69 | J17: =Orge!E17 -> 6.71 | K17: =IF(Orge!G17="",'Intermédiaire_Prod-Résultats'!J17,Orge!G17) -> 6.71 | M17: =Avoine!E17 -> 9.83 | N17: =IF(Avoine!G17="",'Intermédiaire_Prod-Résultats'!M17,Avoine!G17) -> 9.83 | P17: ='Blé_d''automne'!E17 -> 5.76 | Q17: =IF('Blé_d''automne'!G17="",'Intermédiaire_Prod-Résultats'!P17,'Blé_d''automne'!G17) -> 5.76 | S17: =Blé_printemps!E17 -> 5.76 | T17: =IF(Blé_printemps!G17="",'Intermédiaire_Prod-Résultats'!S17,Blé_printemps!G17) -> 5.76 | V17: =Seigle!E17 -> 0 | W17: =IF(Seigle!G17="",'Intermédiaire_Prod-Résultats'!V17,Seigle!G17) -> 0 | Y17: =Seigle_hybride!E17 -> 0 | Z17: =IF(Seigle_hybride!G17="",'Intermédiaire_Prod-Résultats'!Y17,Seigle_hybride!G17) -> 0 | AB17: ='Maïs-grain'!E17 -> 7.31 | AC17: =IF('Maïs-grain'!G17="",'Intermédiaire_Prod-Résultats'!AB17,'Maïs-grain'!G17) -> 7.31 | AE17: =Soya!E17 -> 2.69 | AF17: =IF(Soya!G17="",'Intermédiaire_Prod-Résultats'!AE17,Soya!G17) -> 2.69 | AH17: =Orge!E17 -> 6.71 | AI17: =IF(Orge!G17="",'Intermédiaire_Prod-Résultats'!AH17,Orge!G17) -> 6.71 | AK17: =Avoine!E17 -> 9.83 | AL17: =IF(Avoine!G17="",'Intermédiaire_Prod-Résultats'!AK17,Avoine!G17) -> 9.83 | AN17: ='Blé_d''automne'!E17 -> 5.76 | AO17: =IF('Blé_d''automne'!G17="",'Intermédiaire_Prod-Résultats'!AN17,'Blé_d''automne'!G17) -> 5.76 | AQ17: =Blé_printemps!E17 -> 5.76 | AR17: =IF(Blé_printemps!G17="",'Intermédiaire_Prod-Résultats'!AQ17,Blé_printemps!G17) -> 5.76 | AT17: =Seigle!E17 -> 0 | AU17: =IF(Seigle!G17="",'Intermédiaire_Prod-Résultats'!AT17,Seigle!G17) -> 0 | AW17: =Seigle_hybride!E17 -> 0 | AX17: =IF(Seigle_hybride!G17="",'Intermédiaire_Prod-Résultats'!AW17,Seigle_hybride!G17) -> 0 | AZ17: ='Maïs-grain'!E17 -> 7.31 | BA17: =IF('Maïs-grain'!G17="",'Intermédiaire_Prod-Résultats'!AZ17,'Maïs-grain'!G17) -> 7.31 | BC17: =Soya!E17 -> 2.69 | BD17: =IF(Soya!G17="",'Intermédiaire_Prod-Résultats'!BC17,Soya!G17) -> 2.69 | BF17: =Orge!E17 -> 6.71 | BG17: =IF(Orge!G17="",'Intermédiaire_Prod-Résultats'!BF17,Orge!G17) -> 6.71 | BI17: =Avoine!E17 -> 9.83 | BJ17: =IF(Avoine!G17="",'Intermédiaire_Prod-Résultats'!BI17,Avoine!G17) -> 9.83 | BL17: ='Blé_d''automne'!E17 -> 5.76 | BM17: =IF('Blé_d''automne'!G17="",'Intermédiaire_Prod-Résultats'!BL17,'Blé_d''automne'!G17) -> 5.76 | BO17: =Blé_printemps!E17 -> 5.76 | BP17: =IF(Blé_printemps!G17="",'Intermédiaire_Prod-Résultats'!BO17,Blé_printemps!G17) -> 5.76 | BR17: =Seigle!E17 -> 0 | BS17: =IF(Seigle!G17="",'Intermédiaire_Prod-Résultats'!BR17,Seigle!G17) -> 0 | BU17: =Seigle_hybride!E17 -> 0 | BV17: =IF(Seigle_hybride!G17="",'Intermédiaire_Prod-Résultats'!BU17,Seigle_hybride!G17) -> 0
A18: Pesticides | D18: ='Maïs-grain'!E18 -> 60.69 | E18: =IF('Maïs-grain'!G18="",'Intermédiaire_Prod-Résultats'!D18,'Maïs-grain'!G18) -> 60.69 | G18: =Soya!E18 -> 93.36 | H18: =IF(Soya!G18="",'Intermédiaire_Prod-Résultats'!G18,Soya!G18) -> 93.36 | J18: =Orge!E18 -> 70.63 | K18: =IF(Orge!G18="",'Intermédiaire_Prod-Résultats'!J18,Orge!G18) -> 70.63 | M18: =Avoine!E18 -> 32.66 | N18: =IF(Avoine!G18="",'Intermédiaire_Prod-Résultats'!M18,Avoine!G18) -> 32.66 | P18: ='Blé_d''automne'!E18 -> 23.73 | Q18: =IF('Blé_d''automne'!G18="",'Intermédiaire_Prod-Résultats'!P18,'Blé_d''automne'!G18) -> 23.73 | S18: =Blé_printemps!E18 -> 42.37 | T18: =IF(Blé_printemps!G18="",'Intermédiaire_Prod-Résultats'!S18,Blé_printemps!G18) -> 42.37 | V18: =Seigle!E18 -> 3.44 | W18: =IF(Seigle!G18="",'Intermédiaire_Prod-Résultats'!V18,Seigle!G18) -> 3.44 | Y18: =Seigle_hybride!E18 -> 3.44 | Z18: =IF(Seigle_hybride!G18="",'Intermédiaire_Prod-Résultats'!Y18,Seigle_hybride!G18) -> 3.44 | AB18: ='Maïs-grain'!E18 -> 60.69 | AC18: =IF('Maïs-grain'!G18="",'Intermédiaire_Prod-Résultats'!AB18,'Maïs-grain'!G18) -> 60.69 | AE18: =Soya!E18 -> 93.36 | AF18: =IF(Soya!G18="",'Intermédiaire_Prod-Résultats'!AE18,Soya!G18) -> 93.36 | AH18: =Orge!E18 -> 70.63 | AI18: =IF(Orge!G18="",'Intermédiaire_Prod-Résultats'!AH18,Orge!G18) -> 70.63 | AK18: =Avoine!E18 -> 32.66 | AL18: =IF(Avoine!G18="",'Intermédiaire_Prod-Résultats'!AK18,Avoine!G18) -> 32.66 | AN18: ='Blé_d''automne'!E18 -> 23.73 | AO18: =IF('Blé_d''automne'!G18="",'Intermédiaire_Prod-Résultats'!AN18,'Blé_d''automne'!G18) -> 23.73 | AQ18: =Blé_printemps!E18 -> 42.37 | AR18: =IF(Blé_printemps!G18="",'Intermédiaire_Prod-Résultats'!AQ18,Blé_printemps!G18) -> 42.37 | AT18: =Seigle!E18 -> 3.44 | AU18: =IF(Seigle!G18="",'Intermédiaire_Prod-Résultats'!AT18,Seigle!G18) -> 3.44 | AW18: =Seigle_hybride!E18 -> 3.44 | AX18: =IF(Seigle_hybride!G18="",'Intermédiaire_Prod-Résultats'!AW18,Seigle_hybride!G18) -> 3.44 | AZ18: ='Maïs-grain'!E18 -> 60.69 | BA18: =IF('Maïs-grain'!G18="",'Intermédiaire_Prod-Résultats'!AZ18,'Maïs-grain'!G18) -> 60.69 | BC18: =Soya!E18 -> 93.36 | BD18: =IF(Soya!G18="",'Intermédiaire_Prod-Résultats'!BC18,Soya!G18) -> 93.36 | BF18: =Orge!E18 -> 70.63 | BG18: =IF(Orge!G18="",'Intermédiaire_Prod-Résultats'!BF18,Orge!G18) -> 70.63 | BI18: =Avoine!E18 -> 32.66 | BJ18: =IF(Avoine!G18="",'Intermédiaire_Prod-Résultats'!BI18,Avoine!G18) -> 32.66 | BL18: ='Blé_d''automne'!E18 -> 23.73 | BM18: =IF('Blé_d''automne'!G18="",'Intermédiaire_Prod-Résultats'!BL18,'Blé_d''automne'!G18) -> 23.73 | BO18: =Blé_printemps!E18 -> 42.37 | BP18: =IF(Blé_printemps!G18="",'Intermédiaire_Prod-Résultats'!BO18,Blé_printemps!G18) -> 42.37 | BR18: =Seigle!E18 -> 3.44 | BS18: =IF(Seigle!G18="",'Intermédiaire_Prod-Résultats'!BR18,Seigle!G18) -> 3.44 | BU18: =Seigle_hybride!E18 -> 3.44 | BV18: =IF(Seigle_hybride!G18="",'Intermédiaire_Prod-Résultats'!BU18,Seigle_hybride!G18) -> 3.44
A19: Location de machineries, bâtiments | D19: ='Maïs-grain'!E20 -> 7.12 | E19: =IF('Maïs-grain'!G20="",'Intermédiaire_Prod-Résultats'!D19,'Maïs-grain'!G20) -> 7.12 | G19: =Soya!E20 -> 10.63 | H19: =IF(Soya!G20="",'Intermédiaire_Prod-Résultats'!G19,Soya!G20) -> 10.63 | J19: =Orge!E20 -> 88.99 | K19: =IF(Orge!G20="",'Intermédiaire_Prod-Résultats'!J19,Orge!G20) -> 88.99 | M19: =Avoine!E20 -> 51.82 | N19: =IF(Avoine!G20="",'Intermédiaire_Prod-Résultats'!M19,Avoine!G20) -> 51.82 | P19: ='Blé_d''automne'!E20 -> 36.26 | Q19: =IF('Blé_d''automne'!G20="",'Intermédiaire_Prod-Résultats'!P19,'Blé_d''automne'!G20) -> 36.26 | S19: =Blé_printemps!E20 -> 36.26 | T19: =IF(Blé_printemps!G20="",'Intermédiaire_Prod-Résultats'!S19,Blé_printemps!G20) -> 36.26 | V19: =Seigle!E20 -> 172.69 | W19: =IF(Seigle!G20="",'Intermédiaire_Prod-Résultats'!V19,Seigle!G20) -> 172.69 | Y19: =Seigle_hybride!E20 -> 172.69 | Z19: =IF(Seigle_hybride!G20="",'Intermédiaire_Prod-Résultats'!Y19,Seigle_hybride!G20) -> 172.69 | AB19: ='Maïs-grain'!E20 -> 7.12 | AC19: =IF('Maïs-grain'!G20="",'Intermédiaire_Prod-Résultats'!AB19,'Maïs-grain'!G20) -> 7.12 | AE19: =Soya!E20 -> 10.63 | AF19: =IF(Soya!G20="",'Intermédiaire_Prod-Résultats'!AE19,Soya!G20) -> 10.63 | AH19: =Orge!E20 -> 88.99 | AI19: =IF(Orge!G20="",'Intermédiaire_Prod-Résultats'!AH19,Orge!G20) -> 88.99 | AK19: =Avoine!E20 -> 51.82 | AL19: =IF(Avoine!G20="",'Intermédiaire_Prod-Résultats'!AK19,Avoine!G20) -> 51.82 | AN19: ='Blé_d''automne'!E20 -> 36.26 | AO19: =IF('Blé_d''automne'!G20="",'Intermédiaire_Prod-Résultats'!AN19,'Blé_d''automne'!G20) -> 36.26 | AQ19: =Blé_printemps!E20 -> 36.26 | AR19: =IF(Blé_printemps!G20="",'Intermédiaire_Prod-Résultats'!AQ19,Blé_printemps!G20) -> 36.26 | AT19: =Seigle!E20 -> 172.69 | AU19: =IF(Seigle!G20="",'Intermédiaire_Prod-Résultats'!AT19,Seigle!G20) -> 172.69 | AW19: =Seigle_hybride!E20 -> 172.69 | AX19: =IF(Seigle_hybride!G20="",'Intermédiaire_Prod-Résultats'!AW19,Seigle_hybride!G20) -> 172.69 | AZ19: ='Maïs-grain'!E20 -> 7.12 | BA19: =IF('Maïs-grain'!G20="",'Intermédiaire_Prod-Résultats'!AZ19,'Maïs-grain'!G20) -> 7.12 | BC19: =Soya!E20 -> 10.63 | BD19: =IF(Soya!G20="",'Intermédiaire_Prod-Résultats'!BC19,Soya!G20) -> 10.63 | BF19: =Orge!E20 -> 88.99 | BG19: =IF(Orge!G20="",'Intermédiaire_Prod-Résultats'!BF19,Orge!G20) -> 88.99 | BI19: =Avoine!E20 -> 51.82 | BJ19: =IF(Avoine!G20="",'Intermédiaire_Prod-Résultats'!BI19,Avoine!G20) -> 51.82 | BL19: ='Blé_d''automne'!E20 -> 36.26 | BM19: =IF('Blé_d''automne'!G20="",'Intermédiaire_Prod-Résultats'!BL19,'Blé_d''automne'!G20) -> 36.26 | BO19: =Blé_printemps!E20 -> 36.26 | BP19: =IF(Blé_printemps!G20="",'Intermédiaire_Prod-Résultats'!BO19,Blé_printemps!G20) -> 36.26 | BR19: =Seigle!E20 -> 172.69 | BS19: =IF(Seigle!G20="",'Intermédiaire_Prod-Résultats'!BR19,Seigle!G20) -> 172.69 | BU19: =Seigle_hybride!E20 -> 172.69 | BV19: =IF(Seigle_hybride!G20="",'Intermédiaire_Prod-Résultats'!BU19,Seigle_hybride!G20) -> 172.69
A20: Location de fonds de terre | D20: ='Maïs-grain'!E21 -> 125.6 | E20: =IF('Maïs-grain'!G21="",'Intermédiaire_Prod-Résultats'!D20,'Maïs-grain'!G21) -> 125.6 | G20: =Soya!E21 -> 125.62 | H20: =IF(Soya!G21="",'Intermédiaire_Prod-Résultats'!G20,Soya!G21) -> 125.62 | J20: =Orge!E21 -> 147.89 | K20: =IF(Orge!G21="",'Intermédiaire_Prod-Résultats'!J20,Orge!G21) -> 147.89 | M20: =Avoine!E21 -> 64.04 | N20: =IF(Avoine!G21="",'Intermédiaire_Prod-Résultats'!M20,Avoine!G21) -> 64.04 | P20: ='Blé_d''automne'!E21 -> 177.78 | Q20: =IF('Blé_d''automne'!G21="",'Intermédiaire_Prod-Résultats'!P20,'Blé_d''automne'!G21) -> 177.78 | S20: =Blé_printemps!E21 -> 177.78 | T20: =IF(Blé_printemps!G21="",'Intermédiaire_Prod-Résultats'!S20,Blé_printemps!G21) -> 177.78 | V20: =Seigle!E21 -> 0 | W20: =IF(Seigle!G21="",'Intermédiaire_Prod-Résultats'!V20,Seigle!G21) -> 0 | Y20: =Seigle_hybride!E21 -> 0 | Z20: =IF(Seigle_hybride!G21="",'Intermédiaire_Prod-Résultats'!Y20,Seigle_hybride!G21) -> 0 | AB20: ='Maïs-grain'!E21 -> 125.6 | AC20: =IF('Maïs-grain'!G21="",'Intermédiaire_Prod-Résultats'!AB20,'Maïs-grain'!G21) -> 125.6 | AE20: =Soya!E21 -> 125.62 | AF20: =IF(Soya!G21="",'Intermédiaire_Prod-Résultats'!AE20,Soya!G21) -> 125.62 | AH20: =Orge!E21 -> 147.89 | AI20: =IF(Orge!G21="",'Intermédiaire_Prod-Résultats'!AH20,Orge!G21) -> 147.89 | AK20: =Avoine!E21 -> 64.04 | AL20: =IF(Avoine!G21="",'Intermédiaire_Prod-Résultats'!AK20,Avoine!G21) -> 64.04 | AN20: ='Blé_d''automne'!E21 -> 177.78 | AO20: =IF('Blé_d''automne'!G21="",'Intermédiaire_Prod-Résultats'!AN20,'Blé_d''automne'!G21) -> 177.78 | AQ20: =Blé_printemps!E21 -> 177.78 | AR20: =IF(Blé_printemps!G21="",'Intermédiaire_Prod-Résultats'!AQ20,Blé_printemps!G21) -> 177.78 | AT20: =Seigle!E21 -> 0 | AU20: =IF(Seigle!G21="",'Intermédiaire_Prod-Résultats'!AT20,Seigle!G21) -> 0 | AW20: =Seigle_hybride!E21 -> 0 | AX20: =IF(Seigle_hybride!G21="",'Intermédiaire_Prod-Résultats'!AW20,Seigle_hybride!G21) -> 0 | AZ20: ='Maïs-grain'!E21 -> 125.6 | BA20: =IF('Maïs-grain'!G21="",'Intermédiaire_Prod-Résultats'!AZ20,'Maïs-grain'!G21) -> 125.6 | BC20: =Soya!E21 -> 125.62 | BD20: =IF(Soya!G21="",'Intermédiaire_Prod-Résultats'!BC20,Soya!G21) -> 125.62 | BF20: =Orge!E21 -> 147.89 | BG20: =IF(Orge!G21="",'Intermédiaire_Prod-Résultats'!BF20,Orge!G21) -> 147.89 | BI20: =Avoine!E21 -> 64.04 | BJ20: =IF(Avoine!G21="",'Intermédiaire_Prod-Résultats'!BI20,Avoine!G21) -> 64.04 | BL20: ='Blé_d''automne'!E21 -> 177.78 | BM20: =IF('Blé_d''automne'!G21="",'Intermédiaire_Prod-Résultats'!BL20,'Blé_d''automne'!G21) -> 177.78 | BO20: =Blé_printemps!E21 -> 177.78 | BP20: =IF(Blé_printemps!G21="",'Intermédiaire_Prod-Résultats'!BO20,Blé_printemps!G21) -> 177.78 | BR20: =Seigle!E21 -> 0 | BS20: =IF(Seigle!G21="",'Intermédiaire_Prod-Résultats'!BR20,Seigle!G21) -> 0 | BU20: =Seigle_hybride!E21 -> 0 | BV20: =IF(Seigle_hybride!G21="",'Intermédiaire_Prod-Résultats'!BU20,Seigle_hybride!G21) -> 0
A21: Travaux à forfait | D21: ='Maïs-grain'!E22 -> 79.93 | E21: =IF('Maïs-grain'!G22="",'Intermédiaire_Prod-Résultats'!D21,'Maïs-grain'!G22) -> 79.93 | G21: =Soya!E22 -> 39.55 | H21: =IF(Soya!G22="",'Intermédiaire_Prod-Résultats'!G21,Soya!G22) -> 39.55 | J21: =Orge!E22 -> 19.36 | K21: =IF(Orge!G22="",'Intermédiaire_Prod-Résultats'!J21,Orge!G22) -> 19.36 | M21: =Avoine!E22 -> 31.06 | N21: =IF(Avoine!G22="",'Intermédiaire_Prod-Résultats'!M21,Avoine!G22) -> 31.06 | P21: ='Blé_d''automne'!E22 -> 47.6 | Q21: =IF('Blé_d''automne'!G22="",'Intermédiaire_Prod-Résultats'!P21,'Blé_d''automne'!G22) -> 47.6 | S21: =Blé_printemps!E22 -> 47.6 | T21: =IF(Blé_printemps!G22="",'Intermédiaire_Prod-Résultats'!S21,Blé_printemps!G22) -> 47.6 | V21: =Seigle!E22 -> 0 | W21: =IF(Seigle!G22="",'Intermédiaire_Prod-Résultats'!V21,Seigle!G22) -> 0 | Y21: =Seigle_hybride!E22 -> 0 | Z21: =IF(Seigle_hybride!G22="",'Intermédiaire_Prod-Résultats'!Y21,Seigle_hybride!G22) -> 0 | AB21: ='Maïs-grain'!E22 -> 79.93 | AC21: =IF('Maïs-grain'!G22="",'Intermédiaire_Prod-Résultats'!AB21,'Maïs-grain'!G22) -> 79.93 | AE21: =Soya!E22 -> 39.55 | AF21: =IF(Soya!G22="",'Intermédiaire_Prod-Résultats'!AE21,Soya!G22) -> 39.55 | AH21: =Orge!E22 -> 19.36 | AI21: =IF(Orge!G22="",'Intermédiaire_Prod-Résultats'!AH21,Orge!G22) -> 19.36 | AK21: =Avoine!E22 -> 31.06 | AL21: =IF(Avoine!G22="",'Intermédiaire_Prod-Résultats'!AK21,Avoine!G22) -> 31.06 | AN21: ='Blé_d''automne'!E22 -> 47.6 | AO21: =IF('Blé_d''automne'!G22="",'Intermédiaire_Prod-Résultats'!AN21,'Blé_d''automne'!G22) -> 47.6 | AQ21: =Blé_printemps!E22 -> 47.6 | AR21: =IF(Blé_printemps!G22="",'Intermédiaire_Prod-Résultats'!AQ21,Blé_printemps!G22) -> 47.6 | AT21: =Seigle!E22 -> 0 | AU21: =IF(Seigle!G22="",'Intermédiaire_Prod-Résultats'!AT21,Seigle!G22) -> 0 | AW21: =Seigle_hybride!E22 -> 0 | AX21: =IF(Seigle_hybride!G22="",'Intermédiaire_Prod-Résultats'!AW21,Seigle_hybride!G22) -> 0 | AZ21: ='Maïs-grain'!E22 -> 79.93 | BA21: =IF('Maïs-grain'!G22="",'Intermédiaire_Prod-Résultats'!AZ21,'Maïs-grain'!G22) -> 79.93 | BC21: =Soya!E22 -> 39.55 | BD21: =IF(Soya!G22="",'Intermédiaire_Prod-Résultats'!BC21,Soya!G22) -> 39.55 | BF21: =Orge!E22 -> 19.36 | BG21: =IF(Orge!G22="",'Intermédiaire_Prod-Résultats'!BF21,Orge!G22) -> 19.36 | BI21: =Avoine!E22 -> 31.06 | BJ21: =IF(Avoine!G22="",'Intermédiaire_Prod-Résultats'!BI21,Avoine!G22) -> 31.06 | BL21: ='Blé_d''automne'!E22 -> 47.6 | BM21: =IF('Blé_d''automne'!G22="",'Intermédiaire_Prod-Résultats'!BL21,'Blé_d''automne'!G22) -> 47.6 | BO21: =Blé_printemps!E22 -> 47.6 | BP21: =IF(Blé_printemps!G22="",'Intermédiaire_Prod-Résultats'!BO21,Blé_printemps!G22) -> 47.6 | BR21: =Seigle!E22 -> 0 | BS21: =IF(Seigle!G22="",'Intermédiaire_Prod-Résultats'!BR21,Seigle!G22) -> 0 | BU21: =Seigle_hybride!E22 -> 0 | BV21: =IF(Seigle_hybride!G22="",'Intermédiaire_Prod-Résultats'!BU21,Seigle_hybride!G22) -> 0
A22: Mais-d'oeuvre additionnelle | D22: ='Maïs-grain'!E23 -> 94.32 | E22: =IF('Maïs-grain'!G23="",'Intermédiaire_Prod-Résultats'!D22,'Maïs-grain'!G23) -> 94.32 | G22: =Soya!E23 -> 74.71 | H22: =IF(Soya!G23="",'Intermédiaire_Prod-Résultats'!G22,Soya!G23) -> 74.71 | J22: =Orge!E23 -> 120.36 | K22: =IF(Orge!G23="",'Intermédiaire_Prod-Résultats'!J22,Orge!G23) -> 120.36 | M22: =Avoine!E23 -> 90.63 | N22: =IF(Avoine!G23="",'Intermédiaire_Prod-Résultats'!M22,Avoine!G23) -> 90.63 | P22: ='Blé_d''automne'!E23 -> 44.56 | Q22: =IF('Blé_d''automne'!G23="",'Intermédiaire_Prod-Résultats'!P22,'Blé_d''automne'!G23) -> 44.56 | S22: =Blé_printemps!E23 -> 44.56 | T22: =IF(Blé_printemps!G23="",'Intermédiaire_Prod-Résultats'!S22,Blé_printemps!G23) -> 44.56 | V22: =Seigle!E23 -> 0 | W22: =IF(Seigle!G23="",'Intermédiaire_Prod-Résultats'!V22,Seigle!G23) -> 0 | Y22: =Seigle_hybride!E23 -> 0 | Z22: =IF(Seigle_hybride!G23="",'Intermédiaire_Prod-Résultats'!Y22,Seigle_hybride!G23) -> 0 | AB22: ='Maïs-grain'!E23 -> 94.32 | AC22: =IF('Maïs-grain'!G23="",'Intermédiaire_Prod-Résultats'!AB22,'Maïs-grain'!G23) -> 94.32 | AE22: =Soya!E23 -> 74.71 | AF22: =IF(Soya!G23="",'Intermédiaire_Prod-Résultats'!AE22,Soya!G23) -> 74.71 | AH22: =Orge!E23 -> 120.36 | AI22: =IF(Orge!G23="",'Intermédiaire_Prod-Résultats'!AH22,Orge!G23) -> 120.36 | AK22: =Avoine!E23 -> 90.63 | AL22: =IF(Avoine!G23="",'Intermédiaire_Prod-Résultats'!AK22,Avoine!G23) -> 90.63 | AN22: ='Blé_d''automne'!E23 -> 44.56 | AO22: =IF('Blé_d''automne'!G23="",'Intermédiaire_Prod-Résultats'!AN22,'Blé_d''automne'!G23) -> 44.56 | AQ22: =Blé_printemps!E23 -> 44.56 | AR22: =IF(Blé_printemps!G23="",'Intermédiaire_Prod-Résultats'!AQ22,Blé_printemps!G23) -> 44.56 | AT22: =Seigle!E23 -> 0 | AU22: =IF(Seigle!G23="",'Intermédiaire_Prod-Résultats'!AT22,Seigle!G23) -> 0 | AW22: =Seigle_hybride!E23 -> 0 | AX22: =IF(Seigle_hybride!G23="",'Intermédiaire_Prod-Résultats'!AW22,Seigle_hybride!G23) -> 0 | AZ22: ='Maïs-grain'!E23 -> 94.32 | BA22: =IF('Maïs-grain'!G23="",'Intermédiaire_Prod-Résultats'!AZ22,'Maïs-grain'!G23) -> 94.32 | BC22: =Soya!E23 -> 74.71 | BD22: =IF(Soya!G23="",'Intermédiaire_Prod-Résultats'!BC22,Soya!G23) -> 74.71 | BF22: =Orge!E23 -> 120.36 | BG22: =IF(Orge!G23="",'Intermédiaire_Prod-Résultats'!BF22,Orge!G23) -> 120.36 | BI22: =Avoine!E23 -> 90.63 | BJ22: =IF(Avoine!G23="",'Intermédiaire_Prod-Résultats'!BI22,Avoine!G23) -> 90.63 | BL22: ='Blé_d''automne'!E23 -> 44.56 | BM22: =IF('Blé_d''automne'!G23="",'Intermédiaire_Prod-Résultats'!BL22,'Blé_d''automne'!G23) -> 44.56 | BO22: =Blé_printemps!E23 -> 44.56 | BP22: =IF(Blé_printemps!G23="",'Intermédiaire_Prod-Résultats'!BO22,Blé_printemps!G23) -> 44.56 | BR22: =Seigle!E23 -> 0 | BS22: =IF(Seigle!G23="",'Intermédiaire_Prod-Résultats'!BR22,Seigle!G23) -> 0 | BU22: =Seigle_hybride!E23 -> 0 | BV22: =IF(Seigle_hybride!G23="",'Intermédiaire_Prod-Résultats'!BU22,Seigle_hybride!G23) -> 0
A23: Entretien et réparation machinerie | D23: ='Maïs-grain'!E24 -> 119.87 | E23: =IF('Maïs-grain'!G24="",'Intermédiaire_Prod-Résultats'!D23,'Maïs-grain'!G24) -> 119.87 | G23: =Soya!E24 -> 92.87 | H23: =IF(Soya!G24="",'Intermédiaire_Prod-Résultats'!G23,Soya!G24) -> 92.87 | J23: =Orge!E24 -> 82.1 | K23: =IF(Orge!G24="",'Intermédiaire_Prod-Résultats'!J23,Orge!G24) -> 82.1 | M23: =Avoine!E24 -> 99.24 | N23: =IF(Avoine!G24="",'Intermédiaire_Prod-Résultats'!M23,Avoine!G24) -> 99.24 | P23: ='Blé_d''automne'!E24 -> 107.11 | Q23: =IF('Blé_d''automne'!G24="",'Intermédiaire_Prod-Résultats'!P23,'Blé_d''automne'!G24) -> 107.11 | S23: =Blé_printemps!E24 -> 107.11 | T23: =IF(Blé_printemps!G24="",'Intermédiaire_Prod-Résultats'!S23,Blé_printemps!G24) -> 107.11 | V23: =Seigle!E24 -> 97.79 | W23: =IF(Seigle!G24="",'Intermédiaire_Prod-Résultats'!V23,Seigle!G24) -> 97.79 | Y23: =Seigle_hybride!E24 -> 113.14 | Z23: =IF(Seigle_hybride!G24="",'Intermédiaire_Prod-Résultats'!Y23,Seigle_hybride!G24) -> 113.14 | AB23: ='Maïs-grain'!E24 -> 119.87 | AC23: =IF('Maïs-grain'!G24="",'Intermédiaire_Prod-Résultats'!AB23,'Maïs-grain'!G24) -> 119.87 | AE23: =Soya!E24 -> 92.87 | AF23: =IF(Soya!G24="",'Intermédiaire_Prod-Résultats'!AE23,Soya!G24) -> 92.87 | AH23: =Orge!E24 -> 82.1 | AI23: =IF(Orge!G24="",'Intermédiaire_Prod-Résultats'!AH23,Orge!G24) -> 82.1 | AK23: =Avoine!E24 -> 99.24 | AL23: =IF(Avoine!G24="",'Intermédiaire_Prod-Résultats'!AK23,Avoine!G24) -> 99.24 | AN23: ='Blé_d''automne'!E24 -> 107.11 | AO23: =IF('Blé_d''automne'!G24="",'Intermédiaire_Prod-Résultats'!AN23,'Blé_d''automne'!G24) -> 107.11 | AQ23: =Blé_printemps!E24 -> 107.11 | AR23: =IF(Blé_printemps!G24="",'Intermédiaire_Prod-Résultats'!AQ23,Blé_printemps!G24) -> 107.11 | AT23: =Seigle!E24 -> 97.79 | AU23: =IF(Seigle!G24="",'Intermédiaire_Prod-Résultats'!AT23,Seigle!G24) -> 97.79 | AW23: =Seigle_hybride!E24 -> 113.14 | AX23: =IF(Seigle_hybride!G24="",'Intermédiaire_Prod-Résultats'!AW23,Seigle_hybride!G24) -> 113.14 | AZ23: ='Maïs-grain'!E24 -> 119.87 | BA23: =IF('Maïs-grain'!G24="",'Intermédiaire_Prod-Résultats'!AZ23,'Maïs-grain'!G24) -> 119.87 | BC23: =Soya!E24 -> 92.87 | BD23: =IF(Soya!G24="",'Intermédiaire_Prod-Résultats'!BC23,Soya!G24) -> 92.87 | BF23: =Orge!E24 -> 82.1 | BG23: =IF(Orge!G24="",'Intermédiaire_Prod-Résultats'!BF23,Orge!G24) -> 82.1 | BI23: =Avoine!E24 -> 99.24 | BJ23: =IF(Avoine!G24="",'Intermédiaire_Prod-Résultats'!BI23,Avoine!G24) -> 99.24 | BL23: ='Blé_d''automne'!E24 -> 107.11 | BM23: =IF('Blé_d''automne'!G24="",'Intermédiaire_Prod-Résultats'!BL23,'Blé_d''automne'!G24) -> 107.11 | BO23: =Blé_printemps!E24 -> 107.11 | BP23: =IF(Blé_printemps!G24="",'Intermédiaire_Prod-Résultats'!BO23,Blé_printemps!G24) -> 107.11 | BR23: =Seigle!E24 -> 97.79 | BS23: =IF(Seigle!G24="",'Intermédiaire_Prod-Résultats'!BR23,Seigle!G24) -> 97.79 | BU23: =Seigle_hybride!E24 -> 113.14 | BV23: =IF(Seigle_hybride!G24="",'Intermédiaire_Prod-Résultats'!BU23,Seigle_hybride!G24) -> 113.14
A24: Carburants | D24: ='Maïs-grain'!E25 -> 92.68 | E24: =IF('Maïs-grain'!G25="",'Intermédiaire_Prod-Résultats'!D24,'Maïs-grain'!G25) -> 92.68 | G24: =Soya!E25 -> 77.68 | H24: =IF(Soya!G25="",'Intermédiaire_Prod-Résultats'!G24,Soya!G25) -> 77.68 | J24: =Orge!E25 -> 80.56 | K24: =IF(Orge!G25="",'Intermédiaire_Prod-Résultats'!J24,Orge!G25) -> 80.56 | M24: =Avoine!E25 -> 74.07 | N24: =IF(Avoine!G25="",'Intermédiaire_Prod-Résultats'!M24,Avoine!G25) -> 74.07 | P24: ='Blé_d''automne'!E25 -> 76.21 | Q24: =IF('Blé_d''automne'!G25="",'Intermédiaire_Prod-Résultats'!P24,'Blé_d''automne'!G25) -> 76.21 | S24: =Blé_printemps!E25 -> 76.21 | T24: =IF(Blé_printemps!G25="",'Intermédiaire_Prod-Résultats'!S24,Blé_printemps!G25) -> 76.21 | V24: =Seigle!E25 -> 0 | W24: =IF(Seigle!G25="",'Intermédiaire_Prod-Résultats'!V24,Seigle!G25) -> 0 | Y24: =Seigle_hybride!E25 -> 0 | Z24: =IF(Seigle_hybride!G25="",'Intermédiaire_Prod-Résultats'!Y24,Seigle_hybride!G25) -> 0 | AB24: ='Maïs-grain'!E25 -> 92.68 | AC24: =IF('Maïs-grain'!G25="",'Intermédiaire_Prod-Résultats'!AB24,'Maïs-grain'!G25) -> 92.68 | AE24: =Soya!E25 -> 77.68 | AF24: =IF(Soya!G25="",'Intermédiaire_Prod-Résultats'!AE24,Soya!G25) -> 77.68 | AH24: =Orge!E25 -> 80.56 | AI24: =IF(Orge!G25="",'Intermédiaire_Prod-Résultats'!AH24,Orge!G25) -> 80.56 | AK24: =Avoine!E25 -> 74.07 | AL24: =IF(Avoine!G25="",'Intermédiaire_Prod-Résultats'!AK24,Avoine!G25) -> 74.07 | AN24: ='Blé_d''automne'!E25 -> 76.21 | AO24: =IF('Blé_d''automne'!G25="",'Intermédiaire_Prod-Résultats'!AN24,'Blé_d''automne'!G25) -> 76.21 | AQ24: =Blé_printemps!E25 -> 76.21 | AR24: =IF(Blé_printemps!G25="",'Intermédiaire_Prod-Résultats'!AQ24,Blé_printemps!G25) -> 76.21 | AT24: =Seigle!E25 -> 0 | AU24: =IF(Seigle!G25="",'Intermédiaire_Prod-Résultats'!AT24,Seigle!G25) -> 0 | AW24: =Seigle_hybride!E25 -> 0 | AX24: =IF(Seigle_hybride!G25="",'Intermédiaire_Prod-Résultats'!AW24,Seigle_hybride!G25) -> 0 | AZ24: ='Maïs-grain'!E25 -> 92.68 | BA24: =IF('Maïs-grain'!G25="",'Intermédiaire_Prod-Résultats'!AZ24,'Maïs-grain'!G25) -> 92.68 | BC24: =Soya!E25 -> 77.68 | BD24: =IF(Soya!G25="",'Intermédiaire_Prod-Résultats'!BC24,Soya!G25) -> 77.68 | BF24: =Orge!E25 -> 80.56 | BG24: =IF(Orge!G25="",'Intermédiaire_Prod-Résultats'!BF24,Orge!G25) -> 80.56 | BI24: =Avoine!E25 -> 74.07 | BJ24: =IF(Avoine!G25="",'Intermédiaire_Prod-Résultats'!BI24,Avoine!G25) -> 74.07 | BL24: ='Blé_d''automne'!E25 -> 76.21 | BM24: =IF('Blé_d''automne'!G25="",'Intermédiaire_Prod-Résultats'!BL24,'Blé_d''automne'!G25) -> 76.21 | BO24: =Blé_printemps!E25 -> 76.21 | BP24: =IF(Blé_printemps!G25="",'Intermédiaire_Prod-Résultats'!BO24,Blé_printemps!G25) -> 76.21 | BR24: =Seigle!E25 -> 0 | BS24: =IF(Seigle!G25="",'Intermédiaire_Prod-Résultats'!BR24,Seigle!G25) -> 0 | BU24: =Seigle_hybride!E25 -> 0 | BV24: =IF(Seigle_hybride!G25="",'Intermédiaire_Prod-Résultats'!BU24,Seigle_hybride!G25) -> 0
A25: Gaz propane | D25: =('Maïs-grain'!D26*Saisies!B8)*(1+Saisies!B39*Saisies!B59) -> 240.09 | E25: =IF('Maïs-grain'!G26="",IF(Saisies!C8="",'Intermédiaire_Prod-Résultats'!D25,'Maïs-grain'!D26*Saisies!C8),'Maïs-grain'!G26)*(1+IF(Saisies!C39="",Saisies!B39,Saisies!C39)*IF(Saisies!C59="",Saisies!B59,Saisies!C59)) -> 240.09 | G25: =(Soya!D26*Saisies!B9)*(1+Saisies!B40*Saisies!B59) -> 0.2 | H25: =IF(Soya!$G26="",IF(Saisies!$C$9="",'Intermédiaire_Prod-Résultats'!G25,Soya!$D26*Saisies!$C$9),Soya!$G26)*(1+IF(Saisies!C40="",Saisies!B40,Saisies!C40)*IF(Saisies!C59="",Saisies!B59,Saisies!C59)) -> 0.2 | J25: =(Orge!D26*Saisies!B10)*(1+Saisies!B41*Saisies!B59) -> 50.78 | K25: =IF(Orge!$G26="",IF(Saisies!$C$10="",'Intermédiaire_Prod-Résultats'!J25,Orge!$D26*Saisies!$C$10),Orge!$G26)*(1+IF(Saisies!C41="",Saisies!B41,Saisies!C41)*IF(Saisies!C59="",Saisies!B59,Saisies!C59)) -> 50.78 | M25: =(Avoine!D26*Saisies!B11)*(1+Saisies!B42*Saisies!B59) -> 22.21 | N25: =IF(Avoine!$G26="",IF(Saisies!$C$11="",'Intermédiaire_Prod-Résultats'!M25,Avoine!$D26*Saisies!$C$11),Avoine!$G26)*(1+IF(Saisies!C42="",Saisies!B42,Saisies!C42)*IF(Saisies!C59="",Saisies!B59,Saisies!C59)) -> 22.21 | P25: =('Blé_d''automne'!D26*Saisies!B13)*(1+Saisies!B44*Saisies!B59) -> 42.85 | Q25: =IF('Blé_d''automne'!G26="",IF(Saisies!C13="",'Intermédiaire_Prod-Résultats'!P25,'Blé_d''automne'!D26*Saisies!C13),'Blé_d''automne'!G26)*(1+IF(Saisies!C44="",Saisies!B44,Saisies!C44)*IF(Saisies!C59="",Saisies!B59,Saisies!C59)) -> 42.85 | S25: =(Blé_printemps!D26*Saisies!B12)*(1+Saisies!B43*Saisies!B59) -> 42.85 | T25: =IF(Blé_printemps!G26="",IF(Saisies!C12="",'Intermédiaire_Prod-Résultats'!S25,Blé_printemps!D26*Saisies!C12),Blé_printemps!G26)*(1+IF(Saisies!C43="",Saisies!B43,Saisies!C43)*IF(Saisies!C59="",Saisies!B59,Saisies!C59)) -> 42.85 | V25: =(Seigle!D26*Saisies!B14)*(1+Saisies!B45*Saisies!B59) -> 0 | W25: =IF(Seigle!G26="",IF(Saisies!C14="",'Intermédiaire_Prod-Résultats'!V25,Seigle!D26*Saisies!C14),Seigle!G26)*(1+IF(Saisies!C45="",Saisies!B45,Saisies!C45)*IF(Saisies!C59="",Saisies!B59,Saisies!C59)) -> 0 | Y25: =(Seigle_hybride!D26*Saisies!B15)*(1+Saisies!B46*Saisies!B59) -> 0 | Z25: =IF(Seigle_hybride!G26="",IF(Saisies!C15="",'Intermédiaire_Prod-Résultats'!Y25,Seigle_hybride!D26*Saisies!C15),Seigle_hybride!G26)*(1+IF(Saisies!C46="",Saisies!B46,Saisies!C46)*IF(Saisies!C59="",Saisies!B59,Saisies!C59)) -> 0 | AB25: =('Maïs-grain'!D26*Saisies!B8)*(1+Saisies!B39*Saisies!B60) -> 254.4954 | AC25: =IF('Maïs-grain'!G26="",'Maïs-grain'!D26*IF(Saisies!C8="",Saisies!B8,Saisies!C8),'Maïs-grain'!G26)*(1+IF(Saisies!C39="",Saisies!B39,Saisies!C39)*IF(Saisies!C60="",Saisies!B60,Saisies!C60)) -> 254.4954 | AE25: =(Soya!D26*Saisies!B9)*(1+Saisies!B40*Saisies!B60) -> 0.21 | AF25: =IF(Soya!G26="",Soya!D26*IF(Saisies!C9="",Saisies!B9,Saisies!C9),Soya!G26)*(1+IF(Saisies!C40="",Saisies!B40,Saisies!C40)*IF(Saisies!C60="",Saisies!B60,Saisies!C60)) -> 0.21 | AH25: =(Orge!D26*Saisies!B10)*(1+Saisies!B41*Saisies!B60) -> 53.5729 | AI25: =IF(Orge!G26="",Orge!D26*IF(Saisies!C10="",Saisies!B10,Saisies!C10),Orge!G26)*(1+IF(Saisies!C41="",Saisies!B41,Saisies!C41)*IF(Saisies!C60="",Saisies!B60,Saisies!C60)) -> 53.5729 | AK25: =(Avoine!D26*Saisies!B11)*(1+Saisies!B42*Saisies!B60) -> 23.43155 | AL25: =IF(Avoine!G26="",Avoine!D26*IF(Saisies!C11="",Saisies!B11,Saisies!C11),Avoine!G26)*(1+IF(Saisies!C42="",Saisies!B42,Saisies!C42)*IF(Saisies!C60="",Saisies!B60,Saisies!C60)) -> 23.43155 | AN25: =('Blé_d''automne'!D26*Saisies!B13)*(1+Saisies!B44*Saisies!B60) -> 45.20675 | AO25: =IF('Blé_d''automne'!G26="",'Blé_d''automne'!D26*IF(Saisies!C13="",Saisies!B13,Saisies!C13),'Blé_d''automne'!G26)*(1+IF(Saisies!C44="",Saisies!B44,Saisies!C44)*IF(Saisies!C60="",Saisies!B60,Saisies!C60)) -> 45.20675 | AQ25: =(Blé_printemps!D26*Saisies!B12)*(1+Saisies!B43*Saisies!B60) -> 45.20675 | AR25: =IF(Blé_printemps!G26="",Blé_printemps!D26*IF(Saisies!C12="",Saisies!B12,Saisies!C12),Blé_printemps!G26)*(1+IF(Saisies!C43="",Saisies!B43,Saisies!C43)*IF(Saisies!C60="",Saisies!B60,Saisies!C60)) -> 45.20675 | AT25: =(Seigle!D26*Saisies!B14)*(1+Saisies!B45*Saisies!B60) -> 0 | AU25: =IF(Seigle!G26="",Seigle!D26*IF(Saisies!C14="",Saisies!B14,Saisies!C14),Seigle!G26)*(1+IF(Saisies!C45="",Saisies!B45,Saisies!C45)*IF(Saisies!C60="",Saisies!B60,Saisies!C60)) -> 0 | AW25: =(Seigle_hybride!D26*Saisies!B15)*(1+Saisies!B46*Saisies!B60) -> 0 | AX25: =IF(Seigle_hybride!G26="",Seigle_hybride!D26*IF(Saisies!C15="",Saisies!B15,Saisies!C15),Seigle_hybride!G26)*(1+IF(Saisies!C46="",Saisies!B46,Saisies!C46)*IF(Saisies!C60="",Saisies!B60,Saisies!C60)) -> 0 | AZ25: =('Maïs-grain'!D26*Saisies!B8)*(1+Saisies!B39*Saisies!B61) -> 268.9008 | BA25: =IF('Maïs-grain'!G26="",'Maïs-grain'!D26*IF(Saisies!C8="",Saisies!B8,Saisies!C8),'Maïs-grain'!G26)*(1+IF(Saisies!C39="",Saisies!B39,Saisies!C39)*IF(Saisies!C61="",Saisies!B61,Saisies!C61)) -> 268.9008 | BC25: =(Soya!D26*Saisies!B9)*(1+Saisies!B40*Saisies!B61) -> 0.22 | BD25: =IF(Soya!G26="",Soya!D26*IF(Saisies!C9="",Saisies!B9,Saisies!C9),Soya!G26)*(1+IF(Saisies!C40="",Saisies!B40,Saisies!C40)*IF(Saisies!C61="",Saisies!B61,Saisies!C61)) -> 0.22 | BF25: =(Orge!D26*Saisies!B10)*(1+Saisies!B41*Saisies!B61) -> 56.3658 | BG25: =IF(Orge!G26="",Orge!D26*IF(Saisies!C10="",Saisies!B10,Saisies!C10),Orge!G26)*(1+IF(Saisies!C41="",Saisies!B41,Saisies!C41)*IF(Saisies!C61="",Saisies!B61,Saisies!C61)) -> 56.3658 | BI25: =(Avoine!D26*Saisies!B11)*(1+Saisies!B42*Saisies!B61) -> 24.6531 | BJ25: =IF(Avoine!G26="",Avoine!D26*IF(Saisies!C11="",Saisies!B11,Saisies!C11),Avoine!G26)*(1+IF(Saisies!C42="",Saisies!B42,Saisies!C42)*IF(Saisies!C61="",Saisies!B61,Saisies!C61)) -> 24.6531 | BL25: =('Blé_d''automne'!D26*Saisies!B13)*(1+Saisies!B44*Saisies!B61) -> 47.5635 | BM25: =IF('Blé_d''automne'!G26="",'Blé_d''automne'!D26*IF(Saisies!C13="",Saisies!B13,Saisies!C13),'Blé_d''automne'!G26)*(1+IF(Saisies!C44="",Saisies!B44,Saisies!C44)*IF(Saisies!C61="",Saisies!B61,Saisies!C61)) -> 47.5635 | BO25: =(Blé_printemps!D26*Saisies!B12)*(1+Saisies!B43*Saisies!B61) -> 47.5635 | BP25: =IF(Blé_printemps!G26="",Blé_printemps!D26*IF(Saisies!C12="",Saisies!B12,Saisies!C12),Blé_printemps!G26)*(1+IF(Saisies!C43="",Saisies!B43,Saisies!C43)*IF(Saisies!C61="",Saisies!B61,Saisies!C61)) -> 47.5635 | BR25: =(Seigle!D26*Saisies!B14)*(1+Saisies!B45*Saisies!B61) -> 0 | BS25: =IF(Seigle!G26="",Seigle!D26*IF(Saisies!C14="",Saisies!B14,Saisies!C14),Seigle!G26)*(1+IF(Saisies!C45="",Saisies!B45,Saisies!C45)*IF(Saisies!C61="",Saisies!B61,Saisies!C61)) -> 0 | BU25: =(Seigle_hybride!D26*Saisies!B15)*(1+Saisies!B46*Saisies!B61) -> 0 | BV25: =IF(Seigle_hybride!G26="",Seigle_hybride!D26*IF(Saisies!C15="",Saisies!B15,Saisies!C15),Seigle_hybride!G26)*(1+IF(Saisies!C46="",Saisies!B46,Saisies!C46)*IF(Saisies!C61="",Saisies!B61,Saisies!C61)) -> 0
A26: Électricité | D26: ='Maïs-grain'!E28 -> 9.36 | E26: =IF('Maïs-grain'!G28="",'Intermédiaire_Prod-Résultats'!D26,'Maïs-grain'!G28) -> 9.36 | G26: =Soya!E28 -> 5.13 | H26: =IF(Soya!G28="",'Intermédiaire_Prod-Résultats'!G26,Soya!G28) -> 5.13 | J26: =Orge!E28 -> 2.99 | K26: =IF(Orge!G28="",'Intermédiaire_Prod-Résultats'!J26,Orge!G28) -> 2.99 | M26: =Avoine!E28 -> 6.82 | N26: =IF(Avoine!G28="",'Intermédiaire_Prod-Résultats'!M26,Avoine!G28) -> 6.82 | P26: ='Blé_d''automne'!E28 -> 3.73 | Q26: =IF('Blé_d''automne'!G28="",'Intermédiaire_Prod-Résultats'!P26,'Blé_d''automne'!G28) -> 3.73 | S26: =Blé_printemps!E28 -> 3.73 | T26: =IF(Blé_printemps!G28="",'Intermédiaire_Prod-Résultats'!S26,Blé_printemps!G28) -> 3.73 | V26: =Seigle!E28 -> 31.1 | W26: =IF(Seigle!G28="",'Intermédiaire_Prod-Résultats'!V26,Seigle!G28) -> 31.1 | Y26: =Seigle_hybride!E28 -> 31.1 | Z26: =IF(Seigle_hybride!G28="",'Intermédiaire_Prod-Résultats'!Y26,Seigle_hybride!G28) -> 31.1 | AB26: ='Maïs-grain'!E28 -> 9.36 | AC26: =IF('Maïs-grain'!G28="",'Intermédiaire_Prod-Résultats'!AB26,'Maïs-grain'!G28) -> 9.36 | AE26: =Soya!E28 -> 5.13 | AF26: =IF(Soya!G28="",'Intermédiaire_Prod-Résultats'!AE26,Soya!G28) -> 5.13 | AH26: =Orge!E28 -> 2.99 | AI26: =IF(Orge!G28="",'Intermédiaire_Prod-Résultats'!AH26,Orge!G28) -> 2.99 | AK26: =Avoine!E28 -> 6.82 | AL26: =IF(Avoine!G28="",'Intermédiaire_Prod-Résultats'!AK26,Avoine!G28) -> 6.82 | AN26: ='Blé_d''automne'!E28 -> 3.73 | AO26: =IF('Blé_d''automne'!G28="",'Intermédiaire_Prod-Résultats'!AN26,'Blé_d''automne'!G28) -> 3.73 | AQ26: =Blé_printemps!E28 -> 3.73 | AR26: =IF(Blé_printemps!G28="",'Intermédiaire_Prod-Résultats'!AQ26,Blé_printemps!G28) -> 3.73 | AT26: =Seigle!E28 -> 31.1 | AU26: =IF(Seigle!G28="",'Intermédiaire_Prod-Résultats'!AT26,Seigle!G28) -> 31.1 | AW26: =Seigle_hybride!E28 -> 31.1 | AX26: =IF(Seigle_hybride!G28="",'Intermédiaire_Prod-Résultats'!AW26,Seigle_hybride!G28) -> 31.1 | AZ26: ='Maïs-grain'!E28 -> 9.36 | BA26: =IF('Maïs-grain'!G28="",'Intermédiaire_Prod-Résultats'!AZ26,'Maïs-grain'!G28) -> 9.36 | BC26: =Soya!E28 -> 5.13 | BD26: =IF(Soya!G28="",'Intermédiaire_Prod-Résultats'!BC26,Soya!G28) -> 5.13 | BF26: =Orge!E28 -> 2.99 | BG26: =IF(Orge!G28="",'Intermédiaire_Prod-Résultats'!BF26,Orge!G28) -> 2.99 | BI26: =Avoine!E28 -> 6.82 | BJ26: =IF(Avoine!G28="",'Intermédiaire_Prod-Résultats'!BI26,Avoine!G28) -> 6.82 | BL26: ='Blé_d''automne'!E28 -> 3.73 | BM26: =IF('Blé_d''automne'!G28="",'Intermédiaire_Prod-Résultats'!BL26,'Blé_d''automne'!G28) -> 3.73 | BO26: =Blé_printemps!E28 -> 3.73 | BP26: =IF(Blé_printemps!G28="",'Intermédiaire_Prod-Résultats'!BO26,Blé_printemps!G28) -> 3.73 | BR26: =Seigle!E28 -> 31.1 | BS26: =IF(Seigle!G28="",'Intermédiaire_Prod-Résultats'!BR26,Seigle!G28) -> 31.1 | BU26: =Seigle_hybride!E28 -> 31.1 | BV26: =IF(Seigle_hybride!G28="",'Intermédiaire_Prod-Résultats'!BU26,Seigle_hybride!G28) -> 31.1
A27: Frais de mise en marché | D27: =('Maïs-grain'!D29*Saisies!B8)*(1+Saisies!B39*Saisies!B59) -> 19.61 | E27: =IF('Maïs-grain'!G29="",IF(Saisies!C8="",'Intermédiaire_Prod-Résultats'!D27,'Maïs-grain'!D29*Saisies!C8),'Maïs-grain'!G29)*(1+IF(Saisies!C39="",Saisies!B39,Saisies!C39)*IF(Saisies!C59="",Saisies!B59,Saisies!C59)) -> 19.61 | G27: =(Soya!D29*Saisies!B9)*(1+Saisies!B40*Saisies!B59) -> 14.1 | H27: =IF(Soya!$G29="",IF(Saisies!$C$9="",'Intermédiaire_Prod-Résultats'!G27,Soya!$D29*Saisies!$C$9),Soya!$G29)*(1+IF(Saisies!C40="",Saisies!B40,Saisies!C40)*IF(Saisies!C59="",Saisies!B59,Saisies!C59)) -> 14.1 | J27: =(Orge!D29*Saisies!B10)*(1+Saisies!B41*Saisies!B59) -> 58.6 | K27: =IF(Orge!$G29="",IF(Saisies!$C$10="",'Intermédiaire_Prod-Résultats'!J27,Orge!$D29*Saisies!$C$10),Orge!$G29)*(1+IF(Saisies!C41="",Saisies!B41,Saisies!C41)*IF(Saisies!C59="",Saisies!B59,Saisies!C59)) -> 58.6 | M27: =(Avoine!D29*Saisies!B11)*(1+Saisies!B42*Saisies!B59) -> 30.28 | N27: =IF(Avoine!$G29="",IF(Saisies!$C$11="",'Intermédiaire_Prod-Résultats'!M27,Avoine!$D29*Saisies!$C$11),Avoine!$G29)*(1+IF(Saisies!C42="",Saisies!B42,Saisies!C42)*IF(Saisies!C59="",Saisies!B59,Saisies!C59)) -> 30.28 | P27: =('Blé_d''automne'!D29*Saisies!B13)*(1+Saisies!B44*Saisies!B59) -> 51.96 | Q27: =IF('Blé_d''automne'!G29="",IF(Saisies!C13="",'Intermédiaire_Prod-Résultats'!P27,'Blé_d''automne'!D29*Saisies!C13),'Blé_d''automne'!G29)*(1+IF(Saisies!C44="",Saisies!B44,Saisies!C44)*IF(Saisies!C59="",Saisies!B59,Saisies!C59)) -> 51.96 | S27: =(Blé_printemps!D29*Saisies!B12)*(1+Saisies!B43*Saisies!B59) -> 51.96 | T27: =IF(Blé_printemps!G29="",IF(Saisies!C12="",'Intermédiaire_Prod-Résultats'!S27,Blé_printemps!D29*Saisies!C12),Blé_printemps!G29)*(1+IF(Saisies!C43="",Saisies!B43,Saisies!C43)*IF(Saisies!C59="",Saisies!B59,Saisies!C59)) -> 51.96 | V27: =(Seigle!D29*Saisies!B14)*(1+Saisies!B45*Saisies!B59) -> 18.2 | W27: =IF(Seigle!G29="",IF(Saisies!C14="",'Intermédiaire_Prod-Résultats'!V27,Seigle!D29*Saisies!C14),Seigle!G29)*(1+IF(Saisies!C45="",Saisies!B45,Saisies!C45)*IF(Saisies!C59="",Saisies!B59,Saisies!C59)) -> 18.2 | Y27: =(Seigle_hybride!D29*Saisies!B15)*(1+Saisies!B46*Saisies!B59) -> 25.025 | Z27: =IF(Seigle_hybride!G29="",IF(Saisies!C15="",'Intermédiaire_Prod-Résultats'!Y27,Seigle_hybride!D29*Saisies!C15),Seigle_hybride!G29)*(1+IF(Saisies!C46="",Saisies!B46,Saisies!C46)*IF(Saisies!C59="",Saisies!B59,Saisies!C59)) -> 25.025 | AB27: =('Maïs-grain'!D29*Saisies!B8)*(1+Saisies!B39*Saisies!B60) -> 20.7866 | AC27: =IF('Maïs-grain'!G29="",'Maïs-grain'!D29*IF(Saisies!C8="",Saisies!B8,Saisies!C8),'Maïs-grain'!G29)*(1+IF(Saisies!C39="",Saisies!B39,Saisies!C39)*IF(Saisies!C60="",Saisies!B60,Saisies!C60)) -> 20.7866 | AE27: =(Soya!D29*Saisies!B9)*(1+Saisies!B40*Saisies!B60) -> 14.805 | AF27: =IF(Soya!G29="",Soya!D29*IF(Saisies!C9="",Saisies!B9,Saisies!C9),Soya!G29)*(1+IF(Saisies!C40="",Saisies!B40,Saisies!C40)*IF(Saisies!C60="",Saisies!B60,Saisies!C60)) -> 14.805 | AH27: =(Orge!D29*Saisies!B10)*(1+Saisies!B41*Saisies!B60) -> 61.823 | AI27: =IF(Orge!G29="",Orge!D29*IF(Saisies!C10="",Saisies!B10,Saisies!C10),Orge!G29)*(1+IF(Saisies!C41="",Saisies!B41,Saisies!C41)*IF(Saisies!C60="",Saisies!B60,Saisies!C60)) -> 61.823 | AK27: =(Avoine!D29*Saisies!B11)*(1+Saisies!B42*Saisies!B60) -> 31.9454 | AL27: =IF(Avoine!G29="",Avoine!D29*IF(Saisies!C11="",Saisies!B11,Saisies!C11),Avoine!G29)*(1+IF(Saisies!C42="",Saisies!B42,Saisies!C42)*IF(Saisies!C60="",Saisies!B60,Saisies!C60)) -> 31.9454 | AN27: =('Blé_d''automne'!D29*Saisies!B13)*(1+Saisies!B44*Saisies!B60) -> 54.8178 | AO27: =IF('Blé_d''automne'!G29="",'Blé_d''automne'!D29*IF(Saisies!C13="",Saisies!B13,Saisies!C13),'Blé_d''automne'!G29)*(1+IF(Saisies!C44="",Saisies!B44,Saisies!C44)*IF(Saisies!C60="",Saisies!B60,Saisies!C60)) -> 54.8178 | AQ27: =(Blé_printemps!D29*Saisies!B12)*(1+Saisies!B43*Saisies!B60) -> 54.8178 | AR27: =IF(Blé_printemps!G29="",Blé_printemps!D29*IF(Saisies!C12="",Saisies!B12,Saisies!C12),Blé_printemps!G29)*(1+IF(Saisies!C43="",Saisies!B43,Saisies!C43)*IF(Saisies!C60="",Saisies!B60,Saisies!C60)) -> 54.8178 | AT27: =(Seigle!D29*Saisies!B14)*(1+Saisies!B45*Saisies!B60) -> 19.201 | AU27: =IF(Seigle!G29="",Seigle!D29*IF(Saisies!C14="",Saisies!B14,Saisies!C14),Seigle!G29)*(1+IF(Saisies!C45="",Saisies!B45,Saisies!C45)*IF(Saisies!C60="",Saisies!B60,Saisies!C60)) -> 19.201 | AW27: =(Seigle_hybride!D29*Saisies!B15)*(1+Saisies!B46*Saisies!B60) -> 26.401375 | AX27: =IF(Seigle_hybride!G29="",Seigle_hybride!D29*IF(Saisies!C15="",Saisies!B15,Saisies!C15),Seigle_hybride!G29)*(1+IF(Saisies!C46="",Saisies!B46,Saisies!C46)*IF(Saisies!C60="",Saisies!B60,Saisies!C60)) -> 26.401375 | AZ27: =('Maïs-grain'!D29*Saisies!B8)*(1+Saisies!B39*Saisies!B61) -> 21.9632 | BA27: =IF('Maïs-grain'!G29="",'Maïs-grain'!D29*IF(Saisies!C8="",Saisies!B8,Saisies!C8),'Maïs-grain'!G29)*(1+IF(Saisies!C39="",Saisies!B39,Saisies!C39)*IF(Saisies!C61="",Saisies!B61,Saisies!C61)) -> 21.9632 | BC27: =(Soya!D29*Saisies!B9)*(1+Saisies!B40*Saisies!B61) -> 15.51 | BD27: =IF(Soya!G29="",Soya!D29*IF(Saisies!C9="",Saisies!B9,Saisies!C9),Soya!G29)*(1+IF(Saisies!C40="",Saisies!B40,Saisies!C40)*IF(Saisies!C61="",Saisies!B61,Saisies!C61)) -> 15.51 | BF27: =(Orge!D29*Saisies!B10)*(1+Saisies!B41*Saisies!B61) -> 65.046 | BG27: =IF(Orge!G29="",Orge!D29*IF(Saisies!C10="",Saisies!B10,Saisies!C10),Orge!G29)*(1+IF(Saisies!C41="",Saisies!B41,Saisies!C41)*IF(Saisies!C61="",Saisies!B61,Saisies!C61)) -> 65.046 | BI27: =(Avoine!D29*Saisies!B11)*(1+Saisies!B42*Saisies!B61) -> 33.6108 | BJ27: =IF(Avoine!G29="",Avoine!D29*IF(Saisies!C11="",Saisies!B11,Saisies!C11),Avoine!G29)*(1+IF(Saisies!C42="",Saisies!B42,Saisies!C42)*IF(Saisies!C61="",Saisies!B61,Saisies!C61)) -> 33.6108 | BL27: =('Blé_d''automne'!D29*Saisies!B13)*(1+Saisies!B44*Saisies!B61) -> 57.6756 | BM27: =IF('Blé_d''automne'!G29="",'Blé_d''automne'!D29*IF(Saisies!C13="",Saisies!B13,Saisies!C13),'Blé_d''automne'!G29)*(1+IF(Saisies!C44="",Saisies!B44,Saisies!C44)*IF(Saisies!C61="",Saisies!B61,Saisies!C61)) -> 57.6756 | BO27: =(Blé_printemps!D29*Saisies!B12)*(1+Saisies!B43*Saisies!B61) -> 57.6756 | BP27: =IF(Blé_printemps!G29="",Blé_printemps!D29*IF(Saisies!C12="",Saisies!B12,Saisies!C12),Blé_printemps!G29)*(1+IF(Saisies!C43="",Saisies!B43,Saisies!C43)*IF(Saisies!C61="",Saisies!B61,Saisies!C61)) -> 57.6756 | BR27: =(Seigle!D29*Saisies!B14)*(1+Saisies!B45*Saisies!B61) -> 20.202 | BS27: =IF(Seigle!G29="",Seigle!D29*IF(Saisies!C14="",Saisies!B14,Saisies!C14),Seigle!G29)*(1+IF(Saisies!C45="",Saisies!B45,Saisies!C45)*IF(Saisies!C61="",Saisies!B61,Saisies!C61)) -> 20.202 | BU27: =(Seigle_hybride!D29*Saisies!B15)*(1+Saisies!B46*Saisies!B61) -> 27.77775 | BV27: =IF(Seigle_hybride!G29="",Seigle_hybride!D29*IF(Saisies!C15="",Saisies!B15,Saisies!C15),Seigle_hybride!G29)*(1+IF(Saisies!C46="",Saisies!B46,Saisies!C46)*IF(Saisies!C61="",Saisies!B61,Saisies!C61)) -> 27.77775
A28: Intérêts sur emprunt à court terme | D28: ='Maïs-grain'!E30 -> 9.24 | E28: =IF('Maïs-grain'!G30="",'Intermédiaire_Prod-Résultats'!D28,'Maïs-grain'!G30) -> 9.24 | G28: =Soya!E30 -> 6.55 | H28: =IF(Soya!G30="",'Intermédiaire_Prod-Résultats'!G28,Soya!G30) -> 6.55 | J28: =Orge!E30 -> 36.9 | K28: =IF(Orge!G30="",'Intermédiaire_Prod-Résultats'!J28,Orge!G30) -> 36.9 | M28: =Avoine!E30 -> 19.25 | N28: =IF(Avoine!G30="",'Intermédiaire_Prod-Résultats'!M28,Avoine!G30) -> 19.25 | P28: ='Blé_d''automne'!E30 -> 29.92 | Q28: =IF('Blé_d''automne'!G30="",'Intermédiaire_Prod-Résultats'!P28,'Blé_d''automne'!G30) -> 29.92 | S28: =Blé_printemps!E30 -> 29.92 | T28: =IF(Blé_printemps!G30="",'Intermédiaire_Prod-Résultats'!S28,Blé_printemps!G30) -> 29.92 | V28: =Seigle!E30 -> 85.04 | W28: =IF(Seigle!G30="",'Intermédiaire_Prod-Résultats'!V28,Seigle!G30) -> 85.04 | Y28: =Seigle_hybride!E30 -> 85.04 | Z28: =IF(Seigle_hybride!G30="",'Intermédiaire_Prod-Résultats'!Y28,Seigle_hybride!G30) -> 85.04 | AB28: ='Maïs-grain'!E30 -> 9.24 | AC28: =IF('Maïs-grain'!G30="",'Intermédiaire_Prod-Résultats'!AB28,'Maïs-grain'!G30) -> 9.24 | AE28: =Soya!E30 -> 6.55 | AF28: =IF(Soya!G30="",'Intermédiaire_Prod-Résultats'!AE28,Soya!G30) -> 6.55 | AH28: =Orge!E30 -> 36.9 | AI28: =IF(Orge!G30="",'Intermédiaire_Prod-Résultats'!AH28,Orge!G30) -> 36.9 | AK28: =Avoine!E30 -> 19.25 | AL28: =IF(Avoine!G30="",'Intermédiaire_Prod-Résultats'!AK28,Avoine!G30) -> 19.25 | AN28: ='Blé_d''automne'!E30 -> 29.92 | AO28: =IF('Blé_d''automne'!G30="",'Intermédiaire_Prod-Résultats'!AN28,'Blé_d''automne'!G30) -> 29.92 | AQ28: =Blé_printemps!E30 -> 29.92 | AR28: =IF(Blé_printemps!G30="",'Intermédiaire_Prod-Résultats'!AQ28,Blé_printemps!G30) -> 29.92 | AT28: =Seigle!E30 -> 85.04 | AU28: =IF(Seigle!G30="",'Intermédiaire_Prod-Résultats'!AT28,Seigle!G30) -> 85.04 | AW28: =Seigle_hybride!E30 -> 85.04 | AX28: =IF(Seigle_hybride!G30="",'Intermédiaire_Prod-Résultats'!AW28,Seigle_hybride!G30) -> 85.04 | AZ28: ='Maïs-grain'!E30 -> 9.24 | BA28: =IF('Maïs-grain'!G30="",'Intermédiaire_Prod-Résultats'!AZ28,'Maïs-grain'!G30) -> 9.24 | BC28: =Soya!E30 -> 6.55 | BD28: =IF(Soya!G30="",'Intermédiaire_Prod-Résultats'!BC28,Soya!G30) -> 6.55 | BF28: =Orge!E30 -> 36.9 | BG28: =IF(Orge!G30="",'Intermédiaire_Prod-Résultats'!BF28,Orge!G30) -> 36.9 | BI28: =Avoine!E30 -> 19.25 | BJ28: =IF(Avoine!G30="",'Intermédiaire_Prod-Résultats'!BI28,Avoine!G30) -> 19.25 | BL28: ='Blé_d''automne'!E30 -> 29.92 | BM28: =IF('Blé_d''automne'!G30="",'Intermédiaire_Prod-Résultats'!BL28,'Blé_d''automne'!G30) -> 29.92 | BO28: =Blé_printemps!E30 -> 29.92 | BP28: =IF(Blé_printemps!G30="",'Intermédiaire_Prod-Résultats'!BO28,Blé_printemps!G30) -> 29.92 | BR28: =Seigle!E30 -> 85.04 | BS28: =IF(Seigle!G30="",'Intermédiaire_Prod-Résultats'!BR28,Seigle!G30) -> 85.04 | BU28: =Seigle_hybride!E30 -> 85.04 | BV28: =IF(Seigle_hybride!G30="",'Intermédiaire_Prod-Résultats'!BU28,Seigle_hybride!G30) -> 85.04
B29: Sous-total | D29: =SUM(D15:D28) -> 1701.26 | E29: =SUM(E15:E28) -> 1701.26 | G29: =SUM(G15:G28) -> 782.95 | H29: =SUM(H15:H28) -> 782.95 | J29: =SUM(J15:J28) -> 1146.83 | K29: =SUM(K15:K28) -> 1146.83 | M29: =SUM(M15:M28) -> 812.83 | N29: =SUM(N15:N28) -> 812.83 | P29: =SUM(P15:P28) -> 1074.18 | Q29: =SUM(Q15:Q28) -> 1074.18 | S29: =SUM(S15:S28) -> 1106.29 | T29: =SUM(T15:T28) -> 1106.29 | V29: =SUM(V15:V28) -> 730.26 | W29: =SUM(W15:W28) -> 730.26 | Y29: =SUM(Y15:Y28) -> 789.435 | Z29: =SUM(Z15:Z28) -> 789.435 | AB29: =SUM(AB15:AB28) -> 1663.342 | AC29: =SUM(AC15:AC28) -> 1663.342 | AE29: =SUM(AE15:AE28) -> 783.665 | AF29: =SUM(AF15:AF28) -> 783.665 | AH29: =SUM(AH15:AH28) -> 1152.8459 | AI29: =SUM(AI15:AI28) -> 1152.8459 | AK29: =SUM(AK15:AK28) -> 815.71695 | AL29: =SUM(AL15:AL28) -> 815.71695 | AN29: =SUM(AN15:AN28) -> 1079.3946 | AO29: =SUM(AO15:AO28) -> 1079.3946 | AQ29: =SUM(AQ15:AQ28) -> 1111.5046 | AR29: =SUM(AR15:AR28) -> 1111.5046 | AT29: =SUM(AT15:AT28) -> 731.261 | AU29: =SUM(AU15:AU28) -> 731.261 | AW29: =SUM(AW15:AW28) -> 790.81137 | AX29: =SUM(AX15:AX28) -> 790.81137 | AZ29: =SUM(AZ15:AZ28) -> 1625.424 | BA29: =SUM(BA15:BA28) -> 1625.424 | BC29: =SUM(BC15:BC28) -> 784.38 | BD29: =SUM(BD15:BD28) -> 784.38 | BF29: =SUM(BF15:BF28) -> 1158.8618 | BG29: =SUM(BG15:BG28) -> 1158.8618 | BI29: =SUM(BI15:BI28) -> 818.6039 | BJ29: =SUM(BJ15:BJ28) -> 818.6039 | BL29: =SUM(BL15:BL28) -> 1084.6091 | BM29: =SUM(BM15:BM28) -> 1084.6091 | BO29: =SUM(BO15:BO28) -> 1116.7191 | BP29: =SUM(BP15:BP28) -> 1116.7191 | BR29: =SUM(BR15:BR28) -> 732.262 | BS29: =SUM(BS15:BS28) -> 732.262 | BU29: =SUM(BU15:BU28) -> 792.18775 | BV29: =SUM(BV15:BV28) -> 792.18775
A31: Contribution d'assurance stabilisation | D31: ='Maïs-grain'!E34 -> 0 | E31: =IF('Maïs-grain'!G34="",'Intermédiaire_Prod-Résultats'!D31,'Maïs-grain'!G34) -> 0 | G31: =Soya!E34 -> 0 | H31: =IF(Soya!G34="",'Intermédiaire_Prod-Résultats'!G31,Soya!G34) -> 0 | J31: =Orge!E34 -> 49.45 | K31: =IF(Orge!G34="",'Intermédiaire_Prod-Résultats'!J31,Orge!G34) -> 49.45 | M31: =Avoine!E34 -> 70.71 | N31: =IF(Avoine!G34="",'Intermédiaire_Prod-Résultats'!M31,Avoine!G34) -> 70.71 | P31: ='Blé_d''automne'!E34 -> 7.11 | Q31: =IF('Blé_d''automne'!G34="",'Intermédiaire_Prod-Résultats'!P31,'Blé_d''automne'!G34) -> 7.11 | S31: =Blé_printemps!E34 -> 7.11 | T31: =IF(Blé_printemps!G34="",'Intermédiaire_Prod-Résultats'!S31,Blé_printemps!G34) -> 7.11 | V31: =Seigle!E34 -> 0 | W31: =IF(Seigle!G34="",'Intermédiaire_Prod-Résultats'!V31,Seigle!G34) -> 0 | Y31: =Seigle_hybride!E34 -> 0 | Z31: =IF(Seigle_hybride!G34="",'Intermédiaire_Prod-Résultats'!Y31,Seigle_hybride!G34) -> 0 | AB31: ='Maïs-grain'!E34 -> 0 | AC31: =IF('Maïs-grain'!G34="",'Intermédiaire_Prod-Résultats'!AB31,'Maïs-grain'!G34) -> 0 | AE31: =Soya!E34 -> 0 | AF31: =IF(Soya!G34="",'Intermédiaire_Prod-Résultats'!AE31,Soya!G34) -> 0 | AH31: =Orge!E34 -> 49.45 | AI31: =IF(Orge!G34="",'Intermédiaire_Prod-Résultats'!AH31,Orge!G34) -> 49.45 | AK31: =Avoine!E34 -> 70.71 | AL31: =IF(Avoine!G34="",'Intermédiaire_Prod-Résultats'!AK31,Avoine!G34) -> 70.71 | AN31: ='Blé_d''automne'!E34 -> 7.11 | AO31: =IF('Blé_d''automne'!G34="",'Intermédiaire_Prod-Résultats'!AN31,'Blé_d''automne'!G34) -> 7.11 | AQ31: =Blé_printemps!E34 -> 7.11 | AR31: =IF(Blé_printemps!G34="",'Intermédiaire_Prod-Résultats'!AQ31,Blé_printemps!G34) -> 7.11 | AT31: =Seigle!E34 -> 0 | AU31: =IF(Seigle!G34="",'Intermédiaire_Prod-Résultats'!AT31,Seigle!G34) -> 0 | AW31: =Seigle_hybride!E34 -> 0 | AX31: =IF(Seigle_hybride!G34="",'Intermédiaire_Prod-Résultats'!AW31,Seigle_hybride!G34) -> 0 | AZ31: ='Maïs-grain'!E34 -> 0 | BA31: =IF('Maïs-grain'!G34="",'Intermédiaire_Prod-Résultats'!AZ31,'Maïs-grain'!G34) -> 0 | BC31: =Soya!E34 -> 0 | BD31: =IF(Soya!G34="",'Intermédiaire_Prod-Résultats'!BC31,Soya!G34) -> 0 | BF31: =Orge!E34 -> 49.45 | BG31: =IF(Orge!G34="",'Intermédiaire_Prod-Résultats'!BF31,Orge!G34) -> 49.45 | BI31: =Avoine!E34 -> 70.71 | BJ31: =IF(Avoine!G34="",'Intermédiaire_Prod-Résultats'!BI31,Avoine!G34) -> 70.71 | BL31: ='Blé_d''automne'!E34 -> 7.11 | BM31: =IF('Blé_d''automne'!G34="",'Intermédiaire_Prod-Résultats'!BL31,'Blé_d''automne'!G34) -> 7.11 | BO31: =Blé_printemps!E34 -> 7.11 | BP31: =IF(Blé_printemps!G34="",'Intermédiaire_Prod-Résultats'!BO31,Blé_printemps!G34) -> 7.11 | BR31: =Seigle!E34 -> 0 | BS31: =IF(Seigle!G34="",'Intermédiaire_Prod-Résultats'!BR31,Seigle!G34) -> 0 | BU31: =Seigle_hybride!E34 -> 0 | BV31: =IF(Seigle_hybride!G34="",'Intermédiaire_Prod-Résultats'!BU31,Seigle_hybride!G34) -> 0
A32: Contribution aux autres programmes | D32: ='Maïs-grain'!E35 -> 8.44 | E32: =IF('Maïs-grain'!G35="",'Intermédiaire_Prod-Résultats'!D32,'Maïs-grain'!G35) -> 8.44 | G32: =Soya!E35 -> 7.84 | H32: =IF(Soya!G35="",'Intermédiaire_Prod-Résultats'!G32,Soya!G35) -> 7.84 | J32: =Orge!E35 -> 2.68 | K32: =IF(Orge!G35="",'Intermédiaire_Prod-Résultats'!J32,Orge!G35) -> 2.68 | M32: =Avoine!E35 -> 3.44 | N32: =IF(Avoine!G35="",'Intermédiaire_Prod-Résultats'!M32,Avoine!G35) -> 3.44 | P32: ='Blé_d''automne'!E35 -> 35.02 | Q32: =IF('Blé_d''automne'!G35="",'Intermédiaire_Prod-Résultats'!P32,'Blé_d''automne'!G35) -> 35.02 | S32: =Blé_printemps!E35 -> 35.02 | T32: =IF(Blé_printemps!G35="",'Intermédiaire_Prod-Résultats'!S32,Blé_printemps!G35) -> 35.02 | V32: =Seigle!E35 -> 0 | W32: =IF(Seigle!G35="",'Intermédiaire_Prod-Résultats'!V32,Seigle!G35) -> 0 | Y32: =Seigle_hybride!E35 -> 0 | Z32: =IF(Seigle_hybride!G35="",'Intermédiaire_Prod-Résultats'!Y32,Seigle_hybride!G35) -> 0 | AB32: ='Maïs-grain'!E35 -> 8.44 | AC32: =IF('Maïs-grain'!G35="",'Intermédiaire_Prod-Résultats'!AB32,'Maïs-grain'!G35) -> 8.44 | AE32: =Soya!E35 -> 7.84 | AF32: =IF(Soya!G35="",'Intermédiaire_Prod-Résultats'!AE32,Soya!G35) -> 7.84 | AH32: =Orge!E35 -> 2.68 | AI32: =IF(Orge!G35="",'Intermédiaire_Prod-Résultats'!AH32,Orge!G35) -> 2.68 | AK32: =Avoine!E35 -> 3.44 | AL32: =IF(Avoine!G35="",'Intermédiaire_Prod-Résultats'!AK32,Avoine!G35) -> 3.44 | AN32: ='Blé_d''automne'!E35 -> 35.02 | AO32: =IF('Blé_d''automne'!G35="",'Intermédiaire_Prod-Résultats'!AN32,'Blé_d''automne'!G35) -> 35.02 | AQ32: =Blé_printemps!E35 -> 35.02 | AR32: =IF(Blé_printemps!G35="",'Intermédiaire_Prod-Résultats'!AQ32,Blé_printemps!G35) -> 35.02 | AT32: =Seigle!E35 -> 0 | AU32: =IF(Seigle!G35="",'Intermédiaire_Prod-Résultats'!AT32,Seigle!G35) -> 0 | AW32: =Seigle_hybride!E35 -> 0 | AX32: =IF(Seigle_hybride!G35="",'Intermédiaire_Prod-Résultats'!AW32,Seigle_hybride!G35) -> 0 | AZ32: ='Maïs-grain'!E35 -> 8.44 | BA32: =IF('Maïs-grain'!G35="",'Intermédiaire_Prod-Résultats'!AZ32,'Maïs-grain'!G35) -> 8.44 | BC32: =Soya!E35 -> 7.84 | BD32: =IF(Soya!G35="",'Intermédiaire_Prod-Résultats'!BC32,Soya!G35) -> 7.84 | BF32: =Orge!E35 -> 2.68 | BG32: =IF(Orge!G35="",'Intermédiaire_Prod-Résultats'!BF32,Orge!G35) -> 2.68 | BI32: =Avoine!E35 -> 3.44 | BJ32: =IF(Avoine!G35="",'Intermédiaire_Prod-Résultats'!BI32,Avoine!G35) -> 3.44 | BL32: ='Blé_d''automne'!E35 -> 35.02 | BM32: =IF('Blé_d''automne'!G35="",'Intermédiaire_Prod-Résultats'!BL32,'Blé_d''automne'!G35) -> 35.02 | BO32: =Blé_printemps!E35 -> 35.02 | BP32: =IF(Blé_printemps!G35="",'Intermédiaire_Prod-Résultats'!BO32,Blé_printemps!G35) -> 35.02 | BR32: =Seigle!E35 -> 0 | BS32: =IF(Seigle!G35="",'Intermédiaire_Prod-Résultats'!BR32,Seigle!G35) -> 0 | BU32: =Seigle_hybride!E35 -> 0 | BV32: =IF(Seigle_hybride!G35="",'Intermédiaire_Prod-Résultats'!BU32,Seigle_hybride!G35) -> 0
A34: MARGE BÉNÉFICIAIRE APRÈS COÛTS VARIABLES (MARGE VARIABLE) | D34: =D11-D29-SUM(D31:D32) -> 2149.1906 | E34: =E11-E29-SUM(E31:E32) -> 2149.1906 | G34: =G11-G29-SUM(G31:G32) -> 1611.4624 | H34: =H11-H29-SUM(H31:H32) -> 1611.4624 | J34: =J11-J29-SUM(J31:J32) -> 299.1964 | K34: =K11-K29-SUM(K31:K32) -> 299.1964 | M34: =M11-M29-SUM(M31:M32) -> 229.3215 | N34: =N11-N29-SUM(N31:N32) -> 229.3215 | P34: =P11-P29-SUM(P31:P32) -> 994.2371 | Q34: =Q11-Q29-SUM(Q31:Q32) -> 994.2371 | S34: =S11-S29-SUM(S31:S32) -> 632.7284 | T34: =T11-T29-SUM(T31:T32) -> 632.7284 | V34: =V11-V29-SUM(V31:V32) -> 555.5401 | W34: =W11-W29-SUM(W31:W32) -> 555.5401 | Y34: =Y11-Y29-SUM(Y31:Y32) -> 1188.399 | Z34: =Z11-Z29-SUM(Z31:Z32) -> 1188.399 | AB34: =AB11-AB29-SUM(AB31:AB32) -> 2419.4892 | AC34: =AC11-AC29-SUM(AC31:AC32) -> 2419.4892 | AE34: =AE11-AE29-SUM(AE31:AE32) -> 1728.5976 | AF34: =AF11-AF29-SUM(AF31:AF32) -> 1728.5976 | AH34: =AH11-AH29-SUM(AH31:AH32) -> 351.23025 | AI34: =AI11-AI29-SUM(AI31:AI32) -> 351.23025 | AK34: =AK11-AK29-SUM(AK31:AK32) -> 269.67467 | AL34: =AL11-AL29-SUM(AL31:AL32) -> 269.67467 | AN34: =AN11-AN29-SUM(AN31:AN32) -> 1080.5134 | AO34: =AO11-AO29-SUM(AO31:AO32) -> 1080.5134 | AQ34: =AQ11-AQ29-SUM(AQ31:AQ32) -> 700.70653 | AR34: =AR11-AR29-SUM(AR31:AR32) -> 700.70653 | AT34: =AT11-AT29-SUM(AT31:AT32) -> 603.4231 | AU34: =AU11-AU29-SUM(AU31:AU32) -> 603.4231 | AW34: =AW11-AW29-SUM(AW31:AW32) -> 1271.042 | AX34: =AX11-AX29-SUM(AX31:AX32) -> 1271.042 | AZ34: =AZ11-AZ29-SUM(AZ31:AZ32) -> 2689.7878 | BA34: =BA11-BA29-SUM(BA31:BA32) -> 2689.7878 | BC34: =BC11-BC29-SUM(BC31:BC32) -> 1845.7328 | BD34: =BD11-BD29-SUM(BD31:BD32) -> 1845.7328 | BF34: =BF11-BF29-SUM(BF31:BF32) -> 403.2641 | BG34: =BG11-BG29-SUM(BG31:BG32) -> 403.2641 | BI34: =BI11-BI29-SUM(BI31:BI32) -> 310.02784 | BJ34: =BJ11-BJ29-SUM(BJ31:BJ32) -> 310.02784 | BL34: =BL11-BL29-SUM(BL31:BL32) -> 1166.7897 | BM34: =BM11-BM29-SUM(BM31:BM32) -> 1166.7897 | BO34: =BO11-BO29-SUM(BO31:BO32) -> 768.68466 | BP34: =BP11-BP29-SUM(BP31:BP32) -> 768.68466 | BR34: =BR11-BR29-SUM(BR31:BR32) -> 651.3061 | BS34: =BS11-BS29-SUM(BS31:BS32) -> 651.3061 | BU34: =BU11-BU29-SUM(BU31:BU32) -> 1353.685 | BV34: =BV11-BV29-SUM(BV31:BV32) -> 1353.685
A36: FRAIS FIXES
A37: Entretien bâtiments et fonds de terre | D37: ='Maïs-grain'!E40 -> 29.65 | E37: =IF('Maïs-grain'!G40="",'Intermédiaire_Prod-Résultats'!D37,'Maïs-grain'!G40) -> 29.65 | G37: =Soya!E40 -> 17.21 | H37: =IF(Soya!G40="",'Intermédiaire_Prod-Résultats'!G37,Soya!G40) -> 17.21 | J37: =Orge!E40 -> 30.3 | K37: =IF(Orge!G40="",'Intermédiaire_Prod-Résultats'!J37,Orge!G40) -> 30.3 | M37: =Avoine!E40 -> 18.39 | N37: =IF(Avoine!G40="",'Intermédiaire_Prod-Résultats'!M37,Avoine!G40) -> 18.39 | P37: ='Blé_d''automne'!E40 -> 5.02 | Q37: =IF('Blé_d''automne'!G40="",'Intermédiaire_Prod-Résultats'!P37,'Blé_d''automne'!G40) -> 5.02 | S37: =Blé_printemps!E40 -> 5.02 | T37: =IF(Blé_printemps!G40="",'Intermédiaire_Prod-Résultats'!S37,Blé_printemps!G40) -> 5.02 | V37: =Seigle!E40 -> 10.73 | W37: =IF(Seigle!G40="",'Intermédiaire_Prod-Résultats'!V37,Seigle!G40) -> 10.73 | Y37: =Seigle_hybride!E40 -> 10.73 | Z37: =IF(Seigle_hybride!G40="",'Intermédiaire_Prod-Résultats'!Y37,Seigle_hybride!G40) -> 10.73 | AB37: ='Maïs-grain'!E40 -> 29.65 | AC37: =IF('Maïs-grain'!G40="",'Intermédiaire_Prod-Résultats'!AB37,'Maïs-grain'!G40) -> 29.65 | AE37: =Soya!E40 -> 17.21 | AF37: =IF(Soya!G40="",'Intermédiaire_Prod-Résultats'!AE37,Soya!G40) -> 17.21 | AH37: =Orge!E40 -> 30.3 | AI37: =IF(Orge!G40="",'Intermédiaire_Prod-Résultats'!AH37,Orge!G40) -> 30.3 | AK37: =Avoine!E40 -> 18.39 | AL37: =IF(Avoine!G40="",'Intermédiaire_Prod-Résultats'!AK37,Avoine!G40) -> 18.39 | AN37: ='Blé_d''automne'!E40 -> 5.02 | AO37: =IF('Blé_d''automne'!G40="",'Intermédiaire_Prod-Résultats'!AN37,'Blé_d''automne'!G40) -> 5.02 | AQ37: =Blé_printemps!E40 -> 5.02 | AR37: =IF(Blé_printemps!G40="",'Intermédiaire_Prod-Résultats'!AQ37,Blé_printemps!G40) -> 5.02 | AT37: =Seigle!E40 -> 10.73 | AU37: =IF(Seigle!G40="",'Intermédiaire_Prod-Résultats'!AT37,Seigle!G40) -> 10.73 | AW37: =Seigle_hybride!E40 -> 10.73 | AX37: =IF(Seigle_hybride!G40="",'Intermédiaire_Prod-Résultats'!AW37,Seigle_hybride!G40) -> 10.73 | AZ37: ='Maïs-grain'!E40 -> 29.65 | BA37: =IF('Maïs-grain'!G40="",'Intermédiaire_Prod-Résultats'!AZ37,'Maïs-grain'!G40) -> 29.65 | BC37: =Soya!E40 -> 17.21 | BD37: =IF(Soya!G40="",'Intermédiaire_Prod-Résultats'!BC37,Soya!G40) -> 17.21 | BF37: =Orge!E40 -> 30.3 | BG37: =IF(Orge!G40="",'Intermédiaire_Prod-Résultats'!BF37,Orge!G40) -> 30.3 | BI37: =Avoine!E40 -> 18.39 | BJ37: =IF(Avoine!G40="",'Intermédiaire_Prod-Résultats'!BI37,Avoine!G40) -> 18.39 | BL37: ='Blé_d''automne'!E40 -> 5.02 | BM37: =IF('Blé_d''automne'!G40="",'Intermédiaire_Prod-Résultats'!BL37,'Blé_d''automne'!G40) -> 5.02 | BO37: =Blé_printemps!E40 -> 5.02 | BP37: =IF(Blé_printemps!G40="",'Intermédiaire_Prod-Résultats'!BO37,Blé_printemps!G40) -> 5.02 | BR37: =Seigle!E40 -> 10.73 | BS37: =IF(Seigle!G40="",'Intermédiaire_Prod-Résultats'!BR37,Seigle!G40) -> 10.73 | BU37: =Seigle_hybride!E40 -> 10.73 | BV37: =IF(Seigle_hybride!G40="",'Intermédiaire_Prod-Résultats'!BU37,Seigle_hybride!G40) -> 10.73
A38: Assurances diverses | D38: ='Maïs-grain'!E41 -> 51.08 | E38: =IF('Maïs-grain'!G41="",'Intermédiaire_Prod-Résultats'!D38,'Maïs-grain'!G41) -> 51.08 | G38: =Soya!E41 -> 31.83 | H38: =IF(Soya!G41="",'Intermédiaire_Prod-Résultats'!G38,Soya!G41) -> 31.83 | J38: =Orge!E41 -> 23.5 | K38: =IF(Orge!G41="",'Intermédiaire_Prod-Résultats'!J38,Orge!G41) -> 23.5 | M38: =Avoine!E41 -> 26.26 | N38: =IF(Avoine!G41="",'Intermédiaire_Prod-Résultats'!M38,Avoine!G41) -> 26.26 | P38: ='Blé_d''automne'!E41 -> 18.28 | Q38: =IF('Blé_d''automne'!G41="",'Intermédiaire_Prod-Résultats'!P38,'Blé_d''automne'!G41) -> 18.28 | S38: =Blé_printemps!E41 -> 18.28 | T38: =IF(Blé_printemps!G41="",'Intermédiaire_Prod-Résultats'!S38,Blé_printemps!G41) -> 18.28 | V38: =Seigle!E41 -> 0 | W38: =IF(Seigle!G41="",'Intermédiaire_Prod-Résultats'!V38,Seigle!G41) -> 0 | Y38: =Seigle_hybride!E41 -> 0 | Z38: =IF(Seigle_hybride!G41="",'Intermédiaire_Prod-Résultats'!Y38,Seigle_hybride!G41) -> 0 | AB38: ='Maïs-grain'!E41 -> 51.08 | AC38: =IF('Maïs-grain'!G41="",'Intermédiaire_Prod-Résultats'!AB38,'Maïs-grain'!G41) -> 51.08 | AE38: =Soya!E41 -> 31.83 | AF38: =IF(Soya!G41="",'Intermédiaire_Prod-Résultats'!AE38,Soya!G41) -> 31.83 | AH38: =Orge!E41 -> 23.5 | AI38: =IF(Orge!G41="",'Intermédiaire_Prod-Résultats'!AH38,Orge!G41) -> 23.5 | AK38: =Avoine!E41 -> 26.26 | AL38: =IF(Avoine!G41="",'Intermédiaire_Prod-Résultats'!AK38,Avoine!G41) -> 26.26 | AN38: ='Blé_d''automne'!E41 -> 18.28 | AO38: =IF('Blé_d''automne'!G41="",'Intermédiaire_Prod-Résultats'!AN38,'Blé_d''automne'!G41) -> 18.28 | AQ38: =Blé_printemps!E41 -> 18.28 | AR38: =IF(Blé_printemps!G41="",'Intermédiaire_Prod-Résultats'!AQ38,Blé_printemps!G41) -> 18.28 | AT38: =Seigle!E41 -> 0 | AU38: =IF(Seigle!G41="",'Intermédiaire_Prod-Résultats'!AT38,Seigle!G41) -> 0 | AW38: =Seigle_hybride!E41 -> 0 | AX38: =IF(Seigle_hybride!G41="",'Intermédiaire_Prod-Résultats'!AW38,Seigle_hybride!G41) -> 0 | AZ38: ='Maïs-grain'!E41 -> 51.08 | BA38: =IF('Maïs-grain'!G41="",'Intermédiaire_Prod-Résultats'!AZ38,'Maïs-grain'!G41) -> 51.08 | BC38: =Soya!E41 -> 31.83 | BD38: =IF(Soya!G41="",'Intermédiaire_Prod-Résultats'!BC38,Soya!G41) -> 31.83 | BF38: =Orge!E41 -> 23.5 | BG38: =IF(Orge!G41="",'Intermédiaire_Prod-Résultats'!BF38,Orge!G41) -> 23.5 | BI38: =Avoine!E41 -> 26.26 | BJ38: =IF(Avoine!G41="",'Intermédiaire_Prod-Résultats'!BI38,Avoine!G41) -> 26.26 | BL38: ='Blé_d''automne'!E41 -> 18.28 | BM38: =IF('Blé_d''automne'!G41="",'Intermédiaire_Prod-Résultats'!BL38,'Blé_d''automne'!G41) -> 18.28 | BO38: =Blé_printemps!E41 -> 18.28 | BP38: =IF(Blé_printemps!G41="",'Intermédiaire_Prod-Résultats'!BO38,Blé_printemps!G41) -> 18.28 | BR38: =Seigle!E41 -> 0 | BS38: =IF(Seigle!G41="",'Intermédiaire_Prod-Résultats'!BR38,Seigle!G41) -> 0 | BU38: =Seigle_hybride!E41 -> 0 | BV38: =IF(Seigle_hybride!G41="",'Intermédiaire_Prod-Résultats'!BU38,Seigle_hybride!G41) -> 0
A39: Taxes foncières | D39: ='Maïs-grain'!E42 -> 33.29 | E39: =IF('Maïs-grain'!G42="",'Intermédiaire_Prod-Résultats'!D39,'Maïs-grain'!G42) -> 33.29 | G39: =Soya!E42 -> 27.29 | H39: =IF(Soya!G42="",'Intermédiaire_Prod-Résultats'!G39,Soya!G42) -> 27.29 | J39: =Orge!E42 -> 16.84 | K39: =IF(Orge!G42="",'Intermédiaire_Prod-Résultats'!J39,Orge!G42) -> 16.84 | M39: =Avoine!E42 -> 17.66 | N39: =IF(Avoine!G42="",'Intermédiaire_Prod-Résultats'!M39,Avoine!G42) -> 17.66 | P39: ='Blé_d''automne'!E42 -> 9.2 | Q39: =IF('Blé_d''automne'!G42="",'Intermédiaire_Prod-Résultats'!P39,'Blé_d''automne'!G42) -> 9.2 | S39: =Blé_printemps!E42 -> 9.2 | T39: =IF(Blé_printemps!G42="",'Intermédiaire_Prod-Résultats'!S39,Blé_printemps!G42) -> 9.2 | V39: =Seigle!E42 -> 0 | W39: =IF(Seigle!G42="",'Intermédiaire_Prod-Résultats'!V39,Seigle!G42) -> 0 | Y39: =Seigle_hybride!E42 -> 0 | Z39: =IF(Seigle_hybride!G42="",'Intermédiaire_Prod-Résultats'!Y39,Seigle_hybride!G42) -> 0 | AB39: ='Maïs-grain'!E42 -> 33.29 | AC39: =IF('Maïs-grain'!G42="",'Intermédiaire_Prod-Résultats'!AB39,'Maïs-grain'!G42) -> 33.29 | AE39: =Soya!E42 -> 27.29 | AF39: =IF(Soya!G42="",'Intermédiaire_Prod-Résultats'!AE39,Soya!G42) -> 27.29 | AH39: =Orge!E42 -> 16.84 | AI39: =IF(Orge!G42="",'Intermédiaire_Prod-Résultats'!AH39,Orge!G42) -> 16.84 | AK39: =Avoine!E42 -> 17.66 | AL39: =IF(Avoine!G42="",'Intermédiaire_Prod-Résultats'!AK39,Avoine!G42) -> 17.66 | AN39: ='Blé_d''automne'!E42 -> 9.2 | AO39: =IF('Blé_d''automne'!G42="",'Intermédiaire_Prod-Résultats'!AN39,'Blé_d''automne'!G42) -> 9.2 | AQ39: =Blé_printemps!E42 -> 9.2 | AR39: =IF(Blé_printemps!G42="",'Intermédiaire_Prod-Résultats'!AQ39,Blé_printemps!G42) -> 9.2 | AT39: =Seigle!E42 -> 0 | AU39: =IF(Seigle!G42="",'Intermédiaire_Prod-Résultats'!AT39,Seigle!G42) -> 0 | AW39: =Seigle_hybride!E42 -> 0 | AX39: =IF(Seigle_hybride!G42="",'Intermédiaire_Prod-Résultats'!AW39,Seigle_hybride!G42) -> 0 | AZ39: ='Maïs-grain'!E42 -> 33.29 | BA39: =IF('Maïs-grain'!G42="",'Intermédiaire_Prod-Résultats'!AZ39,'Maïs-grain'!G42) -> 33.29 | BC39: =Soya!E42 -> 27.29 | BD39: =IF(Soya!G42="",'Intermédiaire_Prod-Résultats'!BC39,Soya!G42) -> 27.29 | BF39: =Orge!E42 -> 16.84 | BG39: =IF(Orge!G42="",'Intermédiaire_Prod-Résultats'!BF39,Orge!G42) -> 16.84 | BI39: =Avoine!E42 -> 17.66 | BJ39: =IF(Avoine!G42="",'Intermédiaire_Prod-Résultats'!BI39,Avoine!G42) -> 17.66 | BL39: ='Blé_d''automne'!E42 -> 9.2 | BM39: =IF('Blé_d''automne'!G42="",'Intermédiaire_Prod-Résultats'!BL39,'Blé_d''automne'!G42) -> 9.2 | BO39: =Blé_printemps!E42 -> 9.2 | BP39: =IF(Blé_printemps!G42="",'Intermédiaire_Prod-Résultats'!BO39,Blé_printemps!G42) -> 9.2 | BR39: =Seigle!E42 -> 0 | BS39: =IF(Seigle!G42="",'Intermédiaire_Prod-Résultats'!BR39,Seigle!G42) -> 0 | BU39: =Seigle_hybride!E42 -> 0 | BV39: =IF(Seigle_hybride!G42="",'Intermédiaire_Prod-Résultats'!BU39,Seigle_hybride!G42) -> 0
A40: Intérêts sur emprunts à moyen et long terme | D40: ='Maïs-grain'!E43 -> 86.13 | E40: =IF('Maïs-grain'!G43="",'Intermédiaire_Prod-Résultats'!D40,'Maïs-grain'!G43) -> 86.13 | G40: =Soya!E43 -> 75.48 | H40: =IF(Soya!G43="",'Intermédiaire_Prod-Résultats'!G40,Soya!G43) -> 75.48 | J40: =Orge!E43 -> 68.2 | K40: =IF(Orge!G43="",'Intermédiaire_Prod-Résultats'!J40,Orge!G43) -> 68.2 | M40: =Avoine!E43 -> 75.34 | N40: =IF(Avoine!G43="",'Intermédiaire_Prod-Résultats'!M40,Avoine!G43) -> 75.34 | P40: ='Blé_d''automne'!E43 -> 62.11 | Q40: =IF('Blé_d''automne'!G43="",'Intermédiaire_Prod-Résultats'!P40,'Blé_d''automne'!G43) -> 62.11 | S40: =Blé_printemps!E43 -> 62.11 | T40: =IF(Blé_printemps!G43="",'Intermédiaire_Prod-Résultats'!S40,Blé_printemps!G43) -> 62.11 | V40: =Seigle!E43 -> 0 | W40: =IF(Seigle!G43="",'Intermédiaire_Prod-Résultats'!V40,Seigle!G43) -> 0 | Y40: =Seigle_hybride!E43 -> 0 | Z40: =IF(Seigle_hybride!G43="",'Intermédiaire_Prod-Résultats'!Y40,Seigle_hybride!G43) -> 0 | AB40: ='Maïs-grain'!E43 -> 86.13 | AC40: =IF('Maïs-grain'!G43="",'Intermédiaire_Prod-Résultats'!AB40,'Maïs-grain'!G43) -> 86.13 | AE40: =Soya!E43 -> 75.48 | AF40: =IF(Soya!G43="",'Intermédiaire_Prod-Résultats'!AE40,Soya!G43) -> 75.48 | AH40: =Orge!E43 -> 68.2 | AI40: =IF(Orge!G43="",'Intermédiaire_Prod-Résultats'!AH40,Orge!G43) -> 68.2 | AK40: =Avoine!E43 -> 75.34 | AL40: =IF(Avoine!G43="",'Intermédiaire_Prod-Résultats'!AK40,Avoine!G43) -> 75.34 | AN40: ='Blé_d''automne'!E43 -> 62.11 | AO40: =IF('Blé_d''automne'!G43="",'Intermédiaire_Prod-Résultats'!AN40,'Blé_d''automne'!G43) -> 62.11 | AQ40: =Blé_printemps!E43 -> 62.11 | AR40: =IF(Blé_printemps!G43="",'Intermédiaire_Prod-Résultats'!AQ40,Blé_printemps!G43) -> 62.11 | AT40: =Seigle!E43 -> 0 | AU40: =IF(Seigle!G43="",'Intermédiaire_Prod-Résultats'!AT40,Seigle!G43) -> 0 | AW40: =Seigle_hybride!E43 -> 0 | AX40: =IF(Seigle_hybride!G43="",'Intermédiaire_Prod-Résultats'!AW40,Seigle_hybride!G43) -> 0 | AZ40: ='Maïs-grain'!E43 -> 86.13 | BA40: =IF('Maïs-grain'!G43="",'Intermédiaire_Prod-Résultats'!AZ40,'Maïs-grain'!G43) -> 86.13 | BC40: =Soya!E43 -> 75.48 | BD40: =IF(Soya!G43="",'Intermédiaire_Prod-Résultats'!BC40,Soya!G43) -> 75.48 | BF40: =Orge!E43 -> 68.2 | BG40: =IF(Orge!G43="",'Intermédiaire_Prod-Résultats'!BF40,Orge!G43) -> 68.2 | BI40: =Avoine!E43 -> 75.34 | BJ40: =IF(Avoine!G43="",'Intermédiaire_Prod-Résultats'!BI40,Avoine!G43) -> 75.34 | BL40: ='Blé_d''automne'!E43 -> 62.11 | BM40: =IF('Blé_d''automne'!G43="",'Intermédiaire_Prod-Résultats'!BL40,'Blé_d''automne'!G43) -> 62.11 | BO40: =Blé_printemps!E43 -> 62.11 | BP40: =IF(Blé_printemps!G43="",'Intermédiaire_Prod-Résultats'!BO40,Blé_printemps!G43) -> 62.11 | BR40: =Seigle!E43 -> 0 | BS40: =IF(Seigle!G43="",'Intermédiaire_Prod-Résultats'!BR40,Seigle!G43) -> 0 | BU40: =Seigle_hybride!E43 -> 0 | BV40: =IF(Seigle_hybride!G43="",'Intermédiaire_Prod-Résultats'!BU40,Seigle_hybride!G43) -> 0
A41: Autres frais | D41: ='Maïs-grain'!E44+Saisies!B67 -> 47.46 | E41: =IF('Maïs-grain'!G44="",'Intermédiaire_Prod-Résultats'!D41,'Maïs-grain'!G44)+Saisies!C67 -> 47.46 | G41: =Soya!E44 -> 30.53 | H41: =IF(Soya!G44="",'Intermédiaire_Prod-Résultats'!G41,Soya!G44) -> 30.53 | J41: =Orge!E44 -> 40.28 | K41: =IF(Orge!G44="",'Intermédiaire_Prod-Résultats'!J41,Orge!G44) -> 40.28 | M41: =Avoine!E44 -> 32.12 | N41: =IF(Avoine!G44="",'Intermédiaire_Prod-Résultats'!M41,Avoine!G44) -> 32.12 | P41: ='Blé_d''automne'!E44 -> 32.04 | Q41: =IF('Blé_d''automne'!G44="",'Intermédiaire_Prod-Résultats'!P41,'Blé_d''automne'!G44) -> 32.04 | S41: =Blé_printemps!E44 -> 32.04 | T41: =IF(Blé_printemps!G44="",'Intermédiaire_Prod-Résultats'!S41,Blé_printemps!G44) -> 32.04 | V41: =Seigle!E44 -> 63.57 | W41: =IF(Seigle!G44="",'Intermédiaire_Prod-Résultats'!V41,Seigle!G44) -> 63.57 | Y41: =Seigle_hybride!E44 -> 63.57 | Z41: =IF(Seigle_hybride!G44="",'Intermédiaire_Prod-Résultats'!Y41,Seigle_hybride!G44) -> 63.57 | AB41: ='Maïs-grain'!E44+Saisies!B67 -> 47.46 | AC41: =IF('Maïs-grain'!G44="",'Intermédiaire_Prod-Résultats'!AB41,'Maïs-grain'!G44)+Saisies!C67 -> 47.46 | AE41: =Soya!E44 -> 30.53 | AF41: =IF(Soya!G44="",'Intermédiaire_Prod-Résultats'!AE41,Soya!G44) -> 30.53 | AH41: =Orge!E44 -> 40.28 | AI41: =IF(Orge!G44="",'Intermédiaire_Prod-Résultats'!AH41,Orge!G44) -> 40.28 | AK41: =Avoine!E44 -> 32.12 | AL41: =IF(Avoine!G44="",'Intermédiaire_Prod-Résultats'!AK41,Avoine!G44) -> 32.12 | AN41: ='Blé_d''automne'!E44 -> 32.04 | AO41: =IF('Blé_d''automne'!G44="",'Intermédiaire_Prod-Résultats'!AN41,'Blé_d''automne'!G44) -> 32.04 | AQ41: =Blé_printemps!E44 -> 32.04 | AR41: =IF(Blé_printemps!G44="",'Intermédiaire_Prod-Résultats'!AQ41,Blé_printemps!G44) -> 32.04 | AT41: =Seigle!E44 -> 63.57 | AU41: =IF(Seigle!G44="",'Intermédiaire_Prod-Résultats'!AT41,Seigle!G44) -> 63.57 | AW41: =Seigle_hybride!E44 -> 63.57 | AX41: =IF(Seigle_hybride!G44="",'Intermédiaire_Prod-Résultats'!AW41,Seigle_hybride!G44) -> 63.57 | AZ41: ='Maïs-grain'!E44+Saisies!B67 -> 47.46 | BA41: =IF('Maïs-grain'!G44="",'Intermédiaire_Prod-Résultats'!AZ41,'Maïs-grain'!G44)+Saisies!C67 -> 47.46 | BC41: =Soya!E44 -> 30.53 | BD41: =IF(Soya!G44="",'Intermédiaire_Prod-Résultats'!BC41,Soya!G44) -> 30.53 | BF41: =Orge!E44 -> 40.28 | BG41: =IF(Orge!G44="",'Intermédiaire_Prod-Résultats'!BF41,Orge!G44) -> 40.28 | BI41: =Avoine!E44 -> 32.12 | BJ41: =IF(Avoine!G44="",'Intermédiaire_Prod-Résultats'!BI41,Avoine!G44) -> 32.12 | BL41: ='Blé_d''automne'!E44 -> 32.04 | BM41: =IF('Blé_d''automne'!G44="",'Intermédiaire_Prod-Résultats'!BL41,'Blé_d''automne'!G44) -> 32.04 | BO41: =Blé_printemps!E44 -> 32.04 | BP41: =IF(Blé_printemps!G44="",'Intermédiaire_Prod-Résultats'!BO41,Blé_printemps!G44) -> 32.04 | BR41: =Seigle!E44 -> 63.57 | BS41: =IF(Seigle!G44="",'Intermédiaire_Prod-Résultats'!BR41,Seigle!G44) -> 63.57 | BU41: =Seigle_hybride!E44 -> 63.57 | BV41: =IF(Seigle_hybride!G44="",'Intermédiaire_Prod-Résultats'!BU41,Seigle_hybride!G44) -> 63.57
B42: Sous-total | D42: =SUM(D37:D41) -> 247.61 | E42: =SUM(E37:E41) -> 247.61 | G42: =SUM(G37:G41) -> 182.34 | H42: =SUM(H37:H41) -> 182.34 | J42: =SUM(J37:J41) -> 179.12 | K42: =SUM(K37:K41) -> 179.12 | M42: =SUM(M37:M41) -> 169.77 | N42: =SUM(N37:N41) -> 169.77 | P42: =SUM(P37:P41) -> 126.65 | Q42: =SUM(Q37:Q41) -> 126.65 | S42: =SUM(S37:S41) -> 126.65 | T42: =SUM(T37:T41) -> 126.65 | V42: =SUM(V37:V41) -> 74.3 | W42: =SUM(W37:W41) -> 74.3 | Y42: =SUM(Y37:Y41) -> 74.3 | Z42: =SUM(Z37:Z41) -> 74.3 | AB42: =SUM(AB37:AB41) -> 247.61 | AC42: =SUM(AC37:AC41) -> 247.61 | AE42: =SUM(AE37:AE41) -> 182.34 | AF42: =SUM(AF37:AF41) -> 182.34 | AH42: =SUM(AH37:AH41) -> 179.12 | AI42: =SUM(AI37:AI41) -> 179.12 | AK42: =SUM(AK37:AK41) -> 169.77 | AL42: =SUM(AL37:AL41) -> 169.77 | AN42: =SUM(AN37:AN41) -> 126.65 | AO42: =SUM(AO37:AO41) -> 126.65 | AQ42: =SUM(AQ37:AQ41) -> 126.65 | AR42: =SUM(AR37:AR41) -> 126.65 | AT42: =SUM(AT37:AT41) -> 74.3 | AU42: =SUM(AU37:AU41) -> 74.3 | AW42: =SUM(AW37:AW41) -> 74.3 | AX42: =SUM(AX37:AX41) -> 74.3 | AZ42: =SUM(AZ37:AZ41) -> 247.61 | BA42: =SUM(BA37:BA41) -> 247.61 | BC42: =SUM(BC37:BC41) -> 182.34 | BD42: =SUM(BD37:BD41) -> 182.34 | BF42: =SUM(BF37:BF41) -> 179.12 | BG42: =SUM(BG37:BG41) -> 179.12 | BI42: =SUM(BI37:BI41) -> 169.77 | BJ42: =SUM(BJ37:BJ41) -> 169.77 | BL42: =SUM(BL37:BL41) -> 126.65 | BM42: =SUM(BM37:BM41) -> 126.65 | BO42: =SUM(BO37:BO41) -> 126.65 | BP42: =SUM(BP37:BP41) -> 126.65 | BR42: =SUM(BR37:BR41) -> 74.3 | BS42: =SUM(BS37:BS41) -> 74.3 | BU42: =SUM(BU37:BU41) -> 74.3 | BV42: =SUM(BV37:BV41) -> 74.3
A44: MARGE BÉNÉFICIAIRE APRÈS FRAIS MONÉTAIRES (MARGE MONÉTAIRE) | D44: =D34-D42 -> 1901.5806 | E44: =E34-E42 -> 1901.5806 | G44: =G34-G42 -> 1429.1224 | H44: =H34-H42 -> 1429.1224 | J44: =J34-J42 -> 120.0764 | K44: =K34-K42 -> 120.0764 | M44: =M34-M42 -> 59.5515 | N44: =N34-N42 -> 59.5515 | P44: =P34-P42 -> 867.5871 | Q44: =Q34-Q42 -> 867.5871 | S44: =S34-S42 -> 506.0784 | T44: =T34-T42 -> 506.0784 | V44: =V34-V42 -> 481.2401 | W44: =W34-W42 -> 481.2401 | Y44: =Y34-Y42 -> 1114.099 | Z44: =Z34-Z42 -> 1114.099 | AB44: =AB34-AB42 -> 2171.8792 | AC44: =AC34-AC42 -> 2171.8792 | AE44: =AE34-AE42 -> 1546.2576 | AF44: =AF34-AF42 -> 1546.2576 | AH44: =AH34-AH42 -> 172.11025 | AI44: =AI34-AI42 -> 172.11025 | AK44: =AK34-AK42 -> 99.90467 | AL44: =AL34-AL42 -> 99.90467 | AN44: =AN34-AN42 -> 953.8634 | AO44: =AO34-AO42 -> 953.8634 | AQ44: =AQ34-AQ42 -> 574.05653 | AR44: =AR34-AR42 -> 574.05653 | AT44: =AT34-AT42 -> 529.1231 | AU44: =AU34-AU42 -> 529.1231 | AW44: =AW34-AW42 -> 1196.742 | AX44: =AX34-AX42 -> 1196.742 | AZ44: =AZ34-AZ42 -> 2442.1778 | BA44: =BA34-BA42 -> 2442.1778 | BC44: =BC34-BC42 -> 1663.3928 | BD44: =BD34-BD42 -> 1663.3928 | BF44: =BF34-BF42 -> 224.1441 | BG44: =BG34-BG42 -> 224.1441 | BI44: =BI34-BI42 -> 140.25784 | BJ44: =BJ34-BJ42 -> 140.25784 | BL44: =BL34-BL42 -> 1040.1397 | BM44: =BM34-BM42 -> 1040.1397 | BO44: =BO34-BO42 -> 642.03466 | BP44: =BP34-BP42 -> 642.03466 | BR44: =BR34-BR42 -> 577.0061 | BS44: =BS34-BS42 -> 577.0061 | BU44: =BU34-BU42 -> 1279.385 | BV44: =BV34-BV42 -> 1279.385
A46: Amortissements | D46: ='Maïs-grain'!E50 -> 257.36 | E46: =IF('Maïs-grain'!G50="",'Intermédiaire_Prod-Résultats'!D46,'Maïs-grain'!G50) -> 257.36 | G46: =Soya!E50 -> 176.77 | H46: =IF(Soya!G50="",'Intermédiaire_Prod-Résultats'!G46,Soya!G50) -> 176.77 | J46: =Orge!E50 -> 258.38 | K46: =IF(Orge!G50="",'Intermédiaire_Prod-Résultats'!J46,Orge!G50) -> 258.38 | M46: =Avoine!E50 -> 187.49 | N46: =IF(Avoine!G50="",'Intermédiaire_Prod-Résultats'!M46,Avoine!G50) -> 187.49 | P46: ='Blé_d''automne'!E50 -> 150.86 | Q46: =IF('Blé_d''automne'!G50="",'Intermédiaire_Prod-Résultats'!P46,'Blé_d''automne'!G50) -> 150.86 | S46: =Blé_printemps!E50 -> 150.86 | T46: =IF(Blé_printemps!G50="",'Intermédiaire_Prod-Résultats'!S46,Blé_printemps!G50) -> 150.86 | V46: =Seigle!E50 -> 165.93 | W46: =IF(Seigle!G50="",'Intermédiaire_Prod-Résultats'!V46,Seigle!G50) -> 165.93 | Y46: =Seigle_hybride!E50 -> 165.93 | Z46: =IF(Seigle_hybride!G50="",'Intermédiaire_Prod-Résultats'!Y46,Seigle_hybride!G50) -> 165.93 | AB46: ='Maïs-grain'!E50 -> 257.36 | AC46: =IF('Maïs-grain'!G50="",'Intermédiaire_Prod-Résultats'!AB46,'Maïs-grain'!G50) -> 257.36 | AE46: =Soya!E50 -> 176.77 | AF46: =IF(Soya!G50="",'Intermédiaire_Prod-Résultats'!AE46,Soya!G50) -> 176.77 | AH46: =Orge!E50 -> 258.38 | AI46: =IF(Orge!G50="",'Intermédiaire_Prod-Résultats'!AH46,Orge!G50) -> 258.38 | AK46: =Avoine!E50 -> 187.49 | AL46: =IF(Avoine!G50="",'Intermédiaire_Prod-Résultats'!AK46,Avoine!G50) -> 187.49 | AN46: ='Blé_d''automne'!E50 -> 150.86 | AO46: =IF('Blé_d''automne'!G50="",'Intermédiaire_Prod-Résultats'!AN46,'Blé_d''automne'!G50) -> 150.86 | AQ46: =Blé_printemps!E50 -> 150.86 | AR46: =IF(Blé_printemps!G50="",'Intermédiaire_Prod-Résultats'!AQ46,Blé_printemps!G50) -> 150.86 | AT46: =Seigle!E50 -> 165.93 | AU46: =IF(Seigle!G50="",'Intermédiaire_Prod-Résultats'!AT46,Seigle!G50) -> 165.93 | AW46: =Seigle_hybride!E50 -> 165.93 | AX46: =IF(Seigle_hybride!G50="",'Intermédiaire_Prod-Résultats'!AW46,Seigle_hybride!G50) -> 165.93 | AZ46: ='Maïs-grain'!E50 -> 257.36 | BA46: =IF('Maïs-grain'!G50="",'Intermédiaire_Prod-Résultats'!AZ46,'Maïs-grain'!G50) -> 257.36 | BC46: =Soya!E50 -> 176.77 | BD46: =IF(Soya!G50="",'Intermédiaire_Prod-Résultats'!BC46,Soya!G50) -> 176.77 | BF46: =Orge!E50 -> 258.38 | BG46: =IF(Orge!G50="",'Intermédiaire_Prod-Résultats'!BF46,Orge!G50) -> 258.38 | BI46: =Avoine!E50 -> 187.49 | BJ46: =IF(Avoine!G50="",'Intermédiaire_Prod-Résultats'!BI46,Avoine!G50) -> 187.49 | BL46: ='Blé_d''automne'!E50 -> 150.86 | BM46: =IF('Blé_d''automne'!G50="",'Intermédiaire_Prod-Résultats'!BL46,'Blé_d''automne'!G50) -> 150.86 | BO46: =Blé_printemps!E50 -> 150.86 | BP46: =IF(Blé_printemps!G50="",'Intermédiaire_Prod-Résultats'!BO46,Blé_printemps!G50) -> 150.86 | BR46: =Seigle!E50 -> 165.93 | BS46: =IF(Seigle!G50="",'Intermédiaire_Prod-Résultats'!BR46,Seigle!G50) -> 165.93 | BU46: =Seigle_hybride!E50 -> 165.93 | BV46: =IF(Seigle_hybride!G50="",'Intermédiaire_Prod-Résultats'!BU46,Seigle_hybride!G50) -> 165.93
A47: Rénumération du travail de l'exploitant | D47: ='Maïs-grain'!E51 -> 171.29 | E47: =IF('Maïs-grain'!G51="",'Intermédiaire_Prod-Résultats'!D47,'Maïs-grain'!G51) -> 171.29 | G47: =Soya!E51 -> 165.51 | H47: =IF(Soya!G51="",'Intermédiaire_Prod-Résultats'!G47,Soya!G51) -> 165.51 | J47: =Orge!E51 -> 183.08 | K47: =IF(Orge!G51="",'Intermédiaire_Prod-Résultats'!J47,Orge!G51) -> 183.08 | M47: =Avoine!E51 -> 148.4 | N47: =IF(Avoine!G51="",'Intermédiaire_Prod-Résultats'!M47,Avoine!G51) -> 148.4 | P47: ='Blé_d''automne'!E51 -> 132.33 | Q47: =IF('Blé_d''automne'!G51="",'Intermédiaire_Prod-Résultats'!P47,'Blé_d''automne'!G51) -> 132.33 | S47: =Blé_printemps!E51 -> 132.33 | T47: =IF(Blé_printemps!G51="",'Intermédiaire_Prod-Résultats'!S47,Blé_printemps!G51) -> 132.33 | V47: =Seigle!E51 -> 178.96 | W47: =IF(Seigle!G51="",'Intermédiaire_Prod-Résultats'!V47,Seigle!G51) -> 178.96 | Y47: =Seigle_hybride!E51 -> 178.96 | Z47: =IF(Seigle_hybride!G51="",'Intermédiaire_Prod-Résultats'!Y47,Seigle_hybride!G51) -> 178.96 | AB47: ='Maïs-grain'!E51 -> 171.29 | AC47: =IF('Maïs-grain'!G51="",'Intermédiaire_Prod-Résultats'!AB47,'Maïs-grain'!G51) -> 171.29 | AE47: =Soya!E51 -> 165.51 | AF47: =IF(Soya!G51="",'Intermédiaire_Prod-Résultats'!AE47,Soya!G51) -> 165.51 | AH47: =Orge!E51 -> 183.08 | AI47: =IF(Orge!G51="",'Intermédiaire_Prod-Résultats'!AH47,Orge!G51) -> 183.08 | AK47: =Avoine!E51 -> 148.4 | AL47: =IF(Avoine!G51="",'Intermédiaire_Prod-Résultats'!AK47,Avoine!G51) -> 148.4 | AN47: ='Blé_d''automne'!E51 -> 132.33 | AO47: =IF('Blé_d''automne'!G51="",'Intermédiaire_Prod-Résultats'!AN47,'Blé_d''automne'!G51) -> 132.33 | AQ47: =Blé_printemps!E51 -> 132.33 | AR47: =IF(Blé_printemps!G51="",'Intermédiaire_Prod-Résultats'!AQ47,Blé_printemps!G51) -> 132.33 | AT47: =Seigle!E51 -> 178.96 | AU47: =IF(Seigle!G51="",'Intermédiaire_Prod-Résultats'!AT47,Seigle!G51) -> 178.96 | AW47: =Seigle_hybride!E51 -> 178.96 | AX47: =IF(Seigle_hybride!G51="",'Intermédiaire_Prod-Résultats'!AW47,Seigle_hybride!G51) -> 178.96 | AZ47: ='Maïs-grain'!E51 -> 171.29 | BA47: =IF('Maïs-grain'!G51="",'Intermédiaire_Prod-Résultats'!AZ47,'Maïs-grain'!G51) -> 171.29 | BC47: =Soya!E51 -> 165.51 | BD47: =IF(Soya!G51="",'Intermédiaire_Prod-Résultats'!BC47,Soya!G51) -> 165.51 | BF47: =Orge!E51 -> 183.08 | BG47: =IF(Orge!G51="",'Intermédiaire_Prod-Résultats'!BF47,Orge!G51) -> 183.08 | BI47: =Avoine!E51 -> 148.4 | BJ47: =IF(Avoine!G51="",'Intermédiaire_Prod-Résultats'!BI47,Avoine!G51) -> 148.4 | BL47: ='Blé_d''automne'!E51 -> 132.33 | BM47: =IF('Blé_d''automne'!G51="",'Intermédiaire_Prod-Résultats'!BL47,'Blé_d''automne'!G51) -> 132.33 | BO47: =Blé_printemps!E51 -> 132.33 | BP47: =IF(Blé_printemps!G51="",'Intermédiaire_Prod-Résultats'!BO47,Blé_printemps!G51) -> 132.33 | BR47: =Seigle!E51 -> 178.96 | BS47: =IF(Seigle!G51="",'Intermédiaire_Prod-Résultats'!BR47,Seigle!G51) -> 178.96 | BU47: =Seigle_hybride!E51 -> 178.96 | BV47: =IF(Seigle_hybride!G51="",'Intermédiaire_Prod-Résultats'!BU47,Seigle_hybride!G51) -> 178.96
A48: Rénumération de l'avoir du propriétaire | D48: ='Maïs-grain'!E52 -> 149.86 | E48: =IF('Maïs-grain'!G52="",'Intermédiaire_Prod-Résultats'!D48,'Maïs-grain'!G52) -> 149.86 | G48: =Soya!E52 -> 114.21 | H48: =IF(Soya!G52="",'Intermédiaire_Prod-Résultats'!G48,Soya!G52) -> 114.21 | J48: =Orge!E52 -> 30.61 | K48: =IF(Orge!G52="",'Intermédiaire_Prod-Résultats'!J48,Orge!G52) -> 30.61 | M48: =Avoine!E52 -> 47.27 | N48: =IF(Avoine!G52="",'Intermédiaire_Prod-Résultats'!M48,Avoine!G52) -> 47.27 | P48: ='Blé_d''automne'!E52 -> 9.57 | Q48: =IF('Blé_d''automne'!G52="",'Intermédiaire_Prod-Résultats'!P48,'Blé_d''automne'!G52) -> 9.57 | S48: =Blé_printemps!E52 -> 9.57 | T48: =IF(Blé_printemps!G52="",'Intermédiaire_Prod-Résultats'!S48,Blé_printemps!G52) -> 9.57 | V48: =Seigle!E52 -> 29.26 | W48: =IF(Seigle!G52="",'Intermédiaire_Prod-Résultats'!V48,Seigle!G52) -> 29.26 | Y48: =Seigle_hybride!E52 -> 29.26 | Z48: =IF(Seigle_hybride!G52="",'Intermédiaire_Prod-Résultats'!Y48,Seigle_hybride!G52) -> 29.26 | AB48: ='Maïs-grain'!E52 -> 149.86 | AC48: =IF('Maïs-grain'!G52="",'Intermédiaire_Prod-Résultats'!AB48,'Maïs-grain'!G52) -> 149.86 | AE48: =Soya!E52 -> 114.21 | AF48: =IF(Soya!G52="",'Intermédiaire_Prod-Résultats'!AE48,Soya!G52) -> 114.21 | AH48: =Orge!E52 -> 30.61 | AI48: =IF(Orge!G52="",'Intermédiaire_Prod-Résultats'!AH48,Orge!G52) -> 30.61 | AK48: =Avoine!E52 -> 47.27 | AL48: =IF(Avoine!G52="",'Intermédiaire_Prod-Résultats'!AK48,Avoine!G52) -> 47.27 | AN48: ='Blé_d''automne'!E52 -> 9.57 | AO48: =IF('Blé_d''automne'!G52="",'Intermédiaire_Prod-Résultats'!AN48,'Blé_d''automne'!G52) -> 9.57 | AQ48: =Blé_printemps!E52 -> 9.57 | AR48: =IF(Blé_printemps!G52="",'Intermédiaire_Prod-Résultats'!AQ48,Blé_printemps!G52) -> 9.57 | AT48: =Seigle!E52 -> 29.26 | AU48: =IF(Seigle!G52="",'Intermédiaire_Prod-Résultats'!AT48,Seigle!G52) -> 29.26 | AW48: =Seigle_hybride!E52 -> 29.26 | AX48: =IF(Seigle_hybride!G52="",'Intermédiaire_Prod-Résultats'!AW48,Seigle_hybride!G52) -> 29.26 | AZ48: ='Maïs-grain'!E52 -> 149.86 | BA48: =IF('Maïs-grain'!G52="",'Intermédiaire_Prod-Résultats'!AZ48,'Maïs-grain'!G52) -> 149.86 | BC48: =Soya!E52 -> 114.21 | BD48: =IF(Soya!G52="",'Intermédiaire_Prod-Résultats'!BC48,Soya!G52) -> 114.21 | BF48: =Orge!E52 -> 30.61 | BG48: =IF(Orge!G52="",'Intermédiaire_Prod-Résultats'!BF48,Orge!G52) -> 30.61 | BI48: =Avoine!E52 -> 47.27 | BJ48: =IF(Avoine!G52="",'Intermédiaire_Prod-Résultats'!BI48,Avoine!G52) -> 47.27 | BL48: ='Blé_d''automne'!E52 -> 9.57 | BM48: =IF('Blé_d''automne'!G52="",'Intermédiaire_Prod-Résultats'!BL48,'Blé_d''automne'!G52) -> 9.57 | BO48: =Blé_printemps!E52 -> 9.57 | BP48: =IF(Blé_printemps!G52="",'Intermédiaire_Prod-Résultats'!BO48,Blé_printemps!G52) -> 9.57 | BR48: =Seigle!E52 -> 29.26 | BS48: =IF(Seigle!G52="",'Intermédiaire_Prod-Résultats'!BR48,Seigle!G52) -> 29.26 | BU48: =Seigle_hybride!E52 -> 29.26 | BV48: =IF(Seigle_hybride!G52="",'Intermédiaire_Prod-Résultats'!BU48,Seigle_hybride!G52) -> 29.26
B49: Sous-total | D49: =SUM(D46:D48) -> 578.51 | E49: =SUM(E46:E48) -> 578.51 | G49: =SUM(G46:G48) -> 456.49 | H49: =SUM(H46:H48) -> 456.49 | J49: =SUM(J46:J48) -> 472.07 | K49: =SUM(K46:K48) -> 472.07 | M49: =SUM(M46:M48) -> 383.16 | N49: =SUM(N46:N48) -> 383.16 | P49: =SUM(P46:P48) -> 292.76 | Q49: =SUM(Q46:Q48) -> 292.76 | S49: =SUM(S46:S48) -> 292.76 | T49: =SUM(T46:T48) -> 292.76 | V49: =SUM(V46:V48) -> 374.15 | W49: =SUM(W46:W48) -> 374.15 | Y49: =SUM(Y46:Y48) -> 374.15 | Z49: =SUM(Z46:Z48) -> 374.15 | AB49: =SUM(AB46:AB48) -> 578.51 | AC49: =SUM(AC46:AC48) -> 578.51 | AE49: =SUM(AE46:AE48) -> 456.49 | AF49: =SUM(AF46:AF48) -> 456.49 | AH49: =SUM(AH46:AH48) -> 472.07 | AI49: =SUM(AI46:AI48) -> 472.07 | AK49: =SUM(AK46:AK48) -> 383.16 | AL49: =SUM(AL46:AL48) -> 383.16 | AN49: =SUM(AN46:AN48) -> 292.76 | AO49: =SUM(AO46:AO48) -> 292.76 | AQ49: =SUM(AQ46:AQ48) -> 292.76 | AR49: =SUM(AR46:AR48) -> 292.76 | AT49: =SUM(AT46:AT48) -> 374.15 | AU49: =SUM(AU46:AU48) -> 374.15 | AW49: =SUM(AW46:AW48) -> 374.15 | AX49: =SUM(AX46:AX48) -> 374.15 | AZ49: =SUM(AZ46:AZ48) -> 578.51 | BA49: =SUM(BA46:BA48) -> 578.51 | BC49: =SUM(BC46:BC48) -> 456.49 | BD49: =SUM(BD46:BD48) -> 456.49 | BF49: =SUM(BF46:BF48) -> 472.07 | BG49: =SUM(BG46:BG48) -> 472.07 | BI49: =SUM(BI46:BI48) -> 383.16 | BJ49: =SUM(BJ46:BJ48) -> 383.16 | BL49: =SUM(BL46:BL48) -> 292.76 | BM49: =SUM(BM46:BM48) -> 292.76 | BO49: =SUM(BO46:BO48) -> 292.76 | BP49: =SUM(BP46:BP48) -> 292.76 | BR49: =SUM(BR46:BR48) -> 374.15 | BS49: =SUM(BS46:BS48) -> 374.15 | BU49: =SUM(BU46:BU48) -> 374.15 | BV49: =SUM(BV46:BV48) -> 374.15
A51: MARGE BÉNÉFICIAIRE APRÈS LES AMORTISSEMENTS ET LES RÉMUNÉRATIONS DU TRAVAIL ET DE L'AVOIR (MARGE NETTE) | D51: =D44-D49 -> 1323.0706 | E51: =E44-E49 -> 1323.0706 | G51: =G44-G49 -> 972.63244 | H51: =H44-H49 -> 972.63244 | J51: =J44-J49 -> -351.9936 | K51: =K44-K49 -> -351.9936 | M51: =M44-M49 -> -323.6085 | N51: =N44-N49 -> -323.6085 | P51: =P44-P49 -> 574.8271 | Q51: =Q44-Q49 -> 574.8271 | S51: =S44-S49 -> 213.3184 | T51: =T44-T49 -> 213.3184 | V51: =V44-V49 -> 107.0901 | W51: =W44-W49 -> 107.0901 | Y51: =Y44-Y49 -> 739.949 | Z51: =Z44-Z49 -> 739.949 | AB51: =AB44-AB49 -> 1593.3692 | AC51: =AC44-AC49 -> 1593.3692 | AE51: =AE44-AE49 -> 1089.7676 | AF51: =AF44-AF49 -> 1089.7676 | AH51: =AH44-AH49 -> -299.95975 | AI51: =AI44-AI49 -> -299.95975 | AK51: =AK44-AK49 -> -283.25533 | AL51: =AL44-AL49 -> -283.25533 | AN51: =AN44-AN49 -> 661.1034 | AO51: =AO44-AO49 -> 661.1034 | AQ51: =AQ44-AQ49 -> 281.29653 | AR51: =AR44-AR49 -> 281.29653 | AT51: =AT44-AT49 -> 154.9731 | AU51: =AU44-AU49 -> 154.9731 | AW51: =AW44-AW49 -> 822.592 | AX51: =AX44-AX49 -> 822.592 | AZ51: =AZ44-AZ49 -> 1863.6678 | BA51: =BA44-BA49 -> 1863.6678 | BC51: =BC44-BC49 -> 1206.9028 | BD51: =BD44-BD49 -> 1206.9028 | BF51: =BF44-BF49 -> -247.9259 | BG51: =BG44-BG49 -> -247.9259 | BI51: =BI44-BI49 -> -242.90216 | BJ51: =BJ44-BJ49 -> -242.90216 | BL51: =BL44-BL49 -> 747.3797 | BM51: =BM44-BM49 -> 747.3797 | BO51: =BO44-BO49 -> 349.27466 | BP51: =BP44-BP49 -> 349.27466 | BR51: =BR44-BR49 -> 202.8561 | BS51: =BS44-BS49 -> 202.8561 | BU51: =BU44-BU49 -> 905.235 | BV51: =BV44-BV49 -> 905.235

Sheet Résultats détaillés
A1: RÉSULTATS DU MODÈLE | N1: Résultats de votre ferme
A2: Marge bénéficiaire après coûts variables (marge variable) | N2: Marge bénéficiaire après coûts variables (marge variable)
B3: Cycle 1 | E3: Cycle 2 | H3: Cycle 3 | O3: Cycle 1 | R3: Cycle 2 | U3: Cycle 3
A4: ROTATIONS | B4: An 1 | C4: An 2 | D4: An 3 | E4: An 4 | F4: An 5 | G4: An 6 | H4: An 7 | I4: An 8 | J4: An 9 | K4: An 10 | L4: Moyenne annuelle | N4: ROTATIONS | O4: An 1 | P4: An 2 | Q4: An 3 | R4: An 4 | S4: An 5 | T4: An 6 | U4: An 7 | V4: An 8 | W4: An 9 | X4: An 10 | Y4: Moyenne annuelle
A5: MG-SOYA | B5: ='Intermédiaire_Prod-Résultats'!$D34 -> 2149.1906 | C5: ='Intermédiaire_Prod-Résultats'!$G34 -> 1611.4624 | D5: =B5 -> 2149.1906 | E5: =C5 -> 1611.4624 | F5: =D5 -> 2149.1906 | G5: =E5 -> 1611.4624 | H5: =B5 -> 2149.1906 | I5: =C5 -> 1611.4624 | J5: - | K5: - | L5: =AVERAGE(B5:J5) -> 1880.3265 | N5: =A5 -> MG-SOYA | O5: ='Intermédiaire_Prod-Résultats'!$E34 -> 2149.1906 | P5: ='Intermédiaire_Prod-Résultats'!$H34 -> 1611.4624 | Q5: =O5 -> 2149.1906 | R5: =P5 -> 1611.4624 | S5: =Q5 -> 2149.1906 | T5: =R5 -> 1611.4624 | U5: =O5 -> 2149.1906 | V5: =P5 -> 1611.4624 | W5: - | X5: - | Y5: =AVERAGE(O5:W5) -> 1880.3265
A6: MG-SOYA-BLÉ D'AUTOMNE PANIFIABLE | B6: ='Intermédiaire_Prod-Résultats'!$D34 -> 2149.1906 | C6: ='Intermédiaire_Prod-Résultats'!$G34 -> 1611.4624 | D6: ='Intermédiaire_Prod-Résultats'!$P34 -> 994.2371 | E6: ='Intermédiaire_Prod-Résultats'!$AB34 -> 2419.4892 | F6: ='Intermédiaire_Prod-Résultats'!$AE34 -> 1728.5976 | G6: ='Intermédiaire_Prod-Résultats'!$AN34 -> 1080.5134 | H6: ='Intermédiaire_Prod-Résultats'!$AZ34 -> 2689.7878 | I6: ='Intermédiaire_Prod-Résultats'!$BC34 -> 1845.7328 | J6: ='Intermédiaire_Prod-Résultats'!$BL34 -> 1166.7897 | K6: - | L6: =AVERAGE(B6:J6) -> 1742.8667 | N6: =A6 -> MG-SOYA-BLÉ D'AUTOMNE PANIFIABLE | O6: ='Intermédiaire_Prod-Résultats'!$E34 -> 2149.1906 | P6: ='Intermédiaire_Prod-Résultats'!$H34 -> 1611.4624 | Q6: ='Intermédiaire_Prod-Résultats'!$Q34 -> 994.2371 | R6: ='Intermédiaire_Prod-Résultats'!$AC34 -> 2419.4892 | S6: ='Intermédiaire_Prod-Résultats'!$AF34 -> 1728.5976 | T6: ='Intermédiaire_Prod-Résultats'!$AO34 -> 1080.5134 | U6: ='Intermédiaire_Prod-Résultats'!$BA34 -> 2689.7878 | V6: ='Intermédiaire_Prod-Résultats'!$BD34 -> 1845.7328 | W6: ='Intermédiaire_Prod-Résultats'!$BM34 -> 1166.7897 | X6: - | Y6: =AVERAGE(O6:W6) -> 1742.8667
A7: MG-SOYA-BLÉ DE PRINTEMPS PANIFIABLE | B7: ='Intermédiaire_Prod-Résultats'!$D34 -> 2149.1906 | C7: ='Intermédiaire_Prod-Résultats'!$G34 -> 1611.4624 | D7: ='Intermédiaire_Prod-Résultats'!$S34 -> 632.7284 | E7: ='Intermédiaire_Prod-Résultats'!$AB34 -> 2419.4892 | F7: ='Intermédiaire_Prod-Résultats'!$AE34 -> 1728.5976 | G7: ='Intermédiaire_Prod-Résultats'!$AQ34 -> 700.70653 | H7: ='Intermédiaire_Prod-Résultats'!$AZ34 -> 2689.7878 | I7: ='Intermédiaire_Prod-Résultats'!$BC34 -> 1845.7328 | J7: ='Intermédiaire_Prod-Résultats'!$BO34 -> 768.68466 | K7: - | L7: =AVERAGE(B7:J7) -> 1616.2644 | N7: =A7 -> MG-SOYA-BLÉ DE PRINTEMPS PANIFIABLE | O7: ='Intermédiaire_Prod-Résultats'!$E34 -> 2149.1906 | P7: ='Intermédiaire_Prod-Résultats'!$H34 -> 1611.4624 | Q7: ='Intermédiaire_Prod-Résultats'!$T34 -> 632.7284 | R7: ='Intermédiaire_Prod-Résultats'!$AC34 -> 2419.4892 | S7: ='Intermédiaire_Prod-Résultats'!$AF34 -> 1728.5976 | T7: ='Intermédiaire_Prod-Résultats'!$AR34 -> 700.70653 | U7: ='Intermédiaire_Prod-Résultats'!$BA34 -> 2689.7878 | V7: ='Intermédiaire_Prod-Résultats'!$BD34 -> 1845.7328 | W7: ='Intermédiaire_Prod-Résultats'!$BP34 -> 768.68466 | X7: - | Y7: =AVERAGE(O7:W7) -> 1616.2644
A8: MG-SOYA-ORGE | B8: ='Intermédiaire_Prod-Résultats'!D34 -> 2149.1906 | C8: ='Intermédiaire_Prod-Résultats'!G34 -> 1611.4624 | D8: ='Intermédiaire_Prod-Résultats'!J34 -> 299.1964 | E8: ='Intermédiaire_Prod-Résultats'!AB34 -> 2419.4892 | F8: ='Intermédiaire_Prod-Résultats'!AE34 -> 1728.5976 | G8: ='Intermédiaire_Prod-Résultats'!AH34 -> 351.23025 | H8: ='Intermédiaire_Prod-Résultats'!AZ34 -> 2689.7878 | I8: ='Intermédiaire_Prod-Résultats'!BC34 -> 1845.7328 | J8: ='Intermédiaire_Prod-Résultats'!BF34 -> 403.2641 | K8: - | L8: =AVERAGE(B8:J8) -> 1499.7724 | N8: =A8 -> MG-SOYA-ORGE | O8: ='Intermédiaire_Prod-Résultats'!E34 -> 2149.1906 | P8: ='Intermédiaire_Prod-Résultats'!H34 -> 1611.4624 | Q8: ='Intermédiaire_Prod-Résultats'!K34 -> 299.1964 | R8: ='Intermédiaire_Prod-Résultats'!AC34 -> 2419.4892 | S8: ='Intermédiaire_Prod-Résultats'!AF34 -> 1728.5976 | T8: ='Intermédiaire_Prod-Résultats'!AI34 -> 351.23025 | U8: ='Intermédiaire_Prod-Résultats'!BA34 -> 2689.7878 | V8: ='Intermédiaire_Prod-Résultats'!BD34 -> 1845.7328 | W8: ='Intermédiaire_Prod-Résultats'!BG34 -> 403.2641 | X8: - | Y8: =AVERAGE(O8:W8) -> 1499.7724
A9: MG-SOYA-AVOINE | B9: ='Intermédiaire_Prod-Résultats'!D34 -> 2149.1906 | C9: ='Intermédiaire_Prod-Résultats'!G34 -> 1611.4624 | D9: ='Intermédiaire_Prod-Résultats'!M34 -> 229.3215 | E9: ='Intermédiaire_Prod-Résultats'!AB34 -> 2419.4892 | F9: ='Intermédiaire_Prod-Résultats'!AE34 -> 1728.5976 | G9: ='Intermédiaire_Prod-Résultats'!AK34 -> 269.67467 | H9: ='Intermédiaire_Prod-Résultats'!AZ34 -> 2689.7878 | I9: ='Intermédiaire_Prod-Résultats'!BC34 -> 1845.7328 | J9: ='Intermédiaire_Prod-Résultats'!BI34 -> 310.02784 | K9: - | L9: =AVERAGE(B9:J9) -> 1472.5872 | N9: =A9 -> MG-SOYA-AVOINE | O9: ='Intermédiaire_Prod-Résultats'!E34 -> 2149.1906 | P9: ='Intermédiaire_Prod-Résultats'!H34 -> 1611.4624 | Q9: ='Intermédiaire_Prod-Résultats'!N34 -> 229.3215 | R9: ='Intermédiaire_Prod-Résultats'!AC34 -> 2419.4892 | S9: ='Intermédiaire_Prod-Résultats'!AF34 -> 1728.5976 | T9: ='Intermédiaire_Prod-Résultats'!AL34 -> 269.67467 | U9: ='Intermédiaire_Prod-Résultats'!BA34 -> 2689.7878 | V9: ='Intermédiaire_Prod-Résultats'!BD34 -> 1845.7328 | W9: ='Intermédiaire_Prod-Résultats'!BJ34 -> 310.02784 | X9: - | Y9: =AVERAGE(O9:W9) -> 1472.5872
A10: MG-SOYA-SEIGLE | B10: ='Intermédiaire_Prod-Résultats'!D34 -> 2149.1906 | C10: ='Intermédiaire_Prod-Résultats'!G34 -> 1611.4624 | D10: ='Intermédiaire_Prod-Résultats'!V34 -> 555.5401 | E10: ='Intermédiaire_Prod-Résultats'!AB34 -> 2419.4892 | F10: ='Intermédiaire_Prod-Résultats'!AE34 -> 1728.5976 | G10: ='Intermédiaire_Prod-Résultats'!AT34 -> 603.4231 | H10: ='Intermédiaire_Prod-Résultats'!AZ34 -> 2689.7878 | I10: ='Intermédiaire_Prod-Résultats'!BC34 -> 1845.7328 | J10: ='Intermédiaire_Prod-Résultats'!BR34 -> 651.3061 | K10: - | L10: =AVERAGE(B10:J10) -> 1583.8366 | N10: =A10 -> MG-SOYA-SEIGLE | O10: ='Intermédiaire_Prod-Résultats'!E34 -> 2149.1906 | P10: ='Intermédiaire_Prod-Résultats'!H34 -> 1611.4624 | Q10: ='Intermédiaire_Prod-Résultats'!W34 -> 555.5401 | R10: ='Intermédiaire_Prod-Résultats'!AC34 -> 2419.4892 | S10: ='Intermédiaire_Prod-Résultats'!AF34 -> 1728.5976 | T10: ='Intermédiaire_Prod-Résultats'!AU34 -> 603.4231 | U10: ='Intermédiaire_Prod-Résultats'!BA34 -> 2689.7878 | V10: ='Intermédiaire_Prod-Résultats'!BD34 -> 1845.7328 | W10: ='Intermédiaire_Prod-Résultats'!BS34 -> 651.3061 | X10: - | Y10: =AVERAGE(O10:W10) -> 1583.8366
A11: MG-SOYA-SEIGLE HYBRIDE D'AUTOMNE | B11: ='Intermédiaire_Prod-Résultats'!D34 -> 2149.1906 | C11: ='Intermédiaire_Prod-Résultats'!G34 -> 1611.4624 | D11: ='Intermédiaire_Prod-Résultats'!Y34 -> 1188.399 | E11: ='Intermédiaire_Prod-Résultats'!AB34 -> 2419.4892 | F11: ='Intermédiaire_Prod-Résultats'!AE34 -> 1728.5976 | G11: ='Intermédiaire_Prod-Résultats'!AW34 -> 1271.042 | H11: ='Intermédiaire_Prod-Résultats'!AZ34 -> 2689.7878 | I11: ='Intermédiaire_Prod-Résultats'!BC34 -> 1845.7328 | J11: ='Intermédiaire_Prod-Résultats'!BU34 -> 1353.685 | K11: - | L11: =AVERAGE(B11:J11) -> 1806.3763 | N11: =A11 -> MG-SOYA-SEIGLE HYBRIDE D'AUTOMNE | O11: ='Intermédiaire_Prod-Résultats'!E34 -> 2149.1906 | P11: ='Intermédiaire_Prod-Résultats'!H34 -> 1611.4624 | Q11: ='Intermédiaire_Prod-Résultats'!Z34 -> 1188.399 | R11: ='Intermédiaire_Prod-Résultats'!AC34 -> 2419.4892 | S11: ='Intermédiaire_Prod-Résultats'!AF34 -> 1728.5976 | T11: ='Intermédiaire_Prod-Résultats'!AX34 -> 1271.042 | U11: ='Intermédiaire_Prod-Résultats'!BA34 -> 2689.7878 | V11: ='Intermédiaire_Prod-Résultats'!BD34 -> 1845.7328 | W11: ='Intermédiaire_Prod-Résultats'!BV34 -> 1353.685 | X11: - | Y11: =AVERAGE(O11:W11) -> 1806.3763
A14: Résultats du modèle | N14: Résultats de votre ferme
A15: Marge bénéficiaire après frais monétaire (marge monétaire) | N15: Marge bénéficiaire après frais monétaire (marge monétaire)
B16: Cycle 1 | E16: Cycle 2 | H16: Cycle 3 | O16: Cycle 1 | R16: Cycle 2 | U16: Cycle 3
A17: ROTATIONS | B17: An 1 | C17: An 2 | D17: An 3 | E17: An 4 | F17: An 5 | G17: An 6 | H17: An 7 | I17: An 8 | J17: An 9 | K17: An 10 | L17: Moyenne annuelle | N17: ROTATIONS | O17: An 1 | P17: An 2 | Q17: An 3 | R17: An 4 | S17: An 5 | T17: An 6 | U17: An 7 | V17: An 8 | W17: An 9 | X17: An 10 | Y17: Moyenne annuelle
